Workbook

Sheet PF 
C3: Zona | D3: Local | E3: Nº indicadores
C4: Configuración unidad | E4: =COUNTIF(Configuración!C2:C25,C4) -> 13
F5: =E4 -> 13
A6: 1 | C6: Circulación | D6: Pasillo | E6: =COUNTIF(Circulación!D2:D14,D6) -> 13
F7: =E6 -> 13
A8: =A6+1 -> 2 | C8: Acceso | D8: Entrada y vestíbulo | E8: =COUNTIF(Acceso!$D$2:$D$44,D8) -> 4
A9: =A8+1 -> 3 | D9: Recepción | E9: =COUNTIF(Acceso!$D$2:$D$44,D9) -> 2
A10: =A9+1 -> 4 | D10: Estar de familiares | E10: =COUNTIF(Acceso!$D$2:$D$44,D10) -> 8
A11: =A10+1 -> 5 | D11: Vestuario familiares | E11: =COUNTIF(Acceso!$D$2:$D$44,D11) -> 3
A12: =A11+1 -> 6 | D12: Aseo público | E12: =COUNTIF(Acceso!$D$2:$D$44,D12) -> 7
A13: =A12+1 -> 7 | D13: Despacho información | E13: =COUNTIF(Acceso!$D$2:$D$44,D13) -> 5
A14: =A13+1 -> 8 | D14: Consulta | E14: =COUNTIF(Acceso!$D$2:$D$44,D14) -> 7
A15: =A14+1 -> 9 | D15: Lactancia y alimentación | E15: =COUNTIF(Acceso!$D$2:$D$44,D15) -> 7
F16: =SUM(E8:E15) -> 43
A17: =A15+1 -> 10 | C17: Familiares | D17: Zona de recepción de familiares | E17: =COUNTIF(Familiares!$D$2:$D$34,'PF '!D17) -> 1
A18: =A17+1 -> 11 | D18: Despacho información | E18: =COUNTIF(Familiares!$D$2:$D$34,'PF '!D18) -> 5
A19: =A18+1 -> 12 | D19: Estar y refrigerio | E19: =COUNTIF(Familiares!$D$2:$D$34,'PF '!D19) -> 9
A20: =A19+1 -> 13 | D20: Espacio para hermanos/as | E20: =COUNTIF(Familiares!$D$2:$D$34,'PF '!D20) -> 3
A21: =A20+1 -> 14 | D21: Aseo familiares | E21: =COUNTIF(Familiares!$D$2:$D$34,'PF '!D21) -> 6
A22: =A21+1 -> 15 | D22: Habitación familiares | E22: =COUNTIF(Familiares!$D$2:$D$34,'PF '!D22) -> 6
A23: =A22+1 -> 16 | D23: Sala de duelo | E23: =COUNTIF(Familiares!$D$2:$D$34,'PF '!D23) -> 3
F24: =SUM(E17:E23) -> 33
A25: =A23+1 -> 17 | C25: Clínica | D25: Control enfermería | E25: =COUNTIF(Clínica!D2:D145,D25) -> 8
A26: =A25+1 -> 18 | D26: Oficio limpio | E26: =COUNTIF(Clínica!$D$5:$D$145,D26) -> 10
A27: =A26+1 -> 19 | D27: Box individual de cuidados intensivos | E27: =COUNTIF(Clínica!$D$5:$D$145,D27) -> 10
A28: =A27+1 -> 20 | D28: Sala múltiple de cuidados intensivos | E28: =COUNTIF(Clínica!$D$5:$D$145,D28) -> 35
A29: =A28+1 -> 21 | D29: Sala múltiple de cuidados intermedios | E29: =COUNTIF(Clínica!$D$5:$D$145,D29) -> 33
A30: =A29+1 -> 22 | D30: Sala múltiple de cuidados básicos | E30: =COUNTIF(Clínica!$D$5:$D$145,D30) -> 28
A31: =A30+1 -> 23 | D31: Sala de tratamientos | E31: =COUNTIF(Clínica!$D$5:$D$145,D31) -> 5
A32: =A31+1 -> 24 | D32: Sala de transferencia del neonato | E32: =COUNTIF(Clínica!$D$5:$D$145,D32) -> 5
A33: =A32+1 -> 25 | D33: Sala de extracción de leche materna | E33: =COUNTIF(Clínica!$D$5:$D$145,D33) -> 6
A34: =A33+1 -> 26 | D34: Preparación de biberones y cocina dietética | E34: =COUNTIF(Clínica!$D$5:$D$145,D34) -> 4
F35: =SUM(E25:E34) -> 144
A36: =A34+1 -> 27 | C36: Personal | D36: Despacho supervisión enfermería | E36: =COUNTIF(Personal!$D$2:$D$37,D36) -> 4
A37: =A36+1 -> 28 | D37: Despacho supervisión médico | E37: =COUNTIF(Personal!$D$2:$D$37,D37) -> 4
A38: =A37+1 -> 29 | D38: Sala de trabajo médico | E38: =COUNTIF(Personal!$D$2:$D$37,D38) -> 4
A39: =A38+1 -> 30 | D39: Sala polivalente | E39: =COUNTIF(Personal!$D$2:$D$37,D39) -> 3
A40: =A39+1 -> 31 | D40: Estar de personal | E40: =COUNTIF(Personal!$D$2:$D$37,D40) -> 7
A41: =A40+1 -> 32 | D41: Aseo de personal | E41: =COUNTIF(Personal!$D$2:$D$37,D41) -> 5
A42: =A41+1 -> 33 | D42: Vestuario | E42: =COUNTIF(Personal!$D$2:$D$37,D42) -> 3
A43: =A42+1 -> 34 | D43: Dormitorio médico/a de guardia | E43: =COUNTIF(Personal!$D$2:$D$37,D43) -> 6
F44: =SUM(E36:E43) -> 36
A45: =A43+1 -> 35 | C45: Apoyos | D45: Vestíbulo interno | E45: =COUNTIF(Apoyos!$D$2:$D$26,D45) -> 2
A46: =A45+1 -> 36 | D46: Oficio sucio | E46: =COUNTIF(Apoyos!$D$2:$D$26,D46) -> 6
A47: =A46+1 -> 37 | D47: Oficio de limpieza | E47: =COUNTIF(Apoyos!$D$2:$D$26,D47) -> 4
A48: =A47+1 -> 38 | D48: Recogida ropa sucia | E48: =COUNTIF(Apoyos!$D$2:$D$26,D48) -> 2
A49: =A48+1 -> 39 | D49: Almacén de lencería | E49: =COUNTIF(Apoyos!$D$2:$D$26,D49) -> 3
A50: =A49+1 -> 40 | D50: Almacén de material | E50: =COUNTIF(Apoyos!$D$2:$D$26,D50) -> 4
A51: =A50+1 -> 41 | D51: Almacén de equipos | E51: =COUNTIF(Apoyos!$D$2:$D$26,D51) -> 3
A52: =A51+1 -> 42 | D52: Local de instalaciones | E52: =COUNTIF(Apoyos!$D$2:$D$26,D52) -> 1
F53: =SUM(E45:E52) -> 25
F54: =SUM(F4:F53) -> 307

Sheet Configuración
A1: Nº | C1: ZONA | D1: LOCAL | E1: ELEMENTO | F1: Coste | G1: ÍTEM | H1: S | I1: E | J1: X | K1: P | L1: REFERENCIA | M1: Tipo evi | N1: Ptos | O1: HUPF | P1: Comentarios HUPF
A2: 1 | C2: Configuración unidad | E2: Distribución | F2: =IF(E2="Distribución",5,IF(E2="instalación",4,IF(E2="equipamiento",3,IF(E2="suelo",3,IF(E2="hueco",4,IF(E2="techo",2,IF(E2="puerta",2,IF(E2="pared",2,IF(E2="mobiliario",1,IF(E2="señalética",1,IF(E2="arte",1,0))))))))))) -> 5 | G2: No sirve de tráfico de paso hacia otra unidad. | H2: 1 | I2: 1 | J2: 1 | K2: 1 | L2: Unidades de neonatología, in Estándares y recomendaciones de calidad, e.e.i. Informes, Editor. 2014, Ministerio de Sanidad, Servicios Sociales e Igualdad. | M2: B | N2: =IF(M2="B",1,IF(M2="A",10,0)) -> 1 | O2: sí
A3: =A2+1 -> 2 | C3: Configuración unidad | E3: Distribución | F3: =IF(E3="Distribución",5,IF(E3="instalación",4,IF(E3="equipamiento",3,IF(E3="suelo",3,IF(E3="hueco",4,IF(E3="techo",2,IF(E3="puerta",2,IF(E3="pared",2,IF(E3="mobiliario",1,IF(E3="señalética",1,IF(E3="arte",1,0))))))))))) -> 5 | G3: Claramente delimitada dentro del hospital. | H3: 1 | I3: 1 | J3: 1 | K3: 1 | L3: Unidades de neonatología, in Estándares y recomendaciones de calidad, e.e.i. Informes, Editor. 2014, Ministerio de Sanidad, Servicios Sociales e Igualdad. | M3: B | N3: =IF(M3="B",1,IF(M3="A",10,0)) -> 1 | O3: sí
A4: =A3+1 -> 3 | C4: Configuración unidad | E4: Distribución | F4: =IF(E4="Distribución",5,IF(E4="instalación",4,IF(E4="equipamiento",3,IF(E4="suelo",3,IF(E4="hueco",4,IF(E4="techo",2,IF(E4="puerta",2,IF(E4="pared",2,IF(E4="mobiliario",1,IF(E4="señalética",1,IF(E4="arte",1,0))))))))))) -> 5 | G4: No está situada bajo rasante. Dispone de al menos dos sectores de un máximo de 1.500 m² construidos. Para las plantas o recintos que disponen de más de una salida de planta o salida de recinto, la longitud de los recorridos de evacuación desde su origen hasta llegar a algún punto desde el cual existan al menos dos recorridos alternativos no excede de 15 metros. Dispone de dos salidas/accesos diferenciados por razón de evacuación de los ocupantes de la unidad. | H4: 1 | I4: 0 | J4: 0 | K4: 1 | L4: Unidades de neonatología, in Estándares y recomendaciones de calidad, e.e.i. Informes, Editor. 2014, Ministerio de Sanidad, Servicios Sociales e Igualdad. | M4: B | N4: =IF(M4="B",1,IF(M4="A",10,0)) -> 1 | O4: n.a. | P4: Ítem posterior a la evaluación.
A5: =A4+1 -> 4 | C5: Configuración unidad | E5: Distribución | F5: =IF(E5="Distribución",5,IF(E5="instalación",4,IF(E5="equipamiento",3,IF(E5="suelo",3,IF(E5="hueco",4,IF(E5="techo",2,IF(E5="puerta",2,IF(E5="pared",2,IF(E5="mobiliario",1,IF(E5="señalética",1,IF(E5="arte",1,0))))))))))) -> 5 | G5: Localizada dentro del área materno-infantil del hospital (próxima al bloque obstétrico y a la hospitalización obstétrica). Las tres unidades se encuentran en la misma planta para que el traslado urgente de pacientes, en caso necesario, se realice con rapidez e independiente de medios mecánicos. | H5: 1 | I5: 1 | J5: 0 | K5: 0 | L5: Unidades de neonatología, in Estándares y recomendaciones de calidad, e.e.i. Informes, Editor. 2014, Ministerio de Sanidad, Servicios Sociales e Igualdad. 2. Blanco Bravo, D., Niveles asistenciales y recomendaciones de mínimos para la atención neonatal. An Pediatr (Barc), 2003. Comité de Estándares y Junta Directiva de la Sociedad Española de Neonatología. | M5: A | N5: =IF(M5="B",1,IF(M5="A",10,0)) -> 10 | O5: sí
A6: =A5+1 -> 5 | C6: Configuración unidad | E6: Distribución | F6: =IF(E6="Distribución",5,IF(E6="instalación",4,IF(E6="equipamiento",3,IF(E6="suelo",3,IF(E6="hueco",4,IF(E6="techo",2,IF(E6="puerta",2,IF(E6="pared",2,IF(E6="mobiliario",1,IF(E6="señalética",1,IF(E6="arte",1,0))))))))))) -> 5 | G6: Ubicación próxima al bloque quirúrgico de pediatría/cirugía neonatal, unidad de medicina fetal (seguimiento de embarazos de alto riesgo), unidad de pediatría y urgencias. | H6: 1 | I6: 1 | J6: 0 | K6: 0 | L6: Unidades de neonatología, in Estándares y recomendaciones de calidad, e.e.i. Informes, Editor. 2014, Ministerio de Sanidad, Servicios Sociales e Igualdad. 2. Blanco Bravo, D., Niveles asistenciales y recomendaciones de mínimos para la atención neonatal. An Pediatr (Barc), 2003. Comité de Estándares y Junta Directiva de la Sociedad Española de Neonatología. | M6: A | N6: =IF(M6="B",1,IF(M6="A",10,0)) -> 10 | O6: sí
A7: =A6+1 -> 6 | C7: Configuración unidad | E7: Distribución | F7: =IF(E7="Distribución",5,IF(E7="instalación",4,IF(E7="equipamiento",3,IF(E7="suelo",3,IF(E7="hueco",4,IF(E7="techo",2,IF(E7="puerta",2,IF(E7="pared",2,IF(E7="mobiliario",1,IF(E7="señalética",1,IF(E7="arte",1,0))))))))))) -> 5 | G7: Conectada con la circulación externa o pública y con la circulación interna (personal, pacientes ingresados, suministros y servicios). Existen dos tipos de accesos a la unidad: uno externo para visitas de familiares y acompañantes y otro interno para pacientes encamados, personal, suministros y servicios de soporte. | H7: 1 | I7: 1 | J7: 1 | K7: 0 | L7: Unidades de neonatología, in Estándares y recomendaciones de calidad, e.e.i. Informes, Editor. 2014, Ministerio de Sanidad, Servicios Sociales e Igualdad. | M7: B | N7: =IF(M7="B",1,IF(M7="A",10,0)) -> 1 | O7: sí
A8: =A7+1 -> 7 | C8: Configuración unidad | E8: Distribución | F8: =IF(E8="Distribución",5,IF(E8="instalación",4,IF(E8="equipamiento",3,IF(E8="suelo",3,IF(E8="hueco",4,IF(E8="techo",2,IF(E8="puerta",2,IF(E8="pared",2,IF(E8="mobiliario",1,IF(E8="señalética",1,IF(E8="arte",1,0))))))))))) -> 5 | G8: La zona clínica de atención a los neonatos es la zona central de la unidad (en términos funcionales y físicos) y está comunicada con el resto de las zonas de la misma. | H8: 0 | I8: 1 | J8: 0 | K8: 0 | L8: Unidades de neonatología, in Estándares y recomendaciones de calidad, e.e.i. Informes, Editor. 2014, Ministerio de Sanidad, Servicios Sociales e Igualdad. | M8: B | N8: =IF(M8="B",1,IF(M8="A",10,0)) -> 1 | O8: sí
A9: =A8+1 -> 8 | C9: Configuración unidad | E9: Distribución | F9: =IF(E9="Distribución",5,IF(E9="instalación",4,IF(E9="equipamiento",3,IF(E9="suelo",3,IF(E9="hueco",4,IF(E9="techo",2,IF(E9="puerta",2,IF(E9="pared",2,IF(E9="mobiliario",1,IF(E9="señalética",1,IF(E9="arte",1,0))))))))))) -> 5 | G9: Las proporciones de los locales son similares al cuadrado o a un rectángulo de 1:1,5. | H9: 0 | I9: 1 | J9: 0 | K9: 0 | L9: Unidades de neonatología, in Estándares y recomendaciones de calidad, e.e.i. Informes, Editor. 2014, Ministerio de Sanidad, Servicios Sociales e Igualdad. | M9: B | N9: =IF(M9="B",1,IF(M9="A",10,0)) -> 1 | O9: sí
A10: =A9+1 -> 9 | C10: Configuración unidad | E10: Distribución | F10: =IF(E10="Distribución",5,IF(E10="instalación",4,IF(E10="equipamiento",3,IF(E10="suelo",3,IF(E10="hueco",4,IF(E10="techo",2,IF(E10="puerta",2,IF(E10="pared",2,IF(E10="mobiliario",1,IF(E10="señalética",1,IF(E10="arte",1,0))))))))))) -> 5 | G10: Existen espacios verdes en la unidad como invernaderos o atrios con vegetación. Existen zonas verdes exteriores relacionadas con la unidad y de fácil acceso desde la misma. | H10: 0 | I10: 1 | J10: 1 | K10: 0 | L10: Advanced, C.C.o.R.D.S.f. and N. Care, Recommended Standards for Newborn ICU Design. 2007: p. 40. | M10: B | N10: =IF(M10="B",1,IF(M10="A",10,0)) -> 1 | O10: no | P10: No cumple.
A11: =A10+1 -> 10 | C11: Configuración unidad | E11: Instalación | F11: =IF(E11="Distribución",5,IF(E11="instalación",4,IF(E11="equipamiento",3,IF(E11="suelo",3,IF(E11="hueco",4,IF(E11="techo",2,IF(E11="puerta",2,IF(E11="pared",2,IF(E11="mobiliario",1,IF(E11="señalética",1,IF(E11="arte",1,0))))))))))) -> 4 | G11: Si la unidad de neonatología, obstétrica y maternidad no se ubican en el mismo nivel, existen como mínimo dos ascensores exclusivos para el traslado urgente de pacientes. Estos ascensores tienen una dimensión de cabina aproximada de 2,7 m x 2,1 m y una puerta de 1,8 m de ancho y 2,1 m de altura. Capacidad suficiente para el adecuado transporte del neonato, tres profesionales sanitarios y los equipos vitales necesarios. | H11: 1 | I11: 1 | J11: 0 | K11: 0 | L11: Unidades de neonatología, in Estándares y recomendaciones de calidad, e.e.i. Informes, Editor. 2014, Ministerio de Sanidad, Servicios Sociales e Igualdad. | M11: B | N11: =IF(M11="B",1,IF(M11="A",10,0)) -> 1 | O11: n.a.
A12: =A11+1 -> 11 | C12: Configuración unidad | E12: Señalética | F12: =IF(E12="Distribución",5,IF(E12="instalación",4,IF(E12="equipamiento",3,IF(E12="suelo",3,IF(E12="hueco",4,IF(E12="techo",2,IF(E12="puerta",2,IF(E12="pared",2,IF(E12="mobiliario",1,IF(E12="señalética",1,IF(E12="arte",1,0))))))))))) -> 1 | G12: Su ubicación es estratégica para facilitar la orientación en puntos de intersección de la unidad. Existe consistencia entre las señales de la unidad y su diseño es apropiado. Se acompañan con flechas que facilitan la orientación en el edificio. Su color contrasta con el de las superficies adyacentes. | H12: 0 | I12: 1 | J12: 1 | K12: 0 | L12: 1. HBN 08-02-1 Dementia-friendly Health and Social Care Environments. 2015, Department of Health UK 2. Wayfinding: Effective wayfinding and signing systems Guidance for healthcare facilities 2nd edition. 2005, NHS Estates. | M12: B | N12: =IF(M12="B",1,IF(M12="A",10,0)) -> 1 | O12: sí
A13: =A12+1 -> 12 | C13: Configuración unidad | E13: Señalética | F13: =IF(E13="Distribución",5,IF(E13="instalación",4,IF(E13="equipamiento",3,IF(E13="suelo",3,IF(E13="hueco",4,IF(E13="techo",2,IF(E13="puerta",2,IF(E13="pared",2,IF(E13="mobiliario",1,IF(E13="señalética",1,IF(E13="arte",1,0))))))))))) -> 1 | G13: La tipografía es sencilla y clara, el tamaño de la fuente es suficientemente grande y se utilizan mayúsculas y minúsculas. El lenguaje utilizado es fácilmente entendible, no se utilizan abreviaturas y los idiomas utilizados son los adecuados para el hospital. La señalética está actualizada y en buen estado de mantenimiento. | H13: 0 | I13: 1 | J13: 1 | K13: 1 | L13: 1. HBN 08-02-1 Dementia-friendly Health and Social Care Environments. 2015, Department of Health UK 2. Wayfinding: Effective wayfinding and signing systems Guidance for healthcare facilities 2nd edition. 2005, NHS Estates. | M13: B | N13: =IF(M13="B",1,IF(M13="A",10,0)) -> 1 | O13: no | P13: Hay señales que son cartelitos de papel.
A14: =A13+1 -> 13 | C14: Configuración unidad | E14: Arte | F14: =IF(E14="Distribución",5,IF(E14="instalación",4,IF(E14="equipamiento",3,IF(E14="suelo",3,IF(E14="hueco",4,IF(E14="techo",2,IF(E14="puerta",2,IF(E14="pared",2,IF(E14="mobiliario",1,IF(E14="señalética",1,IF(E14="arte",1,0))))))))))) -> 1 | G14: Existen espacios habilitados para la exposición de arte. Se muestran piezas de arte que producen emociones positivas con motivos naturales, locales o de interés para las personas usuarias del espacio. Se colocan en puntos estratégicos para favorecer la orientación en la unidad como zonas muy visibles, con iluminación adecuada y su color contrasta con el del fondo. | H14: 0 | I14: 1 | J14: 1 | K14: 0 | L14: HBN 08-02-1 Dementia-friendly Health and Social Care Environments. 2015, Department of Health UK. | M14: B | N14: =IF(M14="B",1,IF(M14="A",10,0)) -> 1 | O14: no | P14: No cumple.
H15: =SUM(H8:H14) -> 1 | I15: =SUM(I8:I14) -> 7 | J15: =SUM(J8:J14) -> 4 | K15: =SUM(K8:K14) -> 1 | M15: Errores | N15: =COUNTIF(N8:N14,0) -> 0
N17: sí | O17: =SUMIF($O$2:$O$14,$N17,$N$2:$N$14) -> 26
N18: no | O18: =SUMIF($O$2:$O$14,$N18,$N$2:$N$14) -> 3
N19: n.a. | O19: =SUMIF($O$2:$O$14,$N19,$N$2:$N$14) -> 1
N20: Nota | O20: =O17/(O17+O18) -> 0.89655172

Sheet Circulación
A1: Nº | C1: ZONA | D1: LOCAL | E1: ELEMENTO | F1: Coste | G1: ÍTEM | H1: S | I1: E | J1: X | K1: P | L1: REFERENCIA | M1: Tipo evi | N1: Ptos | O1: HUPF | P1: Comentarios HUPF
A2: 1 | C2: Circulación | D2: Pasillo | E2: Distribución | F2: =IF(E2="Distribución",5,IF(E2="instalación",4,IF(E2="equipamiento",3,IF(E2="suelo",3,IF(E2="hueco",4,IF(E2="techo",2,IF(E2="puerta",2,IF(E2="pared",2,IF(E2="mobiliario",1,IF(E2="señalética",1,IF(E2="arte",1,0))))))))))) -> 5 | G2: El ancho mínimo del pasillo interior es de 2,2m. | H2: 1 | I2: 1 | J2: 0 | K2: 1 | L2: Unidades de neonatología, in Estándares y recomendaciones de calidad, e.e.i. Informes, Editor. 2014, Ministerio de Sanidad, Servicios Sociales e Igualdad. | M2: B | N2: =IF(M2="B",1,IF(M2="A",10,0)) -> 1 | O2: sí
A3: =A2+1 -> 2 | C3: Circulación | D3: Pasillo | E3: Distribución | F3: =IF(E3="Distribución",5,IF(E3="instalación",4,IF(E3="equipamiento",3,IF(E3="suelo",3,IF(E3="hueco",4,IF(E3="techo",2,IF(E3="puerta",2,IF(E3="pared",2,IF(E3="mobiliario",1,IF(E3="señalética",1,IF(E3="arte",1,0))))))))))) -> 5 | G3: Las paredes carecen de elementos salientes que no arranquen del suelo, que vuelen más de 15 cm en la zona de altura comprendida entre 15 cm y 2,20 m medida a partir del suelo y que presenten riesgo de impacto. Los elementos volados cuya altura sea menor que 2 m, tales como mesetas o tramos de escalera, de rampas, etc., disponen de elementos fijos que restrinjan el acceso hasta ellos y permitirán su detección por los bastones de personas con discapacidad visual. | H3: 1 | I3: 1 | J3: 0 | K3: 0 | L3: Ministerio de Fomento Secretaría de Estado de Infraestructuras, T.y.V.D.G.d.A., Vivienda y Suelo, Seguridad de utilización y accesibilidad SUA, in Documento Básico. 2015. | M3: B | N3: =IF(M3="B",1,IF(M3="A",10,0)) -> 1 | O3: sí
A4: =A3+1 -> 3 | C4: Circulación | D4: Pasillo | E4: Instalación | F4: =IF(E4="Distribución",5,IF(E4="instalación",4,IF(E4="equipamiento",3,IF(E4="suelo",3,IF(E4="hueco",4,IF(E4="techo",2,IF(E4="puerta",2,IF(E4="pared",2,IF(E4="mobiliario",1,IF(E4="señalética",1,IF(E4="arte",1,0))))))))))) -> 4 | G4: Ventilado mecánicamente. | H4: 0 | I4: 0 | J4: 0 | K4: 1 | L4: Reglamento de instalaciones térmicas en los edificios (RITE), BOE-A-2007-15820, Editor. 2007, Ministerio de la Presidencia. | M4: B | N4: =IF(M4="B",1,IF(M4="A",10,0)) -> 1 | O4: sí
A5: =A4+1 -> 4 | C5: Circulación | D5: Pasillo | E5: Instalación | F5: =IF(E5="Distribución",5,IF(E5="instalación",4,IF(E5="equipamiento",3,IF(E5="suelo",3,IF(E5="hueco",4,IF(E5="techo",2,IF(E5="puerta",2,IF(E5="pared",2,IF(E5="mobiliario",1,IF(E5="señalética",1,IF(E5="arte",1,0))))))))))) -> 4 | G5: La temperatura en la unidad oscila entre los 22º y 26 ºC. | H5: 1 | I5: 1 | J5: 0 | K5: 0 | L5: Unidades de neonatología, in Estándares y recomendaciones de calidad, e.e.i. Informes, Editor. 2014, Ministerio de Sanidad, Servicios Sociales e Igualdad. | M5: B | N5: =IF(M5="B",1,IF(M5="A",10,0)) -> 1 | O5: sí
A6: =A5+1 -> 5 | C6: Circulación | D6: Pasillo | E6: Suelo | F6: =IF(E6="Distribución",5,IF(E6="instalación",4,IF(E6="equipamiento",3,IF(E6="suelo",3,IF(E6="hueco",4,IF(E6="techo",2,IF(E6="puerta",2,IF(E6="pared",2,IF(E6="mobiliario",1,IF(E6="señalética",1,IF(E6="arte",1,0))))))))))) -> 3 | G6: El suelo es continuo, las juntas están selladas y no hay cambios de nivel. | H6: 1 | I6: 1 | J6: 0 | K6: 1 | L6: Autores CURARQ | M6: B | N6: =IF(M6="B",1,IF(M6="A",10,0)) -> 1 | O6: sí
A7: =A6+1 -> 6 | C7: Circulación | D7: Pasillo | E7: Suelo | F7: =IF(E7="Distribución",5,IF(E7="instalación",4,IF(E7="equipamiento",3,IF(E7="suelo",3,IF(E7="hueco",4,IF(E7="techo",2,IF(E7="puerta",2,IF(E7="pared",2,IF(E7="mobiliario",1,IF(E7="señalética",1,IF(E7="arte",1,0))))))))))) -> 3 | G7: Resistente a un uso intensivo. Liso, fácil de limpiar y sin apariencia clínica. | H7: 0 | I7: 0 | J7: 1 | K7: 1 | L7: Unidad de cuidados intensivos, in Estándares y recomendaciones, e.e.i. Informes, Editor. 2010, Ministerio de Sanidad y Política Social. | M7: B | N7: =IF(M7="B",1,IF(M7="A",10,0)) -> 1 | O7: sí
A8: =A7+1 -> 7 | C8: Circulación | D8: Pasillo | E8: Suelo | F8: =IF(E8="Distribución",5,IF(E8="instalación",4,IF(E8="equipamiento",3,IF(E8="suelo",3,IF(E8="hueco",4,IF(E8="techo",2,IF(E8="puerta",2,IF(E8="pared",2,IF(E8="mobiliario",1,IF(E8="señalética",1,IF(E8="arte",1,0))))))))))) -> 3 | G8: (Sin estampados o texturas que puedan provocar una sobreestimulación no deseada)¹. (No brillante y su color contrasta con el de las paredes)². | H8: 0 | I8: 0 | J8: 1 | K8: 0 | L8: 1. HBN 08-02-1 Dementia-friendly Health and Social Care Environments. 2015, Department of Health UK 2. Patient-Led Assessments of the Care Environment. The Ward Assessment - Acute and Community Hospitals, Hospices and Treatment Centres. 2015, NHS England. | M8: B | N8: =IF(M8="B",1,IF(M8="A",10,0)) -> 1 | O8: sí
A9: =A8+1 -> 8 | C9: Circulación | D9: Pasillo | E9: Techo | F9: =IF(E9="Distribución",5,IF(E9="instalación",4,IF(E9="equipamiento",3,IF(E9="suelo",3,IF(E9="hueco",4,IF(E9="techo",2,IF(E9="puerta",2,IF(E9="pared",2,IF(E9="mobiliario",1,IF(E9="señalética",1,IF(E9="arte",1,0))))))))))) -> 2 | G9: (Sin iluminación artificial directa y uniforme ya que puede crear un efecto estroboscópico. Se utiliza luz difusa y reflejada)¹. (El falso techo se encuentra en buen estado)². | H9: 0 | I9: 0 | J9: 1 | K9: 1 | L9: 1. Friendly healthcare environments for children and young people. 2004, NHS Estates. 2. Patient-Led Assessments of the Care Environment. The Ward Assessment - Acute and Community Hospitals, Hospices and Treatment Centres. 2015, NHS England. | M9: B | N9: =IF(M9="B",1,IF(M9="A",10,0)) -> 1 | O9: no | P9: Fluorescentes con difusor para posición vertical (tipo oficina antigua).
A10: =A9+1 -> 9 | C10: Circulación | D10: Pasillo | E10: Pared | F10: =IF(E10="Distribución",5,IF(E10="instalación",4,IF(E10="equipamiento",3,IF(E10="suelo",3,IF(E10="hueco",4,IF(E10="techo",2,IF(E10="puerta",2,IF(E10="pared",2,IF(E10="mobiliario",1,IF(E10="señalética",1,IF(E10="arte",1,0))))))))))) -> 2 | G10: Las paredes se pueden lavar con agua, son durables, resistentes al impacto de carros y equipos móviles. (Las zonas más propensas al choque de carros y equipos móviles están reforzadas para resistir los impactos. Protecciones de esquinas y paredes)¹. (Las protecciones no sobresalen ni suponen un riesgo)4. (La pintura está en buen estado de conservación, sin marcas como ralladuras o arañazos ni otros desperfectos)³. | H10: 1 | I10: 0 | J10: 0 | K10: 1 | L10: 1. Unidad de enfermería en hospitalización polivalente de agudos, in Estándares y recomendaciones, e.e.i. Informes, Editor. 2009, Ministerio de Sanidad y Política Social 2. Health, N.E.a.E.A.o.t.D.o., HBN 23 Hospital accommodation for children and young people. 2004 3. Patient-Led Assessments of the Care Environment. The Ward Assessment - Acute and Community Hospitals, Hospices and Treatment Centres. 2015, NHS England. 4. Autores CURARQ | M10: B | N10: =IF(M10="B",1,IF(M10="A",10,0)) -> 1 | O10: sí
A11: =A10+1 -> 10 | C11: Circulación | D11: Pasillo | E11: Pared | F11: =IF(E11="Distribución",5,IF(E11="instalación",4,IF(E11="equipamiento",3,IF(E11="suelo",3,IF(E11="hueco",4,IF(E11="techo",2,IF(E11="puerta",2,IF(E11="pared",2,IF(E11="mobiliario",1,IF(E11="señalética",1,IF(E11="arte",1,0))))))))))) -> 2 | G11: El blanco es el color base de la unidad. Sin estampados que provoquen una sobreestimulación no deseada. No brillante y con alto contraste. Su color contrasta con el del suelo. | H11: 0 | I11: 0 | J11: 1 | K11: 0 | L11: HBN 08-02-1 Dementia-friendly Health and Social Care Environments. 2015, Department of Health UK. | M11: B | N11: =IF(M11="B",1,IF(M11="A",10,0)) -> 1 | O11: sí
A12: =A11+1 -> 11 | C12: Circulación | D12: Pasillo | E12: Pared | F12: =IF(E12="Distribución",5,IF(E12="instalación",4,IF(E12="equipamiento",3,IF(E12="suelo",3,IF(E12="hueco",4,IF(E12="techo",2,IF(E12="puerta",2,IF(E12="pared",2,IF(E12="mobiliario",1,IF(E12="señalética",1,IF(E12="arte",1,0))))))))))) -> 2 | G12: Pasamanos a ambos lados. Su color contrasta con el de la pared. | H12: 1 | I12: 0 | J12: 0 | K12: 0 | L12: HBN 08-02-1 Dementia-friendly Health and Social Care Environments. 2015, Department of Health UK. | M12: B | N12: =IF(M12="B",1,IF(M12="A",10,0)) -> 1 | O12: no | P12: No hay pasamanos.
A13: =A12+1 -> 12 | C13: Circulación | D13: Pasillo | E13: Pared | F13: =IF(E13="Distribución",5,IF(E13="instalación",4,IF(E13="equipamiento",3,IF(E13="suelo",3,IF(E13="hueco",4,IF(E13="techo",2,IF(E13="puerta",2,IF(E13="pared",2,IF(E13="mobiliario",1,IF(E13="señalética",1,IF(E13="arte",1,0))))))))))) -> 2 | G13: Con zócalo o escocia de un material resistente, fácil de limpiar y coordinado con el pavimento del suelo. | H13: 0 | I13: 0 | J13: 0 | K13: 1 | L13: Intensive therapy unit, in Health Building Note 27. 1992, NHS Estates. p. 56. | M13: B | N13: =IF(M13="B",1,IF(M13="A",10,0)) -> 1 | O13: no | P13: De unos 7 cm, debería ser más alto para proteger a la pared.
A14: =A13+1 -> 13 | C14: Circulación | D14: Pasillo | E14: Puerta | F14: =IF(E14="Distribución",5,IF(E14="instalación",4,IF(E14="equipamiento",3,IF(E14="suelo",3,IF(E14="hueco",4,IF(E14="techo",2,IF(E14="puerta",2,IF(E14="pared",2,IF(E14="mobiliario",1,IF(E14="señalética",1,IF(E14="arte",1,0))))))))))) -> 2 | G14: Las puertas de sectorización de incendios disponen de retenedores y quedan en el interior del plano de los paramentos de forma que no disminuye el ancho útil del pasillo. | H14: 1 | I14: 0 | J14: 0 | K14: 1 | L14: Unidad de enfermería en hospitalización polivalente de agudos, in Estándares y recomendaciones, e.e.i. Informes, Editor. 2009, Ministerio de Sanidad y Política Social. | M14: B | N14: =IF(M14="B",1,IF(M14="A",10,0)) -> 1 | O14: no | P14: Tienen retenedores pero no quedan en el interior del plano.
M15: Errores | N15: =COUNTIF(N2:N14,0) -> 0
E16: Errores | F16: =COUNTIF(F2:F14,0) -> 0 | H16: =SUM(H2:H14) -> 7 | I16: =SUM(I2:I14) -> 4 | J16: =SUM(J2:J14) -> 4 | K16: =SUM(K2:K14) -> 8
N17: sí | O17: =SUMIF($O$2:$O$14,$N17,$N$2:$N$14) -> 9
N18: no | O18: =SUMIF($O$2:$O$14,$N18,$N$2:$N$14) -> 4
N19: n.a. | O19: =SUMIF($O$2:$O$14,$N19,$N$2:$N$14) -> 0
N20: Nota | O20: =O17/(O17+O18) -> 0.69230769

Sheet Acceso
A1: Nº | C1: ZONA | D1: LOCAL | E1: ELEMENTO | F1: Coste | G1: ÍTEM | H1: S | I1: E | J1: X | K1: P | L1: REFERENCIA | M1: Tipo evi | N1: Ptos | O1: HUPF | P1: Comentarios HUPF
A2: 1 | C2: Acceso | D2: Entrada y vestíbulo | E2: Distribución | F2: =IF(E2="Distribución",5,IF(E2="instalación",4,IF(E2="equipamiento",3,IF(E2="suelo",3,IF(E2="hueco",4,IF(E2="techo",2,IF(E2="puerta",2,IF(E2="pared",2,IF(E2="mobiliario",1,IF(E2="señalética",1,IF(E2="arte",1,0))))))))))) -> 5 | G2: Superficie útil en torno a 20 m². | H2: 0 | I2: 0 | J2: 1 | K2: 1 | L2: Unidad de enfermería en hospitalización polivalente de agudos, in Estándares y recomendaciones, e.e.i. Informes, Editor. 2009, Ministerio de Sanidad y Política Social | M2: B | N2: =IF(M2="B",1,IF(M2="A",10,0)) -> 1 | O2: no | P2: No cumple porque es más pequeña.
A3: =A2+1 -> 2 | C3: Acceso | D3: Entrada y vestíbulo | E3: Instalación | F3: =IF(E3="Distribución",5,IF(E3="instalación",4,IF(E3="equipamiento",3,IF(E3="suelo",3,IF(E3="hueco",4,IF(E3="techo",2,IF(E3="puerta",2,IF(E3="pared",2,IF(E3="mobiliario",1,IF(E3="señalética",1,IF(E3="arte",1,0))))))))))) -> 4 | G3: Ventilado mecánicamente. | H3: 0 | I3: 0 | J3: 0 | K3: 1 | L3: Reglamento de instalaciones térmicas en los edificios (RITE), BOE-A-2007-15820, Editor. 2007, Ministerio de la Presidencia. | M3: B | N3: =IF(M3="B",1,IF(M3="A",10,0)) -> 1 | O3: sí
A4: =A3+1 -> 3 | C4: Acceso | D4: Entrada y vestíbulo | E4: Instalación | F4: =IF(E4="Distribución",5,IF(E4="instalación",4,IF(E4="equipamiento",3,IF(E4="suelo",3,IF(E4="hueco",4,IF(E4="techo",2,IF(E4="puerta",2,IF(E4="pared",2,IF(E4="mobiliario",1,IF(E4="señalética",1,IF(E4="arte",1,0))))))))))) -> 4 | G4: Sistema de control de acceso a la unidad. Medios electrónicos de vigilancia y seguridad. | H4: 0 | I4: 1 | J4: 0 | K4: 1 | L4: Unidades de neonatología, in Estándares y recomendaciones de calidad, e.e.i. Informes, Editor. 2014, Ministerio de Sanidad, Servicios Sociales e Igualdad. | M4: B | N4: =IF(M4="B",1,IF(M4="A",10,0)) -> 1 | O4: no | P4: No cumple..
A5: =A4+1 -> 4 | C5: Acceso | D5: Entrada y vestíbulo | E5: Señalética | F5: =IF(E5="Distribución",5,IF(E5="instalación",4,IF(E5="equipamiento",3,IF(E5="suelo",3,IF(E5="hueco",4,IF(E5="techo",2,IF(E5="puerta",2,IF(E5="pared",2,IF(E5="mobiliario",1,IF(E5="señalética",1,IF(E5="arte",1,0))))))))))) -> 1 | G5: Señal de dirección desde el punto de acceso a planta y señal de localización para identificar la unidad. Directorio a la salida del ascensor. | H5: 0 | I5: 1 | J5: 1 | K5: 0 | L5: Wayfinding: Effective wayfinding and signing systems Guidance for healthcare facilities 2nd edition. 2005, NHS Estates. | M5: B | N5: =IF(M5="B",1,IF(M5="A",10,0)) -> 1 | O5: no | P5: No cumple..
A6: =A5+1 -> 5 | C6: Acceso | D6: Recepción | E6: Distribución | F6: =IF(E6="Distribución",5,IF(E6="instalación",4,IF(E6="equipamiento",3,IF(E6="suelo",3,IF(E6="hueco",4,IF(E6="techo",2,IF(E6="puerta",2,IF(E6="pared",2,IF(E6="mobiliario",1,IF(E6="señalética",1,IF(E6="arte",1,0))))))))))) -> 5 | G6: Permite el control visual del acceso al vestíbulo de entrada de la unidad. | H6: 0 | I6: 1 | J6: 0 | K6: 1 | L6: Unidades de neonatología, in Estándares y recomendaciones de calidad, e.e.i. Informes, Editor. 2014, Ministerio de Sanidad, Servicios Sociales e Igualdad. | M6: B | N6: =IF(M6="B",1,IF(M6="A",10,0)) -> 1 | O6: sí
A7: =A6+1 -> 6 | C7: Acceso | D7: Recepción | E7: Equipamiento | F7: =IF(E7="Distribución",5,IF(E7="instalación",4,IF(E7="equipamiento",3,IF(E7="suelo",3,IF(E7="hueco",4,IF(E7="techo",2,IF(E7="puerta",2,IF(E7="pared",2,IF(E7="mobiliario",1,IF(E7="señalética",1,IF(E7="arte",1,0))))))))))) -> 3 | G7: (Con capacidad para una persona)¹. (Mueble mostrador y sillón ergonómico con ruedas)². | H7: 0 | I7: 1 | J7: 0 | K7: 0 | L7: 1. Unidades de neonatología, in Estándares y recomendaciones de calidad, e.e.i. Informes, Editor. 2014, Ministerio de Sanidad, Servicios Sociales e Igualdad 2.Unidad de cuidados intensivos, in Estándares y recomendaciones, e.e.i. Informes, Editor. 2010, Ministerio de Sanidad y Política Social. | M7: B | N7: =IF(M7="B",1,IF(M7="A",10,0)) -> 1 | O7: no | P7: Silla sin ruedas.
A8: =A7+1 -> 7 | C8: Acceso | D8: Estar de familiares | E8: Distribución | F8: =IF(E8="Distribución",5,IF(E8="instalación",4,IF(E8="equipamiento",3,IF(E8="suelo",3,IF(E8="hueco",4,IF(E8="techo",2,IF(E8="puerta",2,IF(E8="pared",2,IF(E8="mobiliario",1,IF(E8="señalética",1,IF(E8="arte",1,0))))))))))) -> 5 | G8: Superfície útil en torno a 30 m2. | H8: 0 | I8: 0 | J8: 1 | K8: 0 | L8: Unidad de enfermería en hospitalización polivalente de agudos, in Estándares y recomendaciones, e.e.i. Informes, Editor. 2009, Ministerio de Sanidad y Política Social. | M8: B | N8: =IF(M8="B",1,IF(M8="A",10,0)) -> 1 | O8: sí
A9: =A8+1 -> 8 | C9: Acceso | D9: Estar de familiares | E9: Distribución | F9: =IF(E9="Distribución",5,IF(E9="instalación",4,IF(E9="equipamiento",3,IF(E9="suelo",3,IF(E9="hueco",4,IF(E9="techo",2,IF(E9="puerta",2,IF(E9="pared",2,IF(E9="mobiliario",1,IF(E9="señalética",1,IF(E9="arte",1,0))))))))))) -> 5 | G9: Con acceso desde el vestíbulo de entrada a la unidad. | H9: 0 | I9: 0 | J9: 1 | K9: 0 | L9: Unidad de cuidados intensivos, in Estándares y recomendaciones, e.e.i. Informes, Editor. 2010, Ministerio de Sanidad y Política Social. | M9: B | N9: =IF(M9="B",1,IF(M9="A",10,0)) -> 1 | O9: sí | P9: Aunque hay que cruzar un pasillo.
A10: =A9+1 -> 9 | C10: Acceso | D10: Estar de familiares | E10: Hueco | F10: =IF(E10="Distribución",5,IF(E10="instalación",4,IF(E10="equipamiento",3,IF(E10="suelo",3,IF(E10="hueco",4,IF(E10="techo",2,IF(E10="puerta",2,IF(E10="pared",2,IF(E10="mobiliario",1,IF(E10="señalética",1,IF(E10="arte",1,0))))))))))) -> 4 | G10: Iluminación natural. | H10: 0 | I10: 0 | J10: 1 | K10: 0 | L10: Unidades de neonatología, in Estándares y recomendaciones de calidad, e.e.i. Informes, Editor. 2014, Ministerio de Sanidad, Servicios Sociales e Igualdad. | M10: B | N10: =IF(M10="B",1,IF(M10="A",10,0)) -> 1 | O10: no | P10: Sala interior.
A11: =A10+1 -> 10 | C11: Acceso | D11: Estar de familiares | E11: Instalación | F11: =IF(E11="Distribución",5,IF(E11="instalación",4,IF(E11="equipamiento",3,IF(E11="suelo",3,IF(E11="hueco",4,IF(E11="techo",2,IF(E11="puerta",2,IF(E11="pared",2,IF(E11="mobiliario",1,IF(E11="señalética",1,IF(E11="arte",1,0))))))))))) -> 4 | G11: Ventilado mecánicamente. | H11: 0 | I11: 0 | J11: 0 | K11: 1 | L11: Reglamento de instalaciones térmicas en los edificios (RITE), BOE-A-2007-15820, Editor. 2007, Ministerio de la Presidencia. | M11: B | N11: =IF(M11="B",1,IF(M11="A",10,0)) -> 1 | O11: sí
A12: =A11+1 -> 11 | C12: Acceso | D12: Estar de familiares | E12: Instalación | F12: =IF(E12="Distribución",5,IF(E12="instalación",4,IF(E12="equipamiento",3,IF(E12="suelo",3,IF(E12="hueco",4,IF(E12="techo",2,IF(E12="puerta",2,IF(E12="pared",2,IF(E12="mobiliario",1,IF(E12="señalética",1,IF(E12="arte",1,0))))))))))) -> 4 | G12: Tomas eléctricas y wifi. | H12: 0 | I12: 0 | J12: 1 | K12: 0 | L12: Unidades de neonatología, in Estándares y recomendaciones de calidad, e.e.i. Informes, Editor. 2014, Ministerio de Sanidad, Servicios Sociales e Igualdad. | M12: B | N12: =IF(M12="B",1,IF(M12="A",10,0)) -> 1 | O12: no | P12: No cumple.
A13: =A12+1 -> 12 | C13: Acceso | D13: Estar de familiares | E13: Equipamiento | F13: =IF(E13="Distribución",5,IF(E13="instalación",4,IF(E13="equipamiento",3,IF(E13="suelo",3,IF(E13="hueco",4,IF(E13="techo",2,IF(E13="puerta",2,IF(E13="pared",2,IF(E13="mobiliario",1,IF(E13="señalética",1,IF(E13="arte",1,0))))))))))) -> 3 | G13: (Fuente de agua fría y máquinas expendedoras de bebidas)¹ (y comida saludable)². | H13: 0 | I13: 0 | J13: 1 | K13: 0 | L13: 1. Unidades de neonatología, in Estándares y recomendaciones de calidad, e.e.i. Informes, Editor. 2014, Ministerio de Sanidad, Servicios Sociales e Igualdad. 2. Autores CURARQ | M13: B | N13: =IF(M13="B",1,IF(M13="A",10,0)) -> 1 | O13: no | P13: No cumple.
A14: =A13+1 -> 13 | C14: Acceso | D14: Estar de familiares | E14: Mobiliario | F14: =IF(E14="Distribución",5,IF(E14="instalación",4,IF(E14="equipamiento",3,IF(E14="suelo",3,IF(E14="hueco",4,IF(E14="techo",2,IF(E14="puerta",2,IF(E14="pared",2,IF(E14="mobiliario",1,IF(E14="señalética",1,IF(E14="arte",1,0))))))))))) -> 1 | G14: (Sillas sin ruedas)¹. (Los asientos se encuentran en buen estado, sin marcas, ralladuras u otros desperfectos)². (Los usuarios con sillas de ruedas se pueden integrar en la distribución de los asientos de la sala)³. (Mesas de estar, papelera y arte)¹. | H14: 0 | I14: 0 | J14: 1 | K14: 1 | L14: 1. Unidad de enfermería en hospitalización polivalente de agudos, in Estándares y recomendaciones, e.e.i. Informes, Editor. 2009, Ministerio de Sanidad y Política Social 2. Patient-Led Assessments of the Care Environment. The Ward Assessment - Acute and Community Hospitals, Hospices and Treatment Centres. 2015, NHS England 3. Lewis, A., EVOLVE: a tool for evaluating the design of older people´s housing. Housing, Care and Support, 2010. | M14: B | N14: =IF(M14="B",1,IF(M14="A",10,0)) -> 1 | O14: sí | P14: Aunque no recuerdo lo de los cuadros.
A15: =A14+1 -> 14 | C15: Acceso | D15: Estar de familiares | E15: Mobiliario | F15: =IF(E15="Distribución",5,IF(E15="instalación",4,IF(E15="equipamiento",3,IF(E15="suelo",3,IF(E15="hueco",4,IF(E15="techo",2,IF(E15="puerta",2,IF(E15="pared",2,IF(E15="mobiliario",1,IF(E15="señalética",1,IF(E15="arte",1,0))))))))))) -> 1 | G15: Espacio para niños y niñas con juegos y libros. De fácil observación por los padres. | H15: 0 | I15: 0 | J15: 1 | K15: 0 | L15: Unidades de neonatología, in Estándares y recomendaciones de calidad, e.e.i. Informes, Editor. 2014, Ministerio de Sanidad, Servicios Sociales e Igualdad. | M15: B | N15: =IF(M15="B",1,IF(M15="A",10,0)) -> 1 | O15: no | P15: No cumple.
A16: =A15+1 -> 15 | C16: Acceso | D16: Vestuario familiares | E16: Distribución | F16: =IF(E16="Distribución",5,IF(E16="instalación",4,IF(E16="equipamiento",3,IF(E16="suelo",3,IF(E16="hueco",4,IF(E16="techo",2,IF(E16="puerta",2,IF(E16="pared",2,IF(E16="mobiliario",1,IF(E16="señalética",1,IF(E16="arte",1,0))))))))))) -> 5 | G16: Funciona como esclusa de acceso de los familiares desde el exterior a la zona clínica. Mínimo de 1m² por cada 6 cunas o incubadoras. | H16: 1 | I16: 1 | J16: 0 | K16: 0 | L16: Unidades de neonatología, in Estándares y recomendaciones de calidad, e.e.i. Informes, Editor. 2014, Ministerio de Sanidad, Servicios Sociales e Igualdad. | M16: B | N16: =IF(M16="B",1,IF(M16="A",10,0)) -> 1 | O16: sí
A17: =A16+1 -> 16 | C17: Acceso | D17: Vestuario familiares | E17: Equipamiento | F17: =IF(E17="Distribución",5,IF(E17="instalación",4,IF(E17="equipamiento",3,IF(E17="suelo",3,IF(E17="hueco",4,IF(E17="techo",2,IF(E17="puerta",2,IF(E17="pared",2,IF(E17="mobiliario",1,IF(E17="señalética",1,IF(E17="arte",1,0))))))))))) -> 3 | G17: Equipado con instalación de lavado y desinfección de las manos. | H17: 1 | I17: 0 | J17: 0 | K17: 0 | L17: Unidades de neonatología, in Estándares y recomendaciones de calidad, e.e.i. Informes, Editor. 2014, Ministerio de Sanidad, Servicios Sociales e Igualdad. | M17: B | N17: =IF(M17="B",1,IF(M17="A",10,0)) -> 1 | O17: sí
A18: =A17+1 -> 17 | C18: Acceso | D18: Vestuario familiares | E18: Mobiliario | F18: =IF(E18="Distribución",5,IF(E18="instalación",4,IF(E18="equipamiento",3,IF(E18="suelo",3,IF(E18="hueco",4,IF(E18="techo",2,IF(E18="puerta",2,IF(E18="pared",2,IF(E18="mobiliario",1,IF(E18="señalética",1,IF(E18="arte",1,0))))))))))) -> 1 | G18: Con taquillas y elementos para guardar la ropa de calle de los familiares. | H18: 0 | I18: 0 | J18: 1 | K18: 0 | L18: Unidades de neonatología, in Estándares y recomendaciones de calidad, e.e.i. Informes, Editor. 2014, Ministerio de Sanidad, Servicios Sociales e Igualdad. | M18: B | N18: =IF(M18="B",1,IF(M18="A",10,0)) -> 1 | O18: no | P18: No cumple.
A19: =A18+1 -> 18 | C19: Acceso | D19: Aseo público | E19: Distribución | F19: =IF(E19="Distribución",5,IF(E19="instalación",4,IF(E19="equipamiento",3,IF(E19="suelo",3,IF(E19="hueco",4,IF(E19="techo",2,IF(E19="puerta",2,IF(E19="pared",2,IF(E19="mobiliario",1,IF(E19="señalética",1,IF(E19="arte",1,0))))))))))) -> 5 | G19: (Superficie útil en torno a 4 m² por aseo)¹. (Exclusivos para cada sexo)². (Mínimo de dos)¹. | H19: 0 | I19: 0 | J19: 1 | K19: 0 | L19: 1. Unidad de enfermería en hospitalización polivalente de agudos, in Estándares y recomendaciones, e.e.i. Informes, Editor. 2009, Ministerio de Sanidad y Política Social. 2. Patient-Led Assessments of the Care Environment. The Ward Assessment - Acute and Community Hospitals, Hospices and Treatment Centres. 2015, NHS England. | M19: B | N19: =IF(M19="B",1,IF(M19="A",10,0)) -> 1 | O19: sí
A20: =A19+1 -> 19 | C20: Acceso | D20: Aseo público | E20: Distribución | F20: =IF(E20="Distribución",5,IF(E20="instalación",4,IF(E20="equipamiento",3,IF(E20="suelo",3,IF(E20="hueco",4,IF(E20="techo",2,IF(E20="puerta",2,IF(E20="pared",2,IF(E20="mobiliario",1,IF(E20="señalética",1,IF(E20="arte",1,0))))))))))) -> 5 | G20: (Ubicado junto a la sala de estar de familiares)¹ .(Fácil de identificar desde la sala de estar o el pasillo interno)². | H20: 0 | I20: 0 | J20: 1 | K20: 0 | L20: 1. Unidad de enfermería en hospitalización polivalente de agudos, in Estándares y recomendaciones, e.e.i. Informes, Editor. 2009, Ministerio de Sanidad y Política Social. 2. HBN 08-02-1 Dementia-friendly Health and Social Care Environments. 2015, Department of Health UK. | M20: B | N20: =IF(M20="B",1,IF(M20="A",10,0)) -> 1 | O20: no | P20: No se ve desde la sala de estar.
A21: =A20+1 -> 20 | C21: Acceso | D21: Aseo público | E21: Instalación | F21: =IF(E21="Distribución",5,IF(E21="instalación",4,IF(E21="equipamiento",3,IF(E21="suelo",3,IF(E21="hueco",4,IF(E21="techo",2,IF(E21="puerta",2,IF(E21="pared",2,IF(E21="mobiliario",1,IF(E21="señalética",1,IF(E21="arte",1,0))))))))))) -> 4 | G21: Ventilado mecánicamente. | H21: 0 | I21: 0 | J21: 0 | K21: 1 | L21: Reglamento de instalaciones térmicas en los edificios (RITE), BOE-A-2007-15820, Editor. 2007, Ministerio de la Presidencia. | M21: B | N21: =IF(M21="B",1,IF(M21="A",10,0)) -> 1 | O21: sí
A22: =A21+1 -> 21 | C22: Acceso | D22: Aseo público | E22: Equipamiento | F22: =IF(E22="Distribución",5,IF(E22="instalación",4,IF(E22="equipamiento",3,IF(E22="suelo",3,IF(E22="hueco",4,IF(E22="techo",2,IF(E22="puerta",2,IF(E22="pared",2,IF(E22="mobiliario",1,IF(E22="señalética",1,IF(E22="arte",1,0))))))))))) -> 3 | G22: (Lavabo e inodoro)¹ (en buen estado de conservación)². | H22: 0 | I22: 0 | J22: 1 | K22: 1 | L22: 1. Unidad de enfermería en hospitalización polivalente de agudos, in Estándares y recomendaciones, e.e.i. Informes, Editor. 2009, Ministerio de Sanidad y Política Social. 2. Patient-Led Assessments of the Care Environment. The Ward Assessment - Acute and Community Hospitals, Hospices and Treatment Centres. 2015, NHS England. | M22: B | N22: =IF(M22="B",1,IF(M22="A",10,0)) -> 1 | O22: sí
A23: =A22+1 -> 22 | C23: Acceso | D23: Aseo público | E23: Puerta | F23: =IF(E23="Distribución",5,IF(E23="instalación",4,IF(E23="equipamiento",3,IF(E23="suelo",3,IF(E23="hueco",4,IF(E23="techo",2,IF(E23="puerta",2,IF(E23="pared",2,IF(E23="mobiliario",1,IF(E23="señalética",1,IF(E23="arte",1,0))))))))))) -> 2 | G23: Los sistemas de cierre funcionan correctamente. | H23: 0 | I23: 0 | J23: 0 | K23: 1 | L23: Patient-Led Assessments of the Care Environment. The Ward Assessment - Acute and Community Hospitals, Hospices and Treatment Centres. 2015, NHS England. | M23: B | N23: =IF(M23="B",1,IF(M23="A",10,0)) -> 1 | O23: sí
A24: =A23+1 -> 23 | C24: Acceso | D24: Aseo público | E24: Mobiliario | G24: Cambiador de pañales. | H24: 0 | I24: 0 | J24: 1 | K24: 0 | L24: Unidades de neonatología, in Estándares y recomendaciones de calidad, e.e.i. Informes, Editor. 2014, Ministerio de Sanidad, Servicios Sociales e Igualdad. | M24: B | N24: =IF(M24="B",1,IF(M24="A",10,0)) -> 1 | O24: n.a. | P24: ítem posterior a la evaluación.
A25: =A24+1 -> 24 | C25: Acceso | D25: Aseo público | E25: Mobiliario | F25: =IF(E25="Distribución",5,IF(E25="instalación",4,IF(E25="equipamiento",3,IF(E25="suelo",3,IF(E25="hueco",4,IF(E25="techo",2,IF(E25="puerta",2,IF(E25="pared",2,IF(E25="mobiliario",1,IF(E25="señalética",1,IF(E25="arte",1,0))))))))))) -> 1 | G25: Dispensador de jabón, de papel higiénico y de toallas de papel. Escobilla y papelera (preferiblemente con tapa). Espejo y percha. | H25: 0 | I25: 0 | J25: 1 | K25: 0 | L25: Unidad de enfermería en hospitalización polivalente de agudos, in Estándares y recomendaciones, e.e.i. Informes, Editor. 2009, Ministerio de Sanidad y Política Social. | M25: B | N25: =IF(M25="B",1,IF(M25="A",10,0)) -> 1 | O25: n.a. | P25: ítem posterior a la evaluación.
A26: =A25+1 -> 25 | C26: Acceso | D26: Despacho información | E26: Distribución | F26: =IF(E26="Distribución",5,IF(E26="instalación",4,IF(E26="equipamiento",3,IF(E26="suelo",3,IF(E26="hueco",4,IF(E26="techo",2,IF(E26="puerta",2,IF(E26="pared",2,IF(E26="mobiliario",1,IF(E26="señalética",1,IF(E26="arte",1,0))))))))))) -> 5 | G26: (Superficie útil en torno a 12 m²)¹. (Uno por cada 20 cunas o incubadoras y un mínimo de una)². | H26: 0 | I26: 1 | J26: 1 | K26: 0 | L26: 1. Unidad de enfermería en hospitalización polivalente de agudos, in Estándares y recomendaciones, e.e.i. Informes, Editor. 2009, Ministerio de Sanidad y Política Social. 2. Unidades de neonatología, in Estándares y recomendaciones de calidad, e.e.i. Informes, Editor. 2014, Ministerio de Sanidad, Servicios Sociales e Igualdad. | M26: B | N26: =IF(M26="B",1,IF(M26="A",10,0)) -> 1 | O26: no | P26: La unidad no tiene este local.
A27: =A26+1 -> 26 | C27: Acceso | D27: Despacho información | E27: Distribución | F27: =IF(E27="Distribución",5,IF(E27="instalación",4,IF(E27="equipamiento",3,IF(E27="suelo",3,IF(E27="hueco",4,IF(E27="techo",2,IF(E27="puerta",2,IF(E27="pared",2,IF(E27="mobiliario",1,IF(E27="señalética",1,IF(E27="arte",1,0))))))))))) -> 5 | G27: Condiciones de privacidad adecuada. Ambiente cálido y residencial. | H27: 0 | I27: 0 | J27: 1 | K27: 0 | L27: Unidad de enfermería en hospitalización polivalente de agudos, in Estándares y recomendaciones, e.e.i. Informes, Editor. 2009, Ministerio de Sanidad y Política Social. | M27: B | N27: =IF(M27="B",1,IF(M27="A",10,0)) -> 1 | O27: no | P27: No cumple.
A28: =A27+1 -> 27 | C28: Acceso | D28: Despacho información | E28: Instalación | F28: =IF(E28="Distribución",5,IF(E28="instalación",4,IF(E28="equipamiento",3,IF(E28="suelo",3,IF(E28="hueco",4,IF(E28="techo",2,IF(E28="puerta",2,IF(E28="pared",2,IF(E28="mobiliario",1,IF(E28="señalética",1,IF(E28="arte",1,0))))))))))) -> 4 | G28: Ventilado mecánicamente. | H28: 0 | I28: 0 | J28: 0 | K28: 1 | L28: Reglamento de instalaciones térmicas en los edificios (RITE), BOE-A-2007-15820, Editor. 2007, Ministerio de la Presidencia. | M28: B | N28: =IF(M28="B",1,IF(M28="A",10,0)) -> 1 | O28: no | P28: No cumple.
A29: =A28+1 -> 28 | C29: Acceso | D29: Despacho información | E29: Equipamiento | F29: =IF(E29="Distribución",5,IF(E29="instalación",4,IF(E29="equipamiento",3,IF(E29="suelo",3,IF(E29="hueco",4,IF(E29="techo",2,IF(E29="puerta",2,IF(E29="pared",2,IF(E29="mobiliario",1,IF(E29="señalética",1,IF(E29="arte",1,0))))))))))) -> 3 | G29: Conexiones eléctricas, de transmisiones y comunicaciones. | H29: 0 | I29: 1 | J29: 0 | K29: 0 | L29: Autores CURARQ | M29: B | N29: =IF(M29="B",1,IF(M29="A",10,0)) -> 1 | O29: no | P29: No cumple.
A30: =A29+1 -> 29 | C30: Acceso | D30: Despacho información | E30: Mobiliario | F30: =IF(E30="Distribución",5,IF(E30="instalación",4,IF(E30="equipamiento",3,IF(E30="suelo",3,IF(E30="hueco",4,IF(E30="techo",2,IF(E30="puerta",2,IF(E30="pared",2,IF(E30="mobiliario",1,IF(E30="señalética",1,IF(E30="arte",1,0))))))))))) -> 1 | G30: Mesa de trabajo, sillas y sillón ergonómico. | H30: 0 | I30: 1 | J30: 0 | K30: 0 | L30: Unidad de enfermería en hospitalización polivalente de agudos, in Estándares y recomendaciones, e.e.i. Informes, Editor. 2009, Ministerio de Sanidad y Política Social. | M30: B | N30: =IF(M30="B",1,IF(M30="A",10,0)) -> 1 | O30: no | P30: No cumple.
A31: =A30+1 -> 30 | C31: Acceso | D31: Consulta | E31: Distribución | F31: =IF(E31="Distribución",5,IF(E31="instalación",4,IF(E31="equipamiento",3,IF(E31="suelo",3,IF(E31="hueco",4,IF(E31="techo",2,IF(E31="puerta",2,IF(E31="pared",2,IF(E31="mobiliario",1,IF(E31="señalética",1,IF(E31="arte",1,0))))))))))) -> 5 | G31: (Superficie útil en torno a 20 m²)¹. (Se utiliza en algunas unidades para explorar a los recién nacidos que hayan perdido más del 12 % del peso desde el nacimiento)². | H31: 0 | I31: 1 | J31: 0 | K31: 0 | L31: 1. Social, M.d.S.y.P., Maternidad Hospitalaria Estándares y Recomendaciones. 2009: Madrid 2. Unidades de neonatología, in Estándares y recomendaciones de calidad, e.e.i. Informes, Editor. 2014, Ministerio de Sanidad, Servicios Sociales e Igualdad. | M31: B | N31: =IF(M31="B",1,IF(M31="A",10,0)) -> 1 | O31: n.a. | P31: Utilizan un local en hospitalización obstétrica.
A32: =A31+1 -> 31 | C32: Acceso | D32: Consulta | E32: Instalación | F32: =IF(E32="Distribución",5,IF(E32="instalación",4,IF(E32="equipamiento",3,IF(E32="suelo",3,IF(E32="hueco",4,IF(E32="techo",2,IF(E32="puerta",2,IF(E32="pared",2,IF(E32="mobiliario",1,IF(E32="señalética",1,IF(E32="arte",1,0))))))))))) -> 4 | G32: Ventilado mecánicamente. | H32: 0 | I32: 0 | J32: 0 | K32: 1 | L32: Reglamento de instalaciones térmicas en los edificios (RITE), BOE-A-2007-15820, Editor. 2007, Ministerio de la Presidencia. | M32: B | N32: =IF(M32="B",1,IF(M32="A",10,0)) -> 1 | O32: n.a.
A33: =A32+1 -> 32 | C33: Acceso | D33: Consulta | E33: Equipamiento | F33: =IF(E33="Distribución",5,IF(E33="instalación",4,IF(E33="equipamiento",3,IF(E33="suelo",3,IF(E33="hueco",4,IF(E33="techo",2,IF(E33="puerta",2,IF(E33="pared",2,IF(E33="mobiliario",1,IF(E33="señalética",1,IF(E33="arte",1,0))))))))))) -> 3 | G33: Tomas de oxígeno y vacío. | H33: 0 | I33: 1 | J33: 0 | K33: 0 | L33: Autores CURARQ | M33: B | N33: =IF(M33="B",1,IF(M33="A",10,0)) -> 1 | O33: n.a.
A34: =A33+1 -> 33 | C34: Acceso | D34: Consulta | E34: Equipamiento | F34: =IF(E34="Distribución",5,IF(E34="instalación",4,IF(E34="equipamiento",3,IF(E34="suelo",3,IF(E34="hueco",4,IF(E34="techo",2,IF(E34="puerta",2,IF(E34="pared",2,IF(E34="mobiliario",1,IF(E34="señalética",1,IF(E34="arte",1,0))))))))))) -> 3 | G34: Pileta y grifería termostática con mando de codo. | H34: 0 | I34: 1 | J34: 0 | K34: 0 | L34: Social, M.d.S.y.P., Maternidad Hospitalaria Estándares y Recomendaciones. 2009: Madrid | M34: B | N34: =IF(M34="B",1,IF(M34="A",10,0)) -> 1 | O34: n.a.
A35: =A34+1 -> 34 | C35: Acceso | D35: Consulta | E35: Mobiliario | F35: =IF(E35="Distribución",5,IF(E35="instalación",4,IF(E35="equipamiento",3,IF(E35="suelo",3,IF(E35="hueco",4,IF(E35="techo",2,IF(E35="puerta",2,IF(E35="pared",2,IF(E35="mobiliario",1,IF(E35="señalética",1,IF(E35="arte",1,0))))))))))) -> 1 | G35: Mueble cambiador para explorar al bebé. Armario para material estéril. Báscula. | H35: 0 | I35: 1 | J35: 0 | K35: 0 | L35: Autores CURARQ | M35: B | N35: =IF(M35="B",1,IF(M35="A",10,0)) -> 1 | O35: n.a.
A36: =A35+1 -> 35 | C36: Acceso | D36: Consulta | E36: Mobiliario | F36: =IF(E36="Distribución",5,IF(E36="instalación",4,IF(E36="equipamiento",3,IF(E36="suelo",3,IF(E36="hueco",4,IF(E36="techo",2,IF(E36="puerta",2,IF(E36="pared",2,IF(E36="mobiliario",1,IF(E36="señalética",1,IF(E36="arte",1,0))))))))))) -> 1 | G36: Mesa de trabajo, sillas y sillón ergonómico. | L36: Social, M.d.S.y.P., Maternidad Hospitalaria Estándares y Recomendaciones. 2009: Madrid | M36: B | N36: =IF(M36="B",1,IF(M36="A",10,0)) -> 1 | O36: n.a.
A37: =A36+1 -> 36 | C37: Acceso | D37: Consulta | E37: Mobiliario | F37: =IF(E37="Distribución",5,IF(E37="instalación",4,IF(E37="equipamiento",3,IF(E37="suelo",3,IF(E37="hueco",4,IF(E37="techo",2,IF(E37="puerta",2,IF(E37="pared",2,IF(E37="mobiliario",1,IF(E37="señalética",1,IF(E37="arte",1,0))))))))))) -> 1 | G37: Dispensador de jabón y de toallas de papel. Papelera con tapa. | H37: 0 | I37: 1 | J37: 0 | K37: 0 | L37: Autores CURARQ | M37: B | N37: =IF(M37="B",1,IF(M37="A",10,0)) -> 1 | O37: n.a.
A38: =A37+1 -> 37 | C38: Acceso | D38: Lactancia y alimentación | E38: Distribución | F38: =IF(E38="Distribución",5,IF(E38="instalación",4,IF(E38="equipamiento",3,IF(E38="suelo",3,IF(E38="hueco",4,IF(E38="techo",2,IF(E38="puerta",2,IF(E38="pared",2,IF(E38="mobiliario",1,IF(E38="señalética",1,IF(E38="arte",1,0))))))))))) -> 5 | G38: Espacio para giro de una silla de ruedas de 1,50 m de diámetro, libre de obstáculos desde el nivel del suelo en toda su altura. | H38: 0 | I38: 0 | J38: 1 | K38: 0 | L38: Health, N.E.a.E.A.o.t.D.o., HBN 23 Hospital accommodation for children and young people. 2004. | M38: B | N38: =IF(M38="B",1,IF(M38="A",10,0)) -> 1 | O38: no | P38: La unidad no tiene este local.
A39: =A38+1 -> 38 | C39: Acceso | D39: Lactancia y alimentación | E39: Instalación | F39: =IF(E39="Distribución",5,IF(E39="instalación",4,IF(E39="equipamiento",3,IF(E39="suelo",3,IF(E39="hueco",4,IF(E39="techo",2,IF(E39="puerta",2,IF(E39="pared",2,IF(E39="mobiliario",1,IF(E39="señalética",1,IF(E39="arte",1,0))))))))))) -> 4 | G39: Ventilado mecánicamente. | H39: 0 | I39: 0 | J39: 0 | K39: 1 | L39: Reglamento de instalaciones térmicas en los edificios (RITE), BOE-A-2007-15820, Editor. 2007, Ministerio de la Presidencia. | M39: B | N39: =IF(M39="B",1,IF(M39="A",10,0)) -> 1 | O39: no | P39: No cumple.
A40: =A39+1 -> 39 | C40: Acceso | D40: Lactancia y alimentación | E40: Equipamiento | F40: =IF(E40="Distribución",5,IF(E40="instalación",4,IF(E40="equipamiento",3,IF(E40="suelo",3,IF(E40="hueco",4,IF(E40="techo",2,IF(E40="puerta",2,IF(E40="pared",2,IF(E40="mobiliario",1,IF(E40="señalética",1,IF(E40="arte",1,0))))))))))) -> 3 | G40: Iluminación indirecta graduable. | H40: 0 | I40: 0 | J40: 1 | K40: 0 | L40: Health, N.E.a.E.A.o.t.D.o., HBN 23 Hospital accommodation for children and young people. 2004. | M40: B | N40: =IF(M40="B",1,IF(M40="A",10,0)) -> 1 | O40: no | P40: No cumple.
A41: =A40+1 -> 40 | C41: Acceso | D41: Lactancia y alimentación | E41: Equipamiento | F41: =IF(E41="Distribución",5,IF(E41="instalación",4,IF(E41="equipamiento",3,IF(E41="suelo",3,IF(E41="hueco",4,IF(E41="techo",2,IF(E41="puerta",2,IF(E41="pared",2,IF(E41="mobiliario",1,IF(E41="señalética",1,IF(E41="arte",1,0))))))))))) -> 3 | G41: (Lavabo. Encimera o mueble donde colocar bolsas o botellas para la preparación de la comida)¹. (Cambiador de pañales)². | H41: 0 | I41: 0 | J41: 1 | K41: 0 | L41: 1. Health, N.E.a.E.A.o.t.D.o., HBN 23 Hospital accommodation for children and young people. 2004 2. Friendly healthcare environments for children and young people. 2004, NHS Estates. | M41: B | N41: =IF(M41="B",1,IF(M41="A",10,0)) -> 1 | O41: no | P41: No cumple.
A42: =A41+1 -> 41 | C42: Acceso | D42: Lactancia y alimentación | E42: Mobiliario | F42: =IF(E42="Distribución",5,IF(E42="instalación",4,IF(E42="equipamiento",3,IF(E42="suelo",3,IF(E42="hueco",4,IF(E42="techo",2,IF(E42="puerta",2,IF(E42="pared",2,IF(E42="mobiliario",1,IF(E42="señalética",1,IF(E42="arte",1,0))))))))))) -> 1 | G42: Dispensador de jabón y de toallas de papel. Papelera y percha. | H42: 0 | I42: 0 | J42: 1 | K42: 0 | L42: Health, N.E.a.E.A.o.t.D.o., HBN 23 Hospital accommodation for children and young people. 2004. | M42: B | N42: =IF(M42="B",1,IF(M42="A",10,0)) -> 1 | O42: no | P42: No cumple.
A43: =A42+1 -> 42 | C43: Acceso | D43: Lactancia y alimentación | E43: Mobiliario | F43: =IF(E43="Distribución",5,IF(E43="instalación",4,IF(E43="equipamiento",3,IF(E43="suelo",3,IF(E43="hueco",4,IF(E43="techo",2,IF(E43="puerta",2,IF(E43="pared",2,IF(E43="mobiliario",1,IF(E43="señalética",1,IF(E43="arte",1,0))))))))))) -> 1 | G43: Asiento cómodo. Elementos móviles con motivos artísticos. | H43: 0 | I43: 0 | J43: 1 | K43: 0 | L43: Health, N.E.a.E.A.o.t.D.o., HBN 23 Hospital accommodation for children and young people. 2004. | M43: B | N43: =IF(M43="B",1,IF(M43="A",10,0)) -> 1 | O43: no | P43: No cumple.
A44: =A43+1 -> 43 | C44: Acceso | D44: Lactancia y alimentación | E44: Mobiliario | F44: =IF(E44="Distribución",5,IF(E44="instalación",4,IF(E44="equipamiento",3,IF(E44="suelo",3,IF(E44="hueco",4,IF(E44="techo",2,IF(E44="puerta",2,IF(E44="pared",2,IF(E44="mobiliario",1,IF(E44="señalética",1,IF(E44="arte",1,0))))))))))) -> 1 | G44: Las superficies de los asientos y demás mobiliario se pueden desinfectar con facilidad, se utilizan materiales fáciles de limpiar. | H44: 0 | I44: 0 | J44: 0 | K44: 1 | L44: Unidades de neonatología, in Estándares y recomendaciones de calidad, e.e.i. Informes, Editor. 2014, Ministerio de Sanidad, Servicios Sociales e Igualdad. | M44: B | N44: =IF(M44="B",1,IF(M44="A",10,0)) -> 1 | O44: no | P44: No cumple.
M45: Errores | N45: =COUNTIF(N3:N44,0) -> 0
E46: Errores | F46: =COUNTIF(F3:F44,0) -> 0 | H46: =SUM(H22:H44) -> 0 | I46: =SUM(I22:I44) -> 8 | J46: =SUM(J22:J44) -> 10 | K46: =SUM(K22:K44) -> 6
N47: sí | O47: =SUMIF($O$2:$O$44,$N47,$N$2:$N$44) -> 12
N48: no | O48: =SUMIF($O$2:$O$44,$N48,$N$2:$N$44) -> 22
N49: n.a. | O49: =SUMIF($O$2:$O$44,$N49,$N$2:$N$44) -> 9
N50: Nota | O50: =O47/(O47+O48) -> 0.35294118

Sheet Familiares
A1: Nº | C1: ZONA | D1: LOCAL | E1: ELEMENTO | F1: Coste | G1: ÍTEM | H1: S | I1: E | J1: X | K1: P | L1: REFERENCIA | M1: Tipo evi | N1: Ptos | O1: HUPF | P1: Comentarios HUPF
A2: 1 | C2: Familiares | D2: Zona de recepción de familiares | E2: Distribución | F2: =IF(E2="Distribución",5,IF(E2="instalación",4,IF(E2="equipamiento",3,IF(E2="suelo",3,IF(E2="hueco",4,IF(E2="techo",2,IF(E2="puerta",2,IF(E2="pared",2,IF(E2="mobiliario",1,IF(E2="señalética",1,IF(E2="arte",1,0))))))))))) -> 5 | G2: Recepción en el área de padres. El puesto de recepción tiene capacidad para una persona. | H2: 0 | I2: 1 | J2: 0 | K2: 0 | L2: Unidades de neonatología, in Estándares y recomendaciones de calidad, e.e.i. Informes, Editor. 2014, Ministerio de Sanidad, Servicios Sociales e Igualdad. | M2: B | N2: =IF(M2="B",1,IF(M2="A",10,0)) -> 1 | O2: no | P2: Solamente está la recepción del acceso a la unidad, no específica para una zona de familiares.
A3: =A2+1 -> 2 | C3: Familiares | D3: Despacho información | E3: Distribución | F3: =IF(E3="Distribución",5,IF(E3="instalación",4,IF(E3="equipamiento",3,IF(E3="suelo",3,IF(E3="hueco",4,IF(E3="techo",2,IF(E3="puerta",2,IF(E3="pared",2,IF(E3="mobiliario",1,IF(E3="señalética",1,IF(E3="arte",1,0))))))))))) -> 5 | G3: Superficie útil en torno a 12 m². | H3: 0 | I3: 1 | J3: 1 | K3: 0 | L3: Unidad de enfermería en hospitalización polivalente de agudos, in Estándares y recomendaciones, e.e.i. Informes, Editor. 2009, Ministerio de Sanidad y Política Social. | M3: B | N3: =IF(M3="B",1,IF(M3="A",10,0)) -> 1 | O3: no | P3: La unidad no tiene este local.
A4: =A3+1 -> 3 | C4: Familiares | D4: Despacho información | E4: Distribución | F4: =IF(E4="Distribución",5,IF(E4="instalación",4,IF(E4="equipamiento",3,IF(E4="suelo",3,IF(E4="hueco",4,IF(E4="techo",2,IF(E4="puerta",2,IF(E4="pared",2,IF(E4="mobiliario",1,IF(E4="señalética",1,IF(E4="arte",1,0))))))))))) -> 5 | G4: Condiciones de privacidad adecuada. Ambiente cálido y residencial. | H4: 0 | I4: 0 | J4: 1 | K4: 0 | L4: Unidad de enfermería en hospitalización polivalente de agudos, in Estándares y recomendaciones, e.e.i. Informes, Editor. 2009, Ministerio de Sanidad y Política Social. | M4: B | N4: =IF(M4="B",1,IF(M4="A",10,0)) -> 1 | O4: no | P4: No cumple.
A5: =A4+1 -> 4 | C5: Familiares | D5: Despacho información | E5: Instalación | F5: =IF(E5="Distribución",5,IF(E5="instalación",4,IF(E5="equipamiento",3,IF(E5="suelo",3,IF(E5="hueco",4,IF(E5="techo",2,IF(E5="puerta",2,IF(E5="pared",2,IF(E5="mobiliario",1,IF(E5="señalética",1,IF(E5="arte",1,0))))))))))) -> 4 | G5: Ventilado mecánicamente. | H5: 0 | I5: 0 | J5: 0 | K5: 1 | L5: Reglamento de instalaciones térmicas en los edificios (RITE), BOE-A-2007-15820, Editor. 2007, Ministerio de la Presidencia. | M5: B | N5: =IF(M5="B",1,IF(M5="A",10,0)) -> 1 | O5: no | P5: No cumple.
A6: =A5+1 -> 5 | C6: Familiares | D6: Despacho información | E6: Equipamiento | F6: =IF(E6="Distribución",5,IF(E6="instalación",4,IF(E6="equipamiento",3,IF(E6="suelo",3,IF(E6="hueco",4,IF(E6="techo",2,IF(E6="puerta",2,IF(E6="pared",2,IF(E6="mobiliario",1,IF(E6="señalética",1,IF(E6="arte",1,0))))))))))) -> 3 | G6: Conexiones eléctricas, de transmisiones y comunicaciones. | H6: 0 | I6: 1 | J6: 0 | K6: 0 | L6: Autores CURARQ | M6: B | N6: =IF(M6="B",1,IF(M6="A",10,0)) -> 1 | O6: no | P6: No cumple.
A7: =A6+1 -> 6 | C7: Familiares | D7: Despacho información | E7: Mobiliario | F7: =IF(E7="Distribución",5,IF(E7="instalación",4,IF(E7="equipamiento",3,IF(E7="suelo",3,IF(E7="hueco",4,IF(E7="techo",2,IF(E7="puerta",2,IF(E7="pared",2,IF(E7="mobiliario",1,IF(E7="señalética",1,IF(E7="arte",1,0))))))))))) -> 1 | G7: Mesa de trabajo, sillas y sillón ergonómico. | H7: 0 | I7: 1 | J7: 0 | K7: 0 | L7: Unidad de enfermería en hospitalización polivalente de agudos, in Estándares y recomendaciones, e.e.i. Informes, Editor. 2009, Ministerio de Sanidad y Política Social. | M7: B | N7: =IF(M7="B",1,IF(M7="A",10,0)) -> 1 | O7: no | P7: No cumple.
A8: =A7+1 -> 7 | C8: Familiares | D8: Estar y refrigerio | E8: Distribución | F8: =IF(E8="Distribución",5,IF(E8="instalación",4,IF(E8="equipamiento",3,IF(E8="suelo",3,IF(E8="hueco",4,IF(E8="techo",2,IF(E8="puerta",2,IF(E8="pared",2,IF(E8="mobiliario",1,IF(E8="señalética",1,IF(E8="arte",1,0))))))))))) -> 5 | G8: Una plaza de 2m² por cada 3 cunas o incubadoras. Espacio para comer. | H8: 0 | I8: 0 | J8: 1 | K8: 0 | L8: Unidades de neonatología, in Estándares y recomendaciones de calidad, e.e.i. Informes, Editor. 2014, Ministerio de Sanidad, Servicios Sociales e Igualdad. | M8: B | N8: =IF(M8="B",1,IF(M8="A",10,0)) -> 1 | O8: sí
A9: =A8+1 -> 8 | C9: Familiares | D9: Estar y refrigerio | E9: Distribución | F9: =IF(E9="Distribución",5,IF(E9="instalación",4,IF(E9="equipamiento",3,IF(E9="suelo",3,IF(E9="hueco",4,IF(E9="techo",2,IF(E9="puerta",2,IF(E9="pared",2,IF(E9="mobiliario",1,IF(E9="señalética",1,IF(E9="arte",1,0))))))))))) -> 5 | G9: Próximo a la zona de atención clínica. | H9: 1 | I9: 0 | J9: 1 | K9: 0 | L9: Unidades de neonatología, in Estándares y recomendaciones de calidad, e.e.i. Informes, Editor. 2014, Ministerio de Sanidad, Servicios Sociales e Igualdad. | M9: B | N9: =IF(M9="B",1,IF(M9="A",10,0)) -> 1 | O9: sí | P9: Aunque está ubicado fuera de la unidad. Hay que cruzar un pasillo de circulación entre unidades.
A10: =A9+1 -> 9 | C10: Familiares | D10: Estar y refrigerio | E10: Hueco | F10: =IF(E10="Distribución",5,IF(E10="instalación",4,IF(E10="equipamiento",3,IF(E10="suelo",3,IF(E10="hueco",4,IF(E10="techo",2,IF(E10="puerta",2,IF(E10="pared",2,IF(E10="mobiliario",1,IF(E10="señalética",1,IF(E10="arte",1,0))))))))))) -> 4 | G10: Iluminación natural. | H10: 0 | I10: 0 | J10: 1 | K10: 0 | L10: Unidades de neonatología, in Estándares y recomendaciones de calidad, e.e.i. Informes, Editor. 2014, Ministerio de Sanidad, Servicios Sociales e Igualdad. | M10: B | N10: =IF(M10="B",1,IF(M10="A",10,0)) -> 1 | O10: no | P10: Sala interior.
A11: =A10+1 -> 10 | C11: Familiares | D11: Estar y refrigerio | E11: Hueco | F11: =IF(E11="Distribución",5,IF(E11="instalación",4,IF(E11="equipamiento",3,IF(E11="suelo",3,IF(E11="hueco",4,IF(E11="techo",2,IF(E11="puerta",2,IF(E11="pared",2,IF(E11="mobiliario",1,IF(E11="señalética",1,IF(E11="arte",1,0))))))))))) -> 4 | G11: Vistas a la naturaleza. | H11: 0 | I11: 0 | J11: 1 | K11: 0 | L11: Advanced, C.C.o.R.D.S.f. and N. Care, Recommended Standards for Newborn ICU Design. 2007: p. 40 | M11: B | N11: =IF(M11="B",1,IF(M11="A",10,0)) -> 1 | O11: no | P11: Sala interior.
A12: =A11+1 -> 11 | C12: Familiares | D12: Estar y refrigerio | E12: Instalación | F12: =IF(E12="Distribución",5,IF(E12="instalación",4,IF(E12="equipamiento",3,IF(E12="suelo",3,IF(E12="hueco",4,IF(E12="techo",2,IF(E12="puerta",2,IF(E12="pared",2,IF(E12="mobiliario",1,IF(E12="señalética",1,IF(E12="arte",1,0))))))))))) -> 4 | G12: Ventilado mecánicamente. | H12: 0 | I12: 0 | J12: 0 | K12: 1 | L12: Reglamento de instalaciones térmicas en los edificios (RITE), BOE-A-2007-15820, Editor. 2007, Ministerio de la Presidencia. | M12: B | N12: =IF(M12="B",1,IF(M12="A",10,0)) -> 1 | O12: sí
A13: =A12+1 -> 12 | C13: Familiares | D13: Estar y refrigerio | E13: Instalación | F13: =IF(E13="Distribución",5,IF(E13="instalación",4,IF(E13="equipamiento",3,IF(E13="suelo",3,IF(E13="hueco",4,IF(E13="techo",2,IF(E13="puerta",2,IF(E13="pared",2,IF(E13="mobiliario",1,IF(E13="señalética",1,IF(E13="arte",1,0))))))))))) -> 4 | G13: Tomas eléctricas y wifi. | H13: 0 | I13: 0 | J13: 1 | K13: 0 | L13: Unidades de neonatología, in Estándares y recomendaciones de calidad, e.e.i. Informes, Editor. 2014, Ministerio de Sanidad, Servicios Sociales e Igualdad. | M13: B | N13: =IF(M13="B",1,IF(M13="A",10,0)) -> 1 | O13: n.a. | P13: Ítem posterior a la evaluación.
A14: =A13+1 -> 13 | C14: Familiares | D14: Estar y refrigerio | E14: Equipamiento | F14: =IF(E14="Distribución",5,IF(E14="instalación",4,IF(E14="equipamiento",3,IF(E14="suelo",3,IF(E14="hueco",4,IF(E14="techo",2,IF(E14="puerta",2,IF(E14="pared",2,IF(E14="mobiliario",1,IF(E14="señalética",1,IF(E14="arte",1,0))))))))))) -> 3 | G14: (Fuente de agua fría y máquinas expendedoras de bebidas)¹ (y comida saludable)². | H14: 0 | I14: 0 | J14: 1 | K14: 0 | L14: 1. Unidades de neonatología, in Estándares y recomendaciones de calidad, e.e.i. Informes, Editor. 2014, Ministerio de Sanidad, Servicios Sociales e Igualdad. 2. Autores CURARQ | M14: B | N14: =IF(M14="B",1,IF(M14="A",10,0)) -> 1 | O14: no | P14: No cumple.
A15: =A14+1 -> 14 | C15: Familiares | D15: Estar y refrigerio | E15: Equipamiento | F15: =IF(E15="Distribución",5,IF(E15="instalación",4,IF(E15="equipamiento",3,IF(E15="suelo",3,IF(E15="hueco",4,IF(E15="techo",2,IF(E15="puerta",2,IF(E15="pared",2,IF(E15="mobiliario",1,IF(E15="señalética",1,IF(E15="arte",1,0))))))))))) -> 3 | G15: Pequeños electrodomésticos y almacenamiento de vajilla. | H15: 0 | I15: 0 | J15: 1 | K15: 0 | L15: Unidades de neonatología, in Estándares y recomendaciones de calidad, e.e.i. Informes, Editor. 2014, Ministerio de Sanidad, Servicios Sociales e Igualdad. | M15: B | N15: =IF(M15="B",1,IF(M15="A",10,0)) -> 1 | O15: n.a. | P15: Ítem posterior a la evaluación.
A16: =A15+1 -> 15 | C16: Familiares | D16: Estar y refrigerio | E16: Mobiliario | F16: =IF(E16="Distribución",5,IF(E16="instalación",4,IF(E16="equipamiento",3,IF(E16="suelo",3,IF(E16="hueco",4,IF(E16="techo",2,IF(E16="puerta",2,IF(E16="pared",2,IF(E16="mobiliario",1,IF(E16="señalética",1,IF(E16="arte",1,0))))))))))) -> 1 | G16: (Sillas sin ruedas)¹. (Los asientos se encuentran en buen estado, sin marcas, ralladuras u otros desperfectos)². (Los usuarios con sillas de ruedas se pueden integrar en la distribución de los asientos de la sala)³. (Mesas de estar, papelera y arte)¹. | H16: 0 | I16: 0 | J16: 1 | K16: 1 | L16: 1. Unidad de enfermería en hospitalización polivalente de agudos, in Estándares y recomendaciones, e.e.i. Informes, Editor. 2009, Ministerio de Sanidad y Política Social 2. Patient-Led Assessments of the Care Environment. The Ward Assessment - Acute and Community Hospitals, Hospices and Treatment Centres. 2015, NHS England 3. Lewis, A., EVOLVE: a tool for evaluating the design of older people´s housing. Housing, Care and Support, 2010. | M16: B | N16: =IF(M16="B",1,IF(M16="A",10,0)) -> 1 | O16: no | P16: No cumple.
A17: =A16+1 -> 16 | C17: Familiares | D17: Espacio para hermanos/as | E17: Distribución | F17: =IF(E17="Distribución",5,IF(E17="instalación",4,IF(E17="equipamiento",3,IF(E17="suelo",3,IF(E17="hueco",4,IF(E17="techo",2,IF(E17="puerta",2,IF(E17="pared",2,IF(E17="mobiliario",1,IF(E17="señalética",1,IF(E17="arte",1,0))))))))))) -> 5 | G17: Permite que los hermanos y hermanas permanezcan entretenidos (con juegos y libros) y tranquilos sin alterar la visita de los familiares. | H17: 0 | I17: 0 | J17: 1 | K17: 0 | L17: Unidades de neonatología, in Estándares y recomendaciones de calidad, e.e.i. Informes, Editor. 2014, Ministerio de Sanidad, Servicios Sociales e Igualdad. | M17: B | N17: =IF(M17="B",1,IF(M17="A",10,0)) -> 1 | O17: no | P17: La unidad no tiene este local.
A18: =A17+1 -> 17 | C18: Familiares | D18: Espacio para hermanos/as | E18: Distribución | F18: =IF(E18="Distribución",5,IF(E18="instalación",4,IF(E18="equipamiento",3,IF(E18="suelo",3,IF(E18="hueco",4,IF(E18="techo",2,IF(E18="puerta",2,IF(E18="pared",2,IF(E18="mobiliario",1,IF(E18="señalética",1,IF(E18="arte",1,0))))))))))) -> 5 | G18: Los familiares pueden tener contacto visual con el espacio de juegos. | H18: 0 | I18: 0 | J18: 1 | K18: 0 | L18: Unidades de neonatología, in Estándares y recomendaciones de calidad, e.e.i. Informes, Editor. 2014, Ministerio de Sanidad, Servicios Sociales e Igualdad. | M18: B | N18: =IF(M18="B",1,IF(M18="A",10,0)) -> 1 | O18: no | P18: No cumple.
A19: =A18+1 -> 18 | C19: Familiares | D19: Espacio para hermanos/as | E19: Distribución | F19: =IF(E19="Distribución",5,IF(E19="instalación",4,IF(E19="equipamiento",3,IF(E19="suelo",3,IF(E19="hueco",4,IF(E19="techo",2,IF(E19="puerta",2,IF(E19="pared",2,IF(E19="mobiliario",1,IF(E19="señalética",1,IF(E19="arte",1,0))))))))))) -> 5 | G19: Acceso a una zona de juego exterior. | H19: 0 | I19: 0 | J19: 1 | K19: 0 | L19: Health Building note 09-03: Neonatal units, in 8720:0.6:England. 2013, Department of Health. | M19: B | N19: =IF(M19="B",1,IF(M19="A",10,0)) -> 1 | O19: no | P19: No cumple.
A20: =A19+1 -> 19 | C20: Familiares | D20: Aseo familiares | E20: Distribución | F20: =IF(E20="Distribución",5,IF(E20="instalación",4,IF(E20="equipamiento",3,IF(E20="suelo",3,IF(E20="hueco",4,IF(E20="techo",2,IF(E20="puerta",2,IF(E20="pared",2,IF(E20="mobiliario",1,IF(E20="señalética",1,IF(E20="arte",1,0))))))))))) -> 5 | G20: (Superficie útil en torno a 4 m² por aseo)¹. (Exclusivos para cada sexo)². (Mínimo de dos)¹. | H20: 0 | I20: 0 | J20: 1 | K20: 0 | L20: 1. Unidad de enfermería en hospitalización polivalente de agudos, in Estándares y recomendaciones, e.e.i. Informes, Editor. 2009, Ministerio de Sanidad y Política Social. 2. Patient-Led Assessments of the Care Environment. The Ward Assessment - Acute and Community Hospitals, Hospices and Treatment Centres. 2015, NHS England. | M20: B | N20: =IF(M20="B",1,IF(M20="A",10,0)) -> 1 | O20: no | P20: Miden 2,4 metros cuadrados.
A21: =A20+1 -> 20 | C21: Familiares | D21: Aseo familiares | E21: Instalación | F21: =IF(E21="Distribución",5,IF(E21="instalación",4,IF(E21="equipamiento",3,IF(E21="suelo",3,IF(E21="hueco",4,IF(E21="techo",2,IF(E21="puerta",2,IF(E21="pared",2,IF(E21="mobiliario",1,IF(E21="señalética",1,IF(E21="arte",1,0))))))))))) -> 4 | G21: Ventilado mecánicamente. | H21: 0 | I21: 0 | J21: 0 | K21: 1 | L21: Reglamento de instalaciones térmicas en los edificios (RITE), BOE-A-2007-15820, Editor. 2007, Ministerio de la Presidencia. | M21: B | N21: =IF(M21="B",1,IF(M21="A",10,0)) -> 1 | O21: sí
A22: =A21+1 -> 21 | C22: Familiares | D22: Aseo familiares | E22: Equipamiento | F22: =IF(E22="Distribución",5,IF(E22="instalación",4,IF(E22="equipamiento",3,IF(E22="suelo",3,IF(E22="hueco",4,IF(E22="techo",2,IF(E22="puerta",2,IF(E22="pared",2,IF(E22="mobiliario",1,IF(E22="señalética",1,IF(E22="arte",1,0))))))))))) -> 3 | G22: (Lavabo e inodoro)¹ (en buen estado de conservación)². | H22: 0 | I22: 0 | J22: 1 | K22: 1 | L22: 1. Unidad de enfermería en hospitalización polivalente de agudos, in Estándares y recomendaciones, e.e.i. Informes, Editor. 2009, Ministerio de Sanidad y Política Social. 2. Patient-Led Assessments of the Care Environment. The Ward Assessment - Acute and Community Hospitals, Hospices and Treatment Centres. 2015, NHS England. | M22: B | N22: =IF(M22="B",1,IF(M22="A",10,0)) -> 1 | O22: sí
A23: =A22+1 -> 22 | C23: Familiares | D23: Aseo familiares | E23: Equipamiento | F23: =IF(E23="Distribución",5,IF(E23="instalación",4,IF(E23="equipamiento",3,IF(E23="suelo",3,IF(E23="hueco",4,IF(E23="techo",2,IF(E23="puerta",2,IF(E23="pared",2,IF(E23="mobiliario",1,IF(E23="señalética",1,IF(E23="arte",1,0))))))))))) -> 3 | G23: Ducha. | H23: 0 | I23: 0 | J23: 1 | K23: 1 | L23: Unidades de neonatología, in Estándares y recomendaciones de calidad, e.e.i. Informes, Editor. 2014, Ministerio de Sanidad, Servicios Sociales e Igualdad. | M23: B | N23: =IF(M23="B",1,IF(M23="A",10,0)) -> 1 | O23: no | P23: No cumple.
A24: =A23+1 -> 23 | C24: Familiares | D24: Aseo familiares | E24: Puerta | F24: =IF(E24="Distribución",5,IF(E24="instalación",4,IF(E24="equipamiento",3,IF(E24="suelo",3,IF(E24="hueco",4,IF(E24="techo",2,IF(E24="puerta",2,IF(E24="pared",2,IF(E24="mobiliario",1,IF(E24="señalética",1,IF(E24="arte",1,0))))))))))) -> 2 | G24: Los sistemas de cierre funcionan correctamente. | H24: 0 | I24: 0 | J24: 0 | K24: 1 | L24: Patient-Led Assessments of the Care Environment. The Ward Assessment - Acute and Community Hospitals, Hospices and Treatment Centres. 2015, NHS England. | M24: B | N24: =IF(M24="B",1,IF(M24="A",10,0)) -> 1 | O24: sí
A25: =A24+1 -> 24 | C25: Familiares | D25: Aseo familiares | E25: Mobiliario | F25: =IF(E25="Distribución",5,IF(E25="instalación",4,IF(E25="equipamiento",3,IF(E25="suelo",3,IF(E25="hueco",4,IF(E25="techo",2,IF(E25="puerta",2,IF(E25="pared",2,IF(E25="mobiliario",1,IF(E25="señalética",1,IF(E25="arte",1,0))))))))))) -> 1 | G25: Dispensador de jabón, de papel higiénico y de toallas de papel. Escobilla y papelera preferiblemente con tapa. Espejo y percha. | H25: 0 | I25: 0 | J25: 1 | K25: 0 | L25: Unidad de enfermería en hospitalización polivalente de agudos, in Estándares y recomendaciones, e.e.i. Informes, Editor. 2009, Ministerio de Sanidad y Política Social. | M25: B | N25: =IF(M25="B",1,IF(M25="A",10,0)) -> 1 | O25: n.a. | P25: Ítem posterior a la evaluación.
A26: =A25+1 -> 25 | C26: Familiares | D26: Habitación familiares | E26: Distribución | F26: =IF(E26="Distribución",5,IF(E26="instalación",4,IF(E26="equipamiento",3,IF(E26="suelo",3,IF(E26="hueco",4,IF(E26="techo",2,IF(E26="puerta",2,IF(E26="pared",2,IF(E26="mobiliario",1,IF(E26="señalética",1,IF(E26="arte",1,0))))))))))) -> 5 | G26: Se ha valorado la disponibilidad de residencia de los padres según las características de la unidad (nivel de estancia ambulante, semi-ambulante o interno) e ubicación en el ámbito territorial. | H26: 0 | I26: 0 | J26: 1 | K26: 0 | L26: Unidades de neonatología, in Estándares y recomendaciones de calidad, e.e.i. Informes, Editor. 2014, Ministerio de Sanidad, Servicios Sociales e Igualdad. | M26: B | N26: =IF(M26="B",1,IF(M26="A",10,0)) -> 1 | O26: sí | P26: Residencia Ronald McDonald.
A27: =A26+1 -> 26 | C27: Familiares | D27: Habitación familiares | E27: Distribución | F27: =IF(E27="Distribución",5,IF(E27="instalación",4,IF(E27="equipamiento",3,IF(E27="suelo",3,IF(E27="hueco",4,IF(E27="techo",2,IF(E27="puerta",2,IF(E27="pared",2,IF(E27="mobiliario",1,IF(E27="señalética",1,IF(E27="arte",1,0))))))))))) -> 5 | G27: Mínimo de dos dormitorios. Superficie útil mínima de 16m². | H27: 0 | I27: 0 | J27: 1 | K27: 0 | L27: Unidades de neonatología, in Estándares y recomendaciones de calidad, e.e.i. Informes, Editor. 2014, Ministerio de Sanidad, Servicios Sociales e Igualdad. | M27: B | N27: =IF(M27="B",1,IF(M27="A",10,0)) -> 1 | O27: sí
A28: =A27+1 -> 27 | C28: Familiares | D28: Habitación familiares | E28: Distribución | F28: =IF(E28="Distribución",5,IF(E28="instalación",4,IF(E28="equipamiento",3,IF(E28="suelo",3,IF(E28="hueco",4,IF(E28="techo",2,IF(E28="puerta",2,IF(E28="pared",2,IF(E28="mobiliario",1,IF(E28="señalética",1,IF(E28="arte",1,0))))))))))) -> 5 | G28: Fácil acceso a la unidad de cuidados intensivos. Ubicado en zona próxima al neonato. Se puede acceder sin tener que pasar por la sala de neonatología ni la zona de vistas. | H28: 0 | I28: 0 | J28: 1 | K28: 0 | L28: Health Building note 09-03: Neonatal units, in 8720:0.6:England. 2013, Department of Health. | M28: B | N28: =IF(M28="B",1,IF(M28="A",10,0)) -> 1 | O28: sí | P28: Aunque no es exclusiva para neonatos, también para pediatría. Ubicada cerca del hospital.
A29: =A28+1 -> 28 | C29: Familiares | D29: Habitación familiares | E29: Instalación | F29: =IF(E29="Distribución",5,IF(E29="instalación",4,IF(E29="equipamiento",3,IF(E29="suelo",3,IF(E29="hueco",4,IF(E29="techo",2,IF(E29="puerta",2,IF(E29="pared",2,IF(E29="mobiliario",1,IF(E29="señalética",1,IF(E29="arte",1,0))))))))))) -> 4 | G29: (Toma para la televisión, mínimo de 4 tomas eléctricas para dispositivos electrónicos)¹. (Tomas de oxígeno y vacío)². | H29: 1 | I29: 0 | J29: 1 | K29: 0 | L29: 1. Unidades de neonatología, in Estándares y recomendaciones de calidad, e.e.i. Informes, Editor. 2014, Ministerio de Sanidad, Servicios Sociales e Igualdad. 2. Health Building note 09-03: Neonatal units, in 8720:0.6:England. 2013, Department of Health. | M29: B | N29: =IF(M29="B",1,IF(M29="A",10,0)) -> 1 | O29: n.a. | P29: Ítem posterior a la evaluación.
A30: =A29+1 -> 29 | C30: Familiares | D30: Habitación familiares | E30: Instalación | F30: =IF(E30="Distribución",5,IF(E30="instalación",4,IF(E30="equipamiento",3,IF(E30="suelo",3,IF(E30="hueco",4,IF(E30="techo",2,IF(E30="puerta",2,IF(E30="pared",2,IF(E30="mobiliario",1,IF(E30="señalética",1,IF(E30="arte",1,0))))))))))) -> 4 | G30: Aseo con ducha (incluido en la superficie útil mínima de 16m²) . | H30: 0 | I30: 0 | J30: 1 | K30: 0 | L30: Unidades de neonatología, in Estándares y recomendaciones de calidad, e.e.i. Informes, Editor. 2014, Ministerio de Sanidad, Servicios Sociales e Igualdad. | M30: B | N30: =IF(M30="B",1,IF(M30="A",10,0)) -> 1 | O30: sí
A31: =A30+1 -> 30 | C31: Familiares | D31: Habitación familiares | E31: Equipamiento | F31: =IF(E31="Distribución",5,IF(E31="instalación",4,IF(E31="equipamiento",3,IF(E31="suelo",3,IF(E31="hueco",4,IF(E31="techo",2,IF(E31="puerta",2,IF(E31="pared",2,IF(E31="mobiliario",1,IF(E31="señalética",1,IF(E31="arte",1,0))))))))))) -> 3 | G31: Silla confortable y reclinable. Cama. Espacio para la cuna. Pequeño escritorio para ordenador y otros dispositivos electrónicos. Armario para enseres personales. Superficie de trabajo para el personal. Almacenamiento de suministros para el personal. | H31: 0 | I31: 0 | J31: 1 | K31: 0 | L31: Unidades de neonatología, in Estándares y recomendaciones de calidad, e.e.i. Informes, Editor. 2014, Ministerio de Sanidad, Servicios Sociales e Igualdad. | M31: B | N31: =IF(M31="B",1,IF(M31="A",10,0)) -> 1 | O31: sí
A32: =A31+1 -> 31 | C32: Familiares | D32: Sala de duelo | E32: Distribución | F32: =IF(E32="Distribución",5,IF(E32="instalación",4,IF(E32="equipamiento",3,IF(E32="suelo",3,IF(E32="hueco",4,IF(E32="techo",2,IF(E32="puerta",2,IF(E32="pared",2,IF(E32="mobiliario",1,IF(E32="señalética",1,IF(E32="arte",1,0))))))))))) -> 5 | G32: Alejada de la zona de atención clínica y del alojamiento de los padres. El acceso no se realiza pasando por la sala de neonatos. Cercana a los aseos para permitir acceder a ellos con discreción. | H32: 0 | I32: 0 | J32: 1 | K32: 0 | L32: 1. Unidades de neonatología, in Estándares y recomendaciones de calidad, e.e.i. Informes, Editor. 2014, Ministerio de Sanidad, Servicios Sociales e Igualdad. 2. Health Building note 09-03: Neonatal units, in 8720:0.6:England. 2013, Department of Health. | M32: B | N32: =IF(M32="B",1,IF(M32="A",10,0)) -> 1 | O32: sí
A33: =A32+1 -> 32 | C33: Familiares | D33: Sala de duelo | E33: Distribución | F33: =IF(E33="Distribución",5,IF(E33="instalación",4,IF(E33="equipamiento",3,IF(E33="suelo",3,IF(E33="hueco",4,IF(E33="techo",2,IF(E33="puerta",2,IF(E33="pared",2,IF(E33="mobiliario",1,IF(E33="señalética",1,IF(E33="arte",1,0))))))))))) -> 5 | G33: Consta de dos espacios, uno para el consuelo y asesoramiento psicológico de los padres y familiares y otro conectado con el anterior para la estancia de los familiares con el neonato fallecido. | H33: 0 | I33: 0 | J33: 1 | K33: 0 | L33: Unidades de neonatología, in Estándares y recomendaciones de calidad, e.e.i. Informes, Editor. 2014, Ministerio de Sanidad, Servicios Sociales e Igualdad. | M33: B | N33: =IF(M33="B",1,IF(M33="A",10,0)) -> 1 | O33: no | P33: No cumple.
A34: =A33+1 -> 33 | C34: Familiares | D34: Sala de duelo | E34: Mobiliario | F34: =IF(E34="Distribución",5,IF(E34="instalación",4,IF(E34="equipamiento",3,IF(E34="suelo",3,IF(E34="hueco",4,IF(E34="techo",2,IF(E34="puerta",2,IF(E34="pared",2,IF(E34="mobiliario",1,IF(E34="señalética",1,IF(E34="arte",1,0))))))))))) -> 1 | G34: Mobiliario cómodo y de apariencia doméstica. | H34: 0 | I34: 0 | J34: 1 | K34: 0 | L34: Health Building note 09-03: Neonatal units, in 8720:0.6:England. 2013, Department of Health. | M34: B | N34: =IF(M34="B",1,IF(M34="A",10,0)) -> 1 | O34: sí
M35: Errores | N35: =COUNTIF(N2:N34,0) -> 0
E36: Errores | F36: =COUNTIF(F2:F34,0) -> 0 | H36: =SUM(H2:H34) -> 2 | I36: =SUM(I2:I34) -> 4 | J36: =SUM(J2:J34) -> 26 | K36: =SUM(K2:K34) -> 7
N37: sí | O37: =SUMIF($O$2:$O$34,$N37,$N$2:$N$34) -> 13
N38: no | O38: =SUMIF($O$2:$O$34,$N38,$N$2:$N$34) -> 16
N39: n.a. | O39: =SUMIF($O$2:$O$34,$N39,$N$2:$N$34) -> 4
N40: Nota | O40: =O37/(O37+O38) -> 0.44827586

Sheet Clínica
A1: Nº | C1: ZONA | D1: LOCAL | E1: ELEMENTO | F1: Coste | G1: ÍTEM | H1: S | I1: E | J1: X | K1: P | L1: REFERENCIA | M1: Tipo evi | N1: Ptos | O1: HUPF | P1: Comentarios HUPF
A2: 1 | C2: Clínica | D2: Control enfermería | E2: Distribución | F2: =IF(E2="Distribución",5,IF(E2="instalación",4,IF(E2="equipamiento",3,IF(E2="suelo",3,IF(E2="hueco",4,IF(E2="techo",2,IF(E2="puerta",2,IF(E2="pared",2,IF(E2="mobiliario",1,IF(E2="señalética",1,IF(E2="arte",1,0))))))))))) -> 5 | G2: Ubicado de manera central en la sala clínica. Permite la buena observación visual y directa de todos los puestos de niños y niñas. La distancia media a todos los puestos de neonatos es la mínima. | H2: 1 | I2: 1 | J2: 0 | K2: 0 | L2: 1. Unidades de neonatología, in Estándares y recomendaciones de calidad, e.e.i. Informes, Editor. 2014, Ministerio de Sanidad, Servicios Sociales e Igualdad. 2. Blanco Bravo, D., Niveles asistenciales y recomendaciones de mínimos para la atención neonatal. An Pediatr (Barc), 2003. Comité de Estándares y Junta Directiva de la Sociedad Española de Neonatología. | M2: A | N2: =IF(M2="B",1,IF(M2="A",10,0)) -> 10 | O2: sí | P2: Reubicado dentro de la sala porque la zona prevista de control se utiliza para el trabajo médico.
A3: =A2+1 -> 2 | C3: Clínica | D3: Control enfermería | E3: Distribución | F3: =IF(E3="Distribución",5,IF(E3="instalación",4,IF(E3="equipamiento",3,IF(E3="suelo",3,IF(E3="hueco",4,IF(E3="techo",2,IF(E3="puerta",2,IF(E3="pared",2,IF(E3="mobiliario",1,IF(E3="señalética",1,IF(E3="arte",1,0))))))))))) -> 5 | G3: (Espacio fijo y delimitado para los equipos de asistencia vital. Superfície útil mínima de 2 m²)¹. (Enchufe para el desfibrilador)² (a más de 450 mm del suelo)³. | H3: 1 | I3: 1 | J3: 0 | K3: 0 | L3: 1. Unidad de cuidados intensivos, in Estándares y recomendaciones, e.e.i. Informes, Editor. 2010, Ministerio de Sanidad y Política Social. 2. Unidad de enfermería en hospitalización polivalente de agudos, in Estándares y recomendaciones, e.e.i. Informes, Editor. 2009, Ministerio de Sanidad y Política Social. 3. Lewis, A., EVOLVE: a tool for evaluating the design of older people´s housing. Housing, Care and Support, 2010. | M3: B | N3: =IF(M3="B",1,IF(M3="A",10,0)) -> 1 | O3: n.a. | P3: Ítem posterior a la evaluación.
A4: =A3+1 -> 3 | C4: Clínica | D4: Control enfermería | E4: Distribución | F4: =IF(E4="Distribución",5,IF(E4="instalación",4,IF(E4="equipamiento",3,IF(E4="suelo",3,IF(E4="hueco",4,IF(E4="techo",2,IF(E4="puerta",2,IF(E4="pared",2,IF(E4="mobiliario",1,IF(E4="señalética",1,IF(E4="arte",1,0))))))))))) -> 5 | G4: Espacio reservado para equipos clínicos portátiles. Espacio reservado para el aparcamiento de incubadoras, limpias y desinfectadas para su utilización en la unidad. | H4: 0 | I4: 1 | J4: 0 | K4: 0 | L4: Unidades de neonatología, in Estándares y recomendaciones de calidad, e.e.i. Informes, Editor. 2014, Ministerio de Sanidad, Servicios Sociales e Igualdad. | M4: B | N4: =IF(M4="B",1,IF(M4="A",10,0)) -> 1 | O4: n.a. | P4: Ítem posterior a la evaluación.
A5: =A4+1 -> 4 | C5: Clínica | D5: Control enfermería | E5: Instalación | F5: =IF(E5="Distribución",5,IF(E5="instalación",4,IF(E5="equipamiento",3,IF(E5="suelo",3,IF(E5="hueco",4,IF(E5="techo",2,IF(E5="puerta",2,IF(E5="pared",2,IF(E5="mobiliario",1,IF(E5="señalética",1,IF(E5="arte",1,0))))))))))) -> 4 | G5: (Central de alarmas de las distintas instalaciones y equipos de la unidad)¹. (Tomas para transmisiones y comunicaciones)². | H5: 0 | I5: 1 | J5: 0 | K5: 1 | L5: 1. Unidades de neonatología, in Estándares y recomendaciones de calidad, e.e.i. Informes, Editor. 2014, Ministerio de Sanidad, Servicios Sociales e Igualdad. 2. Autores CURARQ | M5: B | N5: =IF(M5="B",1,IF(M5="A",10,0)) -> 1 | O5: n.a. | P5: Ítem posterior a la evaluación.
A6: =A5+1 -> 5 | C6: Clínica | D6: Control enfermería | E6: Instalación | F6: =IF(E6="Distribución",5,IF(E6="instalación",4,IF(E6="equipamiento",3,IF(E6="suelo",3,IF(E6="hueco",4,IF(E6="techo",2,IF(E6="puerta",2,IF(E6="pared",2,IF(E6="mobiliario",1,IF(E6="señalética",1,IF(E6="arte",1,0))))))))))) -> 4 | G6: (Terminal de tubo neumático para muestras y documentos)¹. (Reloj instalado en pared con sistema de difusión horaria sincronizado en todo el hospital)². | H6: 0 | I6: 1 | J6: 0 | K6: 0 | L6: 1. Unidades de neonatología, in Estándares y recomendaciones de calidad, e.e.i. Informes, Editor. 2014, Ministerio de Sanidad, Servicios Sociales e Igualdad. 2. Autores CURARQ | M6: B | N6: =IF(M6="B",1,IF(M6="A",10,0)) -> 1 | O6: n.a. | P6: Ítem posterior a la evaluación.
A7: =A6+1 -> 6 | C7: Clínica | D7: Control enfermería | E7: Equipamiento | F7: =IF(E7="Distribución",5,IF(E7="instalación",4,IF(E7="equipamiento",3,IF(E7="suelo",3,IF(E7="hueco",4,IF(E7="techo",2,IF(E7="puerta",2,IF(E7="pared",2,IF(E7="mobiliario",1,IF(E7="señalética",1,IF(E7="arte",1,0))))))))))) -> 3 | G7: Iluminación superior enfocada al espacio de trabajo. | H7: 0 | I7: 1 | J7: 0 | K7: 0 | L7: Unidad de cuidados intensivos, in Estándares y recomendaciones, e.e.i. Informes, Editor. 2010, Ministerio de Sanidad y Política Social. | M7: B | N7: =IF(M7="B",1,IF(M7="A",10,0)) -> 1 | O7: n.a. | P7: No tenía este ítem cuando hice la evaluación.
A8: =A7+1 -> 7 | C8: Clínica | D8: Control enfermería | E8: Equipamiento | F8: =IF(E8="Distribución",5,IF(E8="instalación",4,IF(E8="equipamiento",3,IF(E8="suelo",3,IF(E8="hueco",4,IF(E8="techo",2,IF(E8="puerta",2,IF(E8="pared",2,IF(E8="mobiliario",1,IF(E8="señalética",1,IF(E8="arte",1,0))))))))))) -> 3 | G8: Equipos de información y comunicación con pantallas táctiles que se puedan limpiar con desinfectantes. | H8: 0 | I8: 1 | J8: 0 | K8: 1 | L8: Unidades de neonatología, in Estándares y recomendaciones de calidad, e.e.i. Informes, Editor. 2014, Ministerio de Sanidad, Servicios Sociales e Igualdad. | M8: B | N8: =IF(M8="B",1,IF(M8="A",10,0)) -> 1 | O8: no | P8: No cumple.
A9: =A8+1 -> 8 | C9: Clínica | D9: Control enfermería | E9: Mobiliario | F9: =IF(E9="Distribución",5,IF(E9="instalación",4,IF(E9="equipamiento",3,IF(E9="suelo",3,IF(E9="hueco",4,IF(E9="techo",2,IF(E9="puerta",2,IF(E9="pared",2,IF(E9="mobiliario",1,IF(E9="señalética",1,IF(E9="arte",1,0))))))))))) -> 1 | G9: (Mesas de trabajo)¹. (Sillones ergonómicos con ruedas, canalización para cableado y papelera preferiblemente con tapa)². | H9: 0 | I9: 1 | J9: 0 | K9: 0 | L9: 1. Unidades de neonatología, in Estándares y recomendaciones de calidad, e.e.i. Informes, Editor. 2014, Ministerio de Sanidad, Servicios Sociales e Igualdad 2. Unidad de enfermería en hospitalización polivalente de agudos, in Estándares y recomendaciones, e.e.i. Informes, Editor. 2009, Ministerio de Sanidad y Política Social. | M9: B | N9: =IF(M9="B",1,IF(M9="A",10,0)) -> 1 | O9: no | P9: Ordenadores por puestos, faltan zonas para escribir.
A10: =A9+1 -> 9 | C10: Clínica | D10: Oficio limpio | E10: Distribución | F10: =IF(E10="Distribución",5,IF(E10="instalación",4,IF(E10="equipamiento",3,IF(E10="suelo",3,IF(E10="hueco",4,IF(E10="techo",2,IF(E10="puerta",2,IF(E10="pared",2,IF(E10="mobiliario",1,IF(E10="señalética",1,IF(E10="arte",1,0))))))))))) -> 5 | G10: En zona próxima al control de enfermería. | H10: 0 | I10: 1 | J10: 0 | K10: 0 | L10: Autores CURARQ | M10: B | N10: =IF(M10="B",1,IF(M10="A",10,0)) -> 1 | O10: sí
A11: =A10+1 -> 10 | C11: Clínica | D11: Oficio limpio | E11: Distribución | F11: =IF(E11="Distribución",5,IF(E11="instalación",4,IF(E11="equipamiento",3,IF(E11="suelo",3,IF(E11="hueco",4,IF(E11="techo",2,IF(E11="puerta",2,IF(E11="pared",2,IF(E11="mobiliario",1,IF(E11="señalética",1,IF(E11="arte",1,0))))))))))) -> 5 | G11: (Zona de trabajo tranquila para evitar interrupciones mientras se prepara la medicación)¹. (Zona para el almacenamiento de medicamentos y material terapéutico en condiciones de seguridad)². | H11: 0 | I11: 1 | J11: 0 | K11: 0 | L11: 1. Alliance, A.H.I., Part B - Health Facility Briefing and Planning 0340 - Inpatient Accommodation Unit, in Australasian Health Facility Guidelines. 2016 2. Unidad de enfermería en hospitalización polivalente de agudos, in Estándares y recomendaciones, e.e.i. Informes, Editor. 2009, Ministerio de Sanidad y Política Social | M11: B | N11: =IF(M11="B",1,IF(M11="A",10,0)) -> 1 | O11: no | P11: No cumple.
A12: =A11+1 -> 11 | C12: Clínica | D12: Oficio limpio | E12: Instalación | G12: Ventilado mecánicamente. | H12: 0 | I12: 0 | J12: 0 | K12: 1 | L12: Reglamento de instalaciones térmicas en los edificios (RITE), BOE-A-2007-15820, Editor. 2007, Ministerio de la Presidencia. | M12: B | N12: =IF(M12="B",1,IF(M12="A",10,0)) -> 1 | O12: sí
A13: =A12+1 -> 12 | C13: Clínica | D13: Oficio limpio | E13: Instalación | F13: =IF(E13="Distribución",5,IF(E13="instalación",4,IF(E13="equipamiento",3,IF(E13="suelo",3,IF(E13="hueco",4,IF(E13="techo",2,IF(E13="puerta",2,IF(E13="pared",2,IF(E13="mobiliario",1,IF(E13="señalética",1,IF(E13="arte",1,0))))))))))) -> 4 | G13: El nivel de iluminación mínimo a la altura de la encimera es de 500 lux. | H13: 0 | I13: 1 | J13: 0 | K13: 0 | L13: (CIBSE), C.I.o.B.S.E. and T.S.o.L.a. Lighting, Lighting Guide 2: Hospitals and health care buildings. 2008. | M13: B | N13: =IF(M13="B",1,IF(M13="A",10,0)) -> 1 | O13: no | P13: No tengo el dato pero no cumplía.
A14: =A13+1 -> 13 | C14: Clínica | D14: Oficio limpio | E14: Equipamiento | F14: =IF(E14="Distribución",5,IF(E14="instalación",4,IF(E14="equipamiento",3,IF(E14="suelo",3,IF(E14="hueco",4,IF(E14="techo",2,IF(E14="puerta",2,IF(E14="pared",2,IF(E14="mobiliario",1,IF(E14="señalética",1,IF(E14="arte",1,0))))))))))) -> 3 | G14: Frigorífico y congelador. | H14: 0 | I14: 1 | J14: 0 | K14: 0 | L14: UTE, J. Navarro Baldeweg, and Á. Fernández Alba, Programa Funcional Hospital Universitario Central de Asturias. 2003. | M14: B | N14: =IF(M14="B",1,IF(M14="A",10,0)) -> 1 | O14: no | P14: No cumple.
A15: =A14+1 -> 14 | C15: Clínica | D15: Oficio limpio | E15: Equipamiento | F15: 3 | G15: Encimera o mostrador con pileta. | H15: 0 | I15: 1 | J15: 0 | K15: 0 | L15: Unidad de enfermería en hospitalización polivalente de agudos, in Estándares y recomendaciones, e.e.i. Informes, Editor. 2009, Ministerio de Sanidad y Política Social. | M15: B | N15: =IF(M15="B",1,IF(M15="A",10,0)) -> 1 | O15: sí
A16: =A15+1 -> 15 | C16: Clínica | D16: Oficio limpio | E16: Equipamiento | F16: =IF(E16="Distribución",5,IF(E16="instalación",4,IF(E16="equipamiento",3,IF(E16="suelo",3,IF(E16="hueco",4,IF(E16="techo",2,IF(E16="puerta",2,IF(E16="pared",2,IF(E16="mobiliario",1,IF(E16="señalética",1,IF(E16="arte",1,0))))))))))) -> 3 | G16: Pequeño laboratorio. | H16: 0 | I16: 1 | J16: 0 | K16: 0 | L16: Unidades de neonatología, in Estándares y recomendaciones de calidad, e.e.i. Informes, Editor. 2014, Ministerio de Sanidad, Servicios Sociales e Igualdad. | M16: B | N16: =IF(M16="B",1,IF(M16="A",10,0)) -> 1 | O16: sí | P16: En un lateral.
A17: =A16+1 -> 16 | C17: Clínica | D17: Oficio limpio | E17: Pared | F17: =IF(E17="Distribución",5,IF(E17="instalación",4,IF(E17="equipamiento",3,IF(E17="suelo",3,IF(E17="hueco",4,IF(E17="techo",2,IF(E17="puerta",2,IF(E17="pared",2,IF(E17="mobiliario",1,IF(E17="señalética",1,IF(E17="arte",1,0))))))))))) -> 2 | G17: Si su diseño es cerrado, al menos una de las paredes es de vidrio para permitir la visión continua de la sala de la sala durante los trabajos de preparación de la medicación. | H17: 1 | I17: 1 | J17: 0 | K17: 0 | L17: Unidad de cuidados intensivos, in Estándares y recomendaciones, e.e.i. Informes, Editor. 2010, Ministerio de Sanidad y Política Social. | M17: B | N17: =IF(M17="B",1,IF(M17="A",10,0)) -> 1 | O17: n.a.
A18: =A17+1 -> 17 | C18: Clínica | D18: Oficio limpio | E18: Mobiliario | F18: =IF(E18="Distribución",5,IF(E18="instalación",4,IF(E18="equipamiento",3,IF(E18="suelo",3,IF(E18="hueco",4,IF(E18="techo",2,IF(E18="puerta",2,IF(E18="pared",2,IF(E18="mobiliario",1,IF(E18="señalética",1,IF(E18="arte",1,0))))))))))) -> 1 | G18: Sistema de dispensación automatizada de medicamentos. | H18: 0 | I18: 1 | J18: 0 | K18: 0 | L18: Autores CURARQ | M18: B | N18: =IF(M18="B",1,IF(M18="A",10,0)) -> 1 | O18: no | P18: Cajones.
A19: =A18+1 -> 18 | C19: Clínica | D19: Oficio limpio | E19: Mobiliario | F19: 1 | G19: Dispensador de jabón y de toallas de papel. Taburete y papelera preferiblemente con tapa. | H19: 0 | I19: 1 | J19: 0 | K19: 0 | L19: Unidad de enfermería en hospitalización polivalente de agudos, in Estándares y recomendaciones, e.e.i. Informes, Editor. 2009, Ministerio de Sanidad y Política Social. | M19: B | N19: =IF(M19="B",1,IF(M19="A",10,0)) -> 1 | O19: no | P19: Tiene dispensador de jabón y toallas de papel pero taburete no.
A20: =A19+1 -> 19 | C20: Clínica | D20: Box individual de cuidados intensivos | E20: Distribución | F20: =IF(E20="Distribución",5,IF(E20="instalación",4,IF(E20="equipamiento",3,IF(E20="suelo",3,IF(E20="hueco",4,IF(E20="techo",2,IF(E20="puerta",2,IF(E20="pared",2,IF(E20="mobiliario",1,IF(E20="señalética",1,IF(E20="arte",1,0))))))))))) -> 5 | G20: Superficie útil en torno a 20m². | H20: 1 | I20: 1 | J20: 0 | K20: 0 | L20: Unidades de neonatología, in Estándares y recomendaciones de calidad, e.e.i. Informes, Editor. 2014, Ministerio de Sanidad, Servicios Sociales e Igualdad. | M20: B | N20: =IF(M20="B",1,IF(M20="A",10,0)) -> 1 | O20: n.a. | P20: Los tratamientos se hacen en la misma sala de cuidados críticos.
A21: =A20+1 -> 20 | C21: Clínica | D21: Box individual de cuidados intensivos | E21: Instalación | F21: =IF(E21="Distribución",5,IF(E21="instalación",4,IF(E21="equipamiento",3,IF(E21="suelo",3,IF(E21="hueco",4,IF(E21="techo",2,IF(E21="puerta",2,IF(E21="pared",2,IF(E21="mobiliario",1,IF(E21="señalética",1,IF(E21="arte",1,0))))))))))) -> 4 | G21: Ventilado mecánicamente. | H21: 0 | I21: 0 | J21: 0 | K21: 1 | L21: Reglamento de instalaciones térmicas en los edificios (RITE), BOE-A-2007-15820, Editor. 2007, Ministerio de la Presidencia. | M21: B | N21: =IF(M21="B",1,IF(M21="A",10,0)) -> 1 | O21: n.a.
A22: =A21+1 -> 21 | C22: Clínica | D22: Box individual de cuidados intensivos | E22: Instalación | F22: =IF(E22="Distribución",5,IF(E22="instalación",4,IF(E22="equipamiento",3,IF(E22="suelo",3,IF(E22="hueco",4,IF(E22="techo",2,IF(E22="puerta",2,IF(E22="pared",2,IF(E22="mobiliario",1,IF(E22="señalética",1,IF(E22="arte",1,0))))))))))) -> 4 | G22: Ventilación 100 % aire exterior (sin recirculación) y presión negativa. Dispositivo para visualizar el mantenimiento de la presión negativa y la dirección del flujo del aire. Su perímetro está herméticamente sellado (suelos, techos, paredes y penetraciones de instalaciones). | H22: 1 | I22: 0 | J22: 0 | K22: 1 | L22: Unidades de neonatología, in Estándares y recomendaciones de calidad, e.e.i. Informes, Editor. 2014, Ministerio de Sanidad, Servicios Sociales e Igualdad. | M22: B | N22: =IF(M22="B",1,IF(M22="A",10,0)) -> 1 | O22: n.a.
A23: =A22+1 -> 22 | C23: Clínica | D23: Box individual de cuidados intensivos | E23: Equipamiento | F23: =IF(E23="Distribución",5,IF(E23="instalación",4,IF(E23="equipamiento",3,IF(E23="suelo",3,IF(E23="hueco",4,IF(E23="techo",2,IF(E23="puerta",2,IF(E23="pared",2,IF(E23="mobiliario",1,IF(E23="señalética",1,IF(E23="arte",1,0))))))))))) -> 3 | G23: La temperatura se puede regular entre 21º C y 30º C. | H23: 1 | I23: 0 | J23: 0 | K23: 0 | L23: Unidades de neonatología, in Estándares y recomendaciones de calidad, e.e.i. Informes, Editor. 2014, Ministerio de Sanidad, Servicios Sociales e Igualdad. | M23: B | N23: =IF(M23="B",1,IF(M23="A",10,0)) -> 1 | O23: n.a.
A24: =A23+1 -> 23 | C24: Clínica | D24: Box individual de cuidados intensivos | E24: Equipamiento | F24: =IF(E24="Distribución",5,IF(E24="instalación",4,IF(E24="equipamiento",3,IF(E24="suelo",3,IF(E24="hueco",4,IF(E24="techo",2,IF(E24="puerta",2,IF(E24="pared",2,IF(E24="mobiliario",1,IF(E24="señalética",1,IF(E24="arte",1,0))))))))))) -> 3 | G24: Sistema de monitorización remoto del neonato y de comunicación de emergencia. | H24: 1 | I24: 1 | J24: 0 | K24: 0 | L24: Unidades de neonatología, in Estándares y recomendaciones de calidad, e.e.i. Informes, Editor. 2014, Ministerio de Sanidad, Servicios Sociales e Igualdad. | M24: B | N24: =IF(M24="B",1,IF(M24="A",10,0)) -> 1 | O24: n.a.
A25: =A24+1 -> 24 | C25: Clínica | D25: Box individual de cuidados intensivos | E25: Equipamiento | F25: =IF(E25="Distribución",5,IF(E25="instalación",4,IF(E25="equipamiento",3,IF(E25="suelo",3,IF(E25="hueco",4,IF(E25="techo",2,IF(E25="puerta",2,IF(E25="pared",2,IF(E25="mobiliario",1,IF(E25="señalética",1,IF(E25="arte",1,0))))))))))) -> 3 | G25: Lavabo próximo a la entrada a la habitación que permite el lavado de manos quirúrgico, evita salpicaduras y retenciones de agua. Dimensión mínima del lavabo de 60 cm (largo), 40 cm (ancho) y 25 cm (profundidad). El grifo del lavabo se activa automáticamente mediante un sensor de temperatura. | H25: 1 | I25: 1 | J25: 0 | K25: 0 | L25: Unidades de neonatología, in Estándares y recomendaciones de calidad, e.e.i. Informes, Editor. 2014, Ministerio de Sanidad, Servicios Sociales e Igualdad. | M25: B | N25: =IF(M25="B",1,IF(M25="A",10,0)) -> 1 | O25: n.a.
A26: =A25+1 -> 25 | C26: Clínica | D26: Box individual de cuidados intensivos | E26: Puerta | F26: =IF(E26="Distribución",5,IF(E26="instalación",4,IF(E26="equipamiento",3,IF(E26="suelo",3,IF(E26="hueco",4,IF(E26="techo",2,IF(E26="puerta",2,IF(E26="pared",2,IF(E26="mobiliario",1,IF(E26="señalética",1,IF(E26="arte",1,0))))))))))) -> 2 | G26: Dispositivo de cierre automático o sistema de doble puerta auto-enclavadas para mantener la presión negativa. | H26: 1 | I26: 0 | J26: 0 | K26: 1 | L26: Unidades de neonatología, in Estándares y recomendaciones de calidad, e.e.i. Informes, Editor. 2014, Ministerio de Sanidad, Servicios Sociales e Igualdad. | M26: B | N26: =IF(M26="B",1,IF(M26="A",10,0)) -> 1 | O26: n.a.
A27: =A26+1 -> 26 | C27: Clínica | D27: Box individual de cuidados intensivos | E27: Puerta | F27: =IF(E27="Distribución",5,IF(E27="instalación",4,IF(E27="equipamiento",3,IF(E27="suelo",3,IF(E27="hueco",4,IF(E27="techo",2,IF(E27="puerta",2,IF(E27="pared",2,IF(E27="mobiliario",1,IF(E27="señalética",1,IF(E27="arte",1,0))))))))))) -> 2 | G27: Ventana de observación que se puede oscurecer para mantener la privacidad. | H27: 0 | I27: 0 | J27: 1 | K27: 0 | L27: Unidades de neonatología, in Estándares y recomendaciones de calidad, e.e.i. Informes, Editor. 2014, Ministerio de Sanidad, Servicios Sociales e Igualdad. | M27: B | N27: =IF(M27="B",1,IF(M27="A",10,0)) -> 1 | O27: n.a.
A28: =A27+1 -> 27 | C28: Clínica | D28: Box individual de cuidados intensivos | E28: Mobiliario | F28: =IF(E28="Distribución",5,IF(E28="instalación",4,IF(E28="equipamiento",3,IF(E28="suelo",3,IF(E28="hueco",4,IF(E28="techo",2,IF(E28="puerta",2,IF(E28="pared",2,IF(E28="mobiliario",1,IF(E28="señalética",1,IF(E28="arte",1,0))))))))))) -> 1 | G28: Dispensador para la desinfección y el lavado de manos, gel de manos y papel desechable. | H28: 1 | I28: 1 | J28: 0 | K28: 0 | L28: Unidades de neonatología, in Estándares y recomendaciones de calidad, e.e.i. Informes, Editor. 2014, Ministerio de Sanidad, Servicios Sociales e Igualdad. | M28: B | N28: =IF(M28="B",1,IF(M28="A",10,0)) -> 1 | O28: n.a.
A29: =A28+1 -> 28 | C29: Clínica | D29: Box individual de cuidados intensivos | E29: Mobiliario | F29: =IF(E29="Distribución",5,IF(E29="instalación",4,IF(E29="equipamiento",3,IF(E29="suelo",3,IF(E29="hueco",4,IF(E29="techo",2,IF(E29="puerta",2,IF(E29="pared",2,IF(E29="mobiliario",1,IF(E29="señalética",1,IF(E29="arte",1,0))))))))))) -> 1 | G29: Reloj sincronizado con segundero. | H29: 0 | I29: 1 | J29: 0 | K29: 0 | L29: Unidades de neonatología, in Estándares y recomendaciones de calidad, e.e.i. Informes, Editor. 2014, Ministerio de Sanidad, Servicios Sociales e Igualdad. | M29: B | N29: =IF(M29="B",1,IF(M29="A",10,0)) -> 1 | O29: n.a.
A30: =A29+1 -> 29 | C30: Clínica | D30: Sala múltiple de cuidados intensivos | E30: Distribución | F30: =IF(E30="Distribución",5,IF(E30="instalación",4,IF(E30="equipamiento",3,IF(E30="suelo",3,IF(E30="hueco",4,IF(E30="techo",2,IF(E30="puerta",2,IF(E30="pared",2,IF(E30="mobiliario",1,IF(E30="señalética",1,IF(E30="arte",1,0))))))))))) -> 5 | G30: Ubicada en la zona central de la unidad y comunicada con el resto de zonas de la unidad. | H30: 1 | I30: 1 | J30: 0 | K30: 0 | L30: Unidades de neonatología, in Estándares y recomendaciones de calidad, e.e.i. Informes, Editor. 2014, Ministerio de Sanidad, Servicios Sociales e Igualdad. | M30: B | N30: =IF(M30="B",1,IF(M30="A",10,0)) -> 1 | O30: sí
A31: =A30+1 -> 30 | C31: Clínica | D31: Sala múltiple de cuidados intensivos | E31: Distribución | F31: =IF(E31="Distribución",5,IF(E31="instalación",4,IF(E31="equipamiento",3,IF(E31="suelo",3,IF(E31="hueco",4,IF(E31="techo",2,IF(E31="puerta",2,IF(E31="pared",2,IF(E31="mobiliario",1,IF(E31="señalética",1,IF(E31="arte",1,0))))))))))) -> 5 | G31: La sala de cuidados intensivos y la sala de cuidados intermedios se ubican de manera contígua y en el mismo nivel. | H31: 0 | I31: 1 | J31: 0 | K31: 1 | L31: Unidades de neonatología, in Estándares y recomendaciones de calidad, e.e.i. Informes, Editor. 2014, Ministerio de Sanidad, Servicios Sociales e Igualdad. | M31: B | N31: =IF(M31="B",1,IF(M31="A",10,0)) -> 1 | O31: sí
A32: =A31+1 -> 31 | C32: Clínica | D32: Sala múltiple de cuidados intensivos | E32: Distribución | F32: =IF(E32="Distribución",5,IF(E32="instalación",4,IF(E32="equipamiento",3,IF(E32="suelo",3,IF(E32="hueco",4,IF(E32="techo",2,IF(E32="puerta",2,IF(E32="pared",2,IF(E32="mobiliario",1,IF(E32="señalética",1,IF(E32="arte",1,0))))))))))) -> 5 | G32: Una sala por cada seis puestos como máximo (intensivo). | H32: 1 | I32: 1 | J32: 0 | K32: 0 | L32: Unidades de neonatología, in Estándares y recomendaciones de calidad, e.e.i. Informes, Editor. 2014, Ministerio de Sanidad, Servicios Sociales e Igualdad. | M32: B | N32: =IF(M32="B",1,IF(M32="A",10,0)) -> 1 | O32: sí
A33: =A32+1 -> 32 | C33: Clínica | D33: Sala múltiple de cuidados intensivos | E33: Distribución | F33: =IF(E33="Distribución",5,IF(E33="instalación",4,IF(E33="equipamiento",3,IF(E33="suelo",3,IF(E33="hueco",4,IF(E33="techo",2,IF(E33="puerta",2,IF(E33="pared",2,IF(E33="mobiliario",1,IF(E33="señalética",1,IF(E33="arte",1,0))))))))))) -> 5 | G33: (La superficie útil para cada puesto de cuidados intensivos (en box individual o en sala múltiple) no debe ser inferior a 16 m² (dimensión de 4,10 x 3,90 m). La superficie útil recomendada por puesto de cuidados intensivos es de 20 m²)¹. (Distancia entre incubadoras mayor a 1,82 m. El ancho mínimo del pasillo central es de 2,4 m. Las cunas o incubadoras se sitúan a más de 600mm de las ventanas.)² | H33: 1 | I33: 1 | J33: 0 | K33: 0 | L33: 1. Unidades de neonatología, in Estándares y recomendaciones de calidad, e.e.i. Informes, Editor. 2014, Ministerio de Sanidad, Servicios Sociales e Igualdad 2. García del Rio, M., et al., Revisión de los estándares y recomendaciones para el diseño de una unidad de neonatología. An Pediatr (Barc), 2007. | M33: A | N33: =IF(M33="B",1,IF(M33="A",10,0)) -> 10 | O33: no | P33: La sala mide unos 67 metros cuadrados y tiene una capacidad de seis puestos por lo que el área por puesto es de 11,2 metros cuadrados.
A34: =A33+1 -> 33 | C34: Clínica | D34: Sala múltiple de cuidados intensivos | E34: Distribución | F34: =IF(E34="Distribución",5,IF(E34="instalación",4,IF(E34="equipamiento",3,IF(E34="suelo",3,IF(E34="hueco",4,IF(E34="techo",2,IF(E34="puerta",2,IF(E34="pared",2,IF(E34="mobiliario",1,IF(E34="señalética",1,IF(E34="arte",1,0))))))))))) -> 5 | G34: Existe suficiente espacio para acceder a la incubadora incluso estando la madre encamada. | H34: 0 | I34: 0 | J34: 1 | K34: 0 | L34: Autores CURARQ. | M34: B | N34: =IF(M34="B",1,IF(M34="A",10,0)) -> 1 | O34: no | P34: No cumple.
A35: =A34+1 -> 34 | C35: Clínica | D35: Sala múltiple de cuidados intensivos | E35: Hueco | F35: =IF(E35="Distribución",5,IF(E35="instalación",4,IF(E35="equipamiento",3,IF(E35="suelo",3,IF(E35="hueco",4,IF(E35="techo",2,IF(E35="puerta",2,IF(E35="pared",2,IF(E35="mobiliario",1,IF(E35="señalética",1,IF(E35="arte",1,0))))))))))) -> 4 | G35: Iluminación natural. | H35: 1 | I35: 1 | J35: 1 | K35: 0 | L35: Unidades de neonatología, in Estándares y recomendaciones de calidad, e.e.i. Informes, Editor. 2014, Ministerio de Sanidad, Servicios Sociales e Igualdad. | M35: B | N35: =IF(M35="B",1,IF(M35="A",10,0)) -> 1 | O35: sí
A36: =A35+1 -> 35 | C36: Clínica | D36: Sala múltiple de cuidados intensivos | E36: Hueco | F36: =IF(E36="Distribución",5,IF(E36="instalación",4,IF(E36="equipamiento",3,IF(E36="suelo",3,IF(E36="hueco",4,IF(E36="techo",2,IF(E36="puerta",2,IF(E36="pared",2,IF(E36="mobiliario",1,IF(E36="señalética",1,IF(E36="arte",1,0))))))))))) -> 4 | G36: Las ventanas practicable cuentan con un sistema de seguridad controlado por el personal. | H36: 1 | I36: 0 | J36: 0 | K36: 1 | L36: Unidades de neonatología, in Estándares y recomendaciones de calidad, e.e.i. Informes, Editor. 2014, Ministerio de Sanidad, Servicios Sociales e Igualdad. | M36: B | N36: =IF(M36="B",1,IF(M36="A",10,0)) -> 1 | O36: sí
A37: =A36+1 -> 36 | C37: Clínica | D37: Sala múltiple de cuidados intensivos | E37: Hueco | F37: =IF(E37="Distribución",5,IF(E37="instalación",4,IF(E37="equipamiento",3,IF(E37="suelo",3,IF(E37="hueco",4,IF(E37="techo",2,IF(E37="puerta",2,IF(E37="pared",2,IF(E37="mobiliario",1,IF(E37="señalética",1,IF(E37="arte",1,0))))))))))) -> 4 | G37: Dispositivos para matizar la iluminación natural. | H37: 1 | I37: 1 | J37: 0 | K37: 0 | L37: Unidades de neonatología, in Estándares y recomendaciones de calidad, e.e.i. Informes, Editor. 2014, Ministerio de Sanidad, Servicios Sociales e Igualdad. | M37: B | N37: =IF(M37="B",1,IF(M37="A",10,0)) -> 1 | O37: sí
A38: =A37+1 -> 37 | C38: Clínica | D38: Sala múltiple de cuidados intensivos | E38: Instalación | F38: =IF(E38="Distribución",5,IF(E38="instalación",4,IF(E38="equipamiento",3,IF(E38="suelo",3,IF(E38="hueco",4,IF(E38="techo",2,IF(E38="puerta",2,IF(E38="pared",2,IF(E38="mobiliario",1,IF(E38="señalética",1,IF(E38="arte",1,0))))))))))) -> 4 | G38: Ventilado mecánicamente. | H38: 0 | I38: 0 | J38: 0 | K38: 1 | L38: Reglamento de instalaciones térmicas en los edificios (RITE), BOE-A-2007-15820, Editor. 2007, Ministerio de la Presidencia. | M38: B | N38: =IF(M38="B",1,IF(M38="A",10,0)) -> 1 | O38: sí
A39: =A38+1 -> 38 | C39: Clínica | D39: Sala múltiple de cuidados intensivos | E39: Instalación | F39: =IF(E39="Distribución",5,IF(E39="instalación",4,IF(E39="equipamiento",3,IF(E39="suelo",3,IF(E39="hueco",4,IF(E39="techo",2,IF(E39="puerta",2,IF(E39="pared",2,IF(E39="mobiliario",1,IF(E39="señalética",1,IF(E39="arte",1,0))))))))))) -> 4 | G39: Las rejillas de impulsión del sistema de climatización se encuentran alejadas de las zonas de paso y de las incubadoras o cunas. La extracción de aire del sistema de climatización se produce en las zonas próximas al suelo. | H39: 0 | I39: 1 | J39: 1 | K39: 0 | L39: Unidades de neonatología, in Estándares y recomendaciones de calidad, e.e.i. Informes, Editor. 2014, Ministerio de Sanidad, Servicios Sociales e Igualdad. | M39: B | N39: =IF(M39="B",1,IF(M39="A",10,0)) -> 1 | O39: no | P39: Todo por el techo.
A40: =A39+1 -> 39 | C40: Clínica | D40: Sala múltiple de cuidados intensivos | E40: Instalación | F40: =IF(E40="Distribución",5,IF(E40="instalación",4,IF(E40="equipamiento",3,IF(E40="suelo",3,IF(E40="hueco",4,IF(E40="techo",2,IF(E40="puerta",2,IF(E40="pared",2,IF(E40="mobiliario",1,IF(E40="señalética",1,IF(E40="arte",1,0))))))))))) -> 4 | G40: El nivel de ruido es menor a 45 dB (10-55 dB) y no supera un máximo de 65-70 dB de forma transitoria. | H40: 1 | I40: 1 | J40: 1 | K40: 0 | L40: 1. Unidades de neonatología, in Estándares y recomendaciones de calidad, e.e.i. Informes, Editor. 2014, Ministerio de Sanidad, Servicios Sociales e Igualdad. 2. Fortes Garrido, J.C., et al., The characterization of noise levels in a neonatal intensive care unit and the implications for noise management. Journal of Environmental Health Science & Engineering, 2014. 12. | M40: A | N40: =IF(M40="B",1,IF(M40="A",10,0)) -> 10 | O40: n.a. | P40: Ítem posterior a la evaluación.
A41: =A40+1 -> 40 | C41: Clínica | D41: Sala múltiple de cuidados intensivos | E41: Equipamiento | F41: =IF(E41="Distribución",5,IF(E41="instalación",4,IF(E41="equipamiento",3,IF(E41="suelo",3,IF(E41="hueco",4,IF(E41="techo",2,IF(E41="puerta",2,IF(E41="pared",2,IF(E41="mobiliario",1,IF(E41="señalética",1,IF(E41="arte",1,0))))))))))) -> 3 | G41: Equipamiento en columnas de techo o en pared para permitir la circulación completa alrededor de la incubadora. | H41: 1 | I41: 1 | J41: 0 | K41: 0 | L41: Health Building note 09-03: Neonatal units, in 8720:0.6:England. 2013, Department of Health. | M41: B | N41: =IF(M41="B",1,IF(M41="A",10,0)) -> 1 | O41: sí
A42: =A41+1 -> 41 | C42: Clínica | D42: Sala múltiple de cuidados intensivos | E42: Equipamiento | F42: =IF(E42="Distribución",5,IF(E42="instalación",4,IF(E42="equipamiento",3,IF(E42="suelo",3,IF(E42="hueco",4,IF(E42="techo",2,IF(E42="puerta",2,IF(E42="pared",2,IF(E42="mobiliario",1,IF(E42="señalética",1,IF(E42="arte",1,0))))))))))) -> 3 | G42: Control de temperatura mediante termostato en cada sala multiple. | H42: 1 | I42: 1 | J42: 0 | K42: 0 | L42: Unidades de neonatología, in Estándares y recomendaciones de calidad, e.e.i. Informes, Editor. 2014, Ministerio de Sanidad, Servicios Sociales e Igualdad. | M42: B | N42: =IF(M42="B",1,IF(M42="A",10,0)) -> 1 | O42: sí
A43: =A42+1 -> 42 | C43: Clínica | D43: Sala múltiple de cuidados intensivos | E43: Equipamiento | F43: =IF(E43="Distribución",5,IF(E43="instalación",4,IF(E43="equipamiento",3,IF(E43="suelo",3,IF(E43="hueco",4,IF(E43="techo",2,IF(E43="puerta",2,IF(E43="pared",2,IF(E43="mobiliario",1,IF(E43="señalética",1,IF(E43="arte",1,0))))))))))) -> 3 | G43: La iluminación es regulable en cada uno de los puestos de neonatos. | H43: 1 | I43: 1 | J43: 0 | K43: 0 | L43: Unidades de neonatología, in Estándares y recomendaciones de calidad, e.e.i. Informes, Editor. 2014, Ministerio de Sanidad, Servicios Sociales e Igualdad. | M43: B | N43: =IF(M43="B",1,IF(M43="A",10,0)) -> 1 | O43: sí
A44: =A43+1 -> 43 | C44: Clínica | D44: Sala múltiple de cuidados intensivos | E44: Equipamiento | F44: =IF(E44="Distribución",5,IF(E44="instalación",4,IF(E44="equipamiento",3,IF(E44="suelo",3,IF(E44="hueco",4,IF(E44="techo",2,IF(E44="puerta",2,IF(E44="pared",2,IF(E44="mobiliario",1,IF(E44="señalética",1,IF(E44="arte",1,0))))))))))) -> 3 | G44: Cada puesto cuenta con tomas eléctricas (conectadas a un sistema de alimentación ininterrumpida), monitorización multiparamétrica, instalación de llamada de personal, tomas de vacío, tomas de oxígeno, tomas de aire comprimido, luminaria para exploración y toma de datos. | H44: 1 | I44: 1 | J44: 0 | K44: 0 | L44: Unidades de neonatología, in Estándares y recomendaciones de calidad, e.e.i. Informes, Editor. 2014, Ministerio de Sanidad, Servicios Sociales e Igualdad. | M44: B | N44: =IF(M44="B",1,IF(M44="A",10,0)) -> 1 | O44: sí
A45: =A44+1 -> 44 | C45: Clínica | D45: Sala múltiple de cuidados intensivos | E45: Equipamiento | F45: =IF(E45="Distribución",5,IF(E45="instalación",4,IF(E45="equipamiento",3,IF(E45="suelo",3,IF(E45="hueco",4,IF(E45="techo",2,IF(E45="puerta",2,IF(E45="pared",2,IF(E45="mobiliario",1,IF(E45="señalética",1,IF(E45="arte",1,0))))))))))) -> 3 | G45: Tomas eléctricas en paredes (a una altura de 90 cm del suelo) para equipos portátiles. | H45: 1 | I45: 1 | J45: 0 | K45: 0 | L45: Unidades de neonatología, in Estándares y recomendaciones de calidad, e.e.i. Informes, Editor. 2014, Ministerio de Sanidad, Servicios Sociales e Igualdad. | M45: B | N45: =IF(M45="B",1,IF(M45="A",10,0)) -> 1 | O45: n.a. | P45: Ítem posterior a la evaluación.
A46: =A45+1 -> 45 | C46: Clínica | D46: Sala múltiple de cuidados intensivos | E46: Equipamiento | F46: =IF(E46="Distribución",5,IF(E46="instalación",4,IF(E46="equipamiento",3,IF(E46="suelo",3,IF(E46="hueco",4,IF(E46="techo",2,IF(E46="puerta",2,IF(E46="pared",2,IF(E46="mobiliario",1,IF(E46="señalética",1,IF(E46="arte",1,0))))))))))) -> 3 | G46: Humedad relativa entre el 30 y el 60 %. La temperatura se puede regular entre 21 y 30 º C. Control de temperatura mediante termostatos en cada puesto de neonato o en cada sala de múltiples puestos. | H46: 1 | I46: 1 | J46: 0 | K46: 0 | L46: Unidades de neonatología, in Estándares y recomendaciones de calidad, e.e.i. Informes, Editor. 2014, Ministerio de Sanidad, Servicios Sociales e Igualdad. | M46: B | N46: =IF(M46="B",1,IF(M46="A",10,0)) -> 1 | O46: sí
A47: =A46+1 -> 46 | C47: Clínica | D47: Sala múltiple de cuidados intensivos | E47: Equipamiento | F47: =IF(E47="Distribución",5,IF(E47="instalación",4,IF(E47="equipamiento",3,IF(E47="suelo",3,IF(E47="hueco",4,IF(E47="techo",2,IF(E47="puerta",2,IF(E47="pared",2,IF(E47="mobiliario",1,IF(E47="señalética",1,IF(E47="arte",1,0))))))))))) -> 3 | G47: Una instalación de lavado de manos por sala. | H47: 1 | I47: 1 | J47: 0 | K47: 0 | L47: Autores CURARQ | M47: B | N47: =IF(M47="B",1,IF(M47="A",10,0)) -> 1 | O47: no
A48: =A47+1 -> 47 | C48: Clínica | D48: Sala múltiple de cuidados intensivos | E48: Equipamiento | F48: =IF(E48="Distribución",5,IF(E48="instalación",4,IF(E48="equipamiento",3,IF(E48="suelo",3,IF(E48="hueco",4,IF(E48="techo",2,IF(E48="puerta",2,IF(E48="pared",2,IF(E48="mobiliario",1,IF(E48="señalética",1,IF(E48="arte",1,0))))))))))) -> 3 | G48: El lavabo permite el lavado de manos quirúrgico, evita salpicaduras y retenciones de agua. El grifo del lavabo se activa automáticamente con un sensor de temperatura. Dimensión mínima del lavabo de 60 cm (largo), 40 cm (ancho) y 25 cm (profundidad). | H48: 1 | I48: 1 | J48: 0 | K48: 1 | L48: Unidades de neonatología, in Estándares y recomendaciones de calidad, e.e.i. Informes, Editor. 2014, Ministerio de Sanidad, Servicios Sociales e Igualdad. | M48: B | N48: =IF(M48="B",1,IF(M48="A",10,0)) -> 1 | O48: sí
A49: =A48+1 -> 48 | C49: Clínica | D49: Sala múltiple de cuidados intensivos | E49: Suelo | F49: =IF(E49="Distribución",5,IF(E49="instalación",4,IF(E49="equipamiento",3,IF(E49="suelo",3,IF(E49="hueco",4,IF(E49="techo",2,IF(E49="puerta",2,IF(E49="pared",2,IF(E49="mobiliario",1,IF(E49="señalética",1,IF(E49="arte",1,0))))))))))) -> 3 | G49: De fácil limpieza, lisos, no porosos, continuos, con soluciones que proporcionen continuidad con paredes mediante escocias, de manera que se minimice el desarrollo de microorganismos. Resistente a un uso intensivo de equipos portátiles y una limpieza agresiva. Suelo no brillante. | H49: 1 | I49: 1 | J49: 0 | K49: 1 | L49: Unidades de neonatología, in Estándares y recomendaciones de calidad, e.e.i. Informes, Editor. 2014, Ministerio de Sanidad, Servicios Sociales e Igualdad. | M49: B | N49: =IF(M49="B",1,IF(M49="A",10,0)) -> 1 | O49: sí | P49: Y con escocia entre el suelo y la pared.
A50: =A49+1 -> 49 | C50: Clínica | D50: Sala múltiple de cuidados intensivos | E50: Techo | F50: =IF(E50="Distribución",5,IF(E50="instalación",4,IF(E50="equipamiento",3,IF(E50="suelo",3,IF(E50="hueco",4,IF(E50="techo",2,IF(E50="puerta",2,IF(E50="pared",2,IF(E50="mobiliario",1,IF(E50="señalética",1,IF(E50="arte",1,0))))))))))) -> 2 | G50: Fáciles de limpiar, lisos y no porosos. | H50: 1 | I50: 1 | J50: 0 | K50: 1 | L50: Unidades de neonatología, in Estándares y recomendaciones de calidad, e.e.i. Informes, Editor. 2014, Ministerio de Sanidad, Servicios Sociales e Igualdad. | M50: B | N50: =IF(M50="B",1,IF(M50="A",10,0)) -> 1 | O50: sí
A51: =A50+1 -> 50 | C51: Clínica | D51: Sala múltiple de cuidados intensivos | E51: Pared | F51: =IF(E51="Distribución",5,IF(E51="instalación",4,IF(E51="equipamiento",3,IF(E51="suelo",3,IF(E51="hueco",4,IF(E51="techo",2,IF(E51="puerta",2,IF(E51="pared",2,IF(E51="mobiliario",1,IF(E51="señalética",1,IF(E51="arte",1,0))))))))))) -> 2 | G51: De fácil limpieza, lisas, continuas y no porosas. Permiten una limpieza agresiva y disponen de protecciones para resistir los impactos ocasionales de carros y equipos portátiles pesados. | H51: 1 | I51: 1 | J51: 0 | K51: 1 | L51: Unidades de neonatología, in Estándares y recomendaciones de calidad, e.e.i. Informes, Editor. 2014, Ministerio de Sanidad, Servicios Sociales e Igualdad. | M51: B | N51: =IF(M51="B",1,IF(M51="A",10,0)) -> 1 | O51: sí
A52: =A51+1 -> 51 | C52: Clínica | D52: Sala múltiple de cuidados intensivos | E52: Pared | F52: =IF(E52="Distribución",5,IF(E52="instalación",4,IF(E52="equipamiento",3,IF(E52="suelo",3,IF(E52="hueco",4,IF(E52="techo",2,IF(E52="puerta",2,IF(E52="pared",2,IF(E52="mobiliario",1,IF(E52="señalética",1,IF(E52="arte",1,0))))))))))) -> 2 | G52: Utilizan colores que no son fuertes ni oscuros para no reducir la eficiencia de la iluminación. Acabado no brillante. | H52: 0 | I52: 1 | J52: 1 | K52: 0 | L52: Unidades de neonatología, in Estándares y recomendaciones de calidad, e.e.i. Informes, Editor. 2014, Ministerio de Sanidad, Servicios Sociales e Igualdad. | M52: B | N52: =IF(M52="B",1,IF(M52="A",10,0)) -> 1 | O52: sí
A53: =A52+1 -> 52 | C53: Clínica | D53: Sala múltiple de cuidados intensivos | E53: Puerta | F53: =IF(E53="Distribución",5,IF(E53="instalación",4,IF(E53="equipamiento",3,IF(E53="suelo",3,IF(E53="hueco",4,IF(E53="techo",2,IF(E53="puerta",2,IF(E53="pared",2,IF(E53="mobiliario",1,IF(E53="señalética",1,IF(E53="arte",1,0))))))))))) -> 2 | G53: Disponen de sistemas de amortiguación y cierre silencioso. | H53: 1 | I53: 1 | J53: 1 | K53: 0 | L53: Unidades de neonatología, in Estándares y recomendaciones de calidad, e.e.i. Informes, Editor. 2014, Ministerio de Sanidad, Servicios Sociales e Igualdad. | M53: B | N53: =IF(M53="B",1,IF(M53="A",10,0)) -> 1 | O53: sí | P53: Correderas.
A54: =A53+1 -> 53 | C54: Clínica | D54: Sala múltiple de cuidados intensivos | E54: Puerta | F54: =IF(E54="Distribución",5,IF(E54="instalación",4,IF(E54="equipamiento",3,IF(E54="suelo",3,IF(E54="hueco",4,IF(E54="techo",2,IF(E54="puerta",2,IF(E54="pared",2,IF(E54="mobiliario",1,IF(E54="señalética",1,IF(E54="arte",1,0))))))))))) -> 2 | G54: Paso libre de 140 cm para permitir el paso de equipos de grandes dimensiones. Resuelta con dos hojas de 92,5 cm o con puertas correderas. | H54: 1 | I54: 1 | J54: 0 | K54: 0 | L54: Unidades de neonatología, in Estándares y recomendaciones de calidad, e.e.i. Informes, Editor. 2014, Ministerio de Sanidad, Servicios Sociales e Igualdad. | M54: B | N54: =IF(M54="B",1,IF(M54="A",10,0)) -> 1 | O54: n.a. | P54: Ítem posterior a la evaluación.
A55: =A54+1 -> 54 | C55: Clínica | D55: Sala múltiple de cuidados intensivos | E55: Puerta | F55: =IF(E55="Distribución",5,IF(E55="instalación",4,IF(E55="equipamiento",3,IF(E55="suelo",3,IF(E55="hueco",4,IF(E55="techo",2,IF(E55="puerta",2,IF(E55="pared",2,IF(E55="mobiliario",1,IF(E55="señalética",1,IF(E55="arte",1,0))))))))))) -> 2 | G55: Con elementos transparentes para facilitar la observación del personal de enfermería. | H55: 0 | I55: 1 | J55: 0 | K55: 0 | L55: Unidades de neonatología, in Estándares y recomendaciones de calidad, e.e.i. Informes, Editor. 2014, Ministerio de Sanidad, Servicios Sociales e Igualdad. | M55: B | N55: =IF(M55="B",1,IF(M55="A",10,0)) -> 1 | O55: n.a. | P55: Ítem posterior a la evaluación.
A56: =A55+1 -> 55 | C56: Clínica | D56: Sala múltiple de cuidados intensivos | E56: Mobiliario | F56: =IF(E56="Distribución",5,IF(E56="instalación",4,IF(E56="equipamiento",3,IF(E56="suelo",3,IF(E56="hueco",4,IF(E56="techo",2,IF(E56="puerta",2,IF(E56="pared",2,IF(E56="mobiliario",1,IF(E56="señalética",1,IF(E56="arte",1,0))))))))))) -> 1 | G56: Apariencia doméstica. | H56: 0 | I56: 0 | J56: 1 | K56: 0 | L56: Unidades de neonatología, in Estándares y recomendaciones de calidad, e.e.i. Informes, Editor. 2014, Ministerio de Sanidad, Servicios Sociales e Igualdad. | M56: B | N56: =IF(M56="B",1,IF(M56="A",10,0)) -> 1 | O56: no | P56: Ambiente clínico.
A57: =A56+1 -> 56 | C57: Clínica | D57: Sala múltiple de cuidados intensivos | E57: Mobiliario | F57: =IF(E57="Distribución",5,IF(E57="instalación",4,IF(E57="equipamiento",3,IF(E57="suelo",3,IF(E57="hueco",4,IF(E57="techo",2,IF(E57="puerta",2,IF(E57="pared",2,IF(E57="mobiliario",1,IF(E57="señalética",1,IF(E57="arte",1,0))))))))))) -> 1 | G57: La luz natural se puede matizar para evitar el deslumbramiento, la luz solar directa y las ganancias térmicas no deseadas. | H57: 1 | I57: 1 | J57: 0 | K57: 1 | L57: 1. Unidades de neonatología, in Estándares y recomendaciones de calidad, e.e.i. Informes, Editor. 2014, Ministerio de Sanidad, Servicios Sociales e Igualdad. 2. Roques V, et al., Contaminación ambiental en las unidades de neonatología. | M57: A | N57: =IF(M57="B",1,IF(M57="A",10,0)) -> 10 | O57: sí
A58: =A57+1 -> 57 | C58: Clínica | D58: Sala múltiple de cuidados intensivos | E58: Mobiliario | F58: =IF(E58="Distribución",5,IF(E58="instalación",4,IF(E58="equipamiento",3,IF(E58="suelo",3,IF(E58="hueco",4,IF(E58="techo",2,IF(E58="puerta",2,IF(E58="pared",2,IF(E58="mobiliario",1,IF(E58="señalética",1,IF(E58="arte",1,0))))))))))) -> 1 | G58: Cada puesto está equipado con un dispensador para la desinfección y el lavado de manos. | H58: 1 | I58: 1 | J58: 0 | K58: 0 | L58: Unidades de neonatología, in Estándares y recomendaciones de calidad, e.e.i. Informes, Editor. 2014, Ministerio de Sanidad, Servicios Sociales e Igualdad. | M58: B | N58: =IF(M58="B",1,IF(M58="A",10,0)) -> 1 | O58: sí
A59: =A58+1 -> 58 | C59: Clínica | D59: Sala múltiple de cuidados intensivos | E59: Mobiliario | F59: =IF(E59="Distribución",5,IF(E59="instalación",4,IF(E59="equipamiento",3,IF(E59="suelo",3,IF(E59="hueco",4,IF(E59="techo",2,IF(E59="puerta",2,IF(E59="pared",2,IF(E59="mobiliario",1,IF(E59="señalética",1,IF(E59="arte",1,0))))))))))) -> 1 | G59: Sonómetro en forma de oreja o similar para controlar el nivel del sonido de la sala. | H59: 1 | I59: 1 | J59: 1 | K59: 0 | L59: 1. Social, M.d.S.y.P., Cuidados desde el nacimiento, in Recomendaciones basadas en pruebas y buenas prácticas. 2010: Madrid | M59: B | N59: =IF(M59="B",1,IF(M59="A",10,0)) -> 1 | O59: sí
A60: =A59+1 -> 59 | C60: Clínica | D60: Sala múltiple de cuidados intensivos | E60: Mobiliario | F60: =IF(E60="Distribución",5,IF(E60="instalación",4,IF(E60="equipamiento",3,IF(E60="suelo",3,IF(E60="hueco",4,IF(E60="techo",2,IF(E60="puerta",2,IF(E60="pared",2,IF(E60="mobiliario",1,IF(E60="señalética",1,IF(E60="arte",1,0))))))))))) -> 1 | G60: Los cajones disponen de sistemas de amortiguación. | H60: 1 | I60: 1 | J60: 1 | K60: 0 | L60: Unidades de neonatología, in Estándares y recomendaciones de calidad, e.e.i. Informes, Editor. 2014, Ministerio de Sanidad, Servicios Sociales e Igualdad. | M60: B | N60: =IF(M60="B",1,IF(M60="A",10,0)) -> 1 | O60: sí
A61: =A60+1 -> 60 | C61: Clínica | D61: Sala múltiple de cuidados intensivos | E61: Mobiliario | F61: =IF(E61="Distribución",5,IF(E61="instalación",4,IF(E61="equipamiento",3,IF(E61="suelo",3,IF(E61="hueco",4,IF(E61="techo",2,IF(E61="puerta",2,IF(E61="pared",2,IF(E61="mobiliario",1,IF(E61="señalética",1,IF(E61="arte",1,0))))))))))) -> 1 | G61: Las tapas de las papeleras tienen un mecanismo de cierre silencioso. Las tapas de las papeleras se abren y cierran con el pie. | H61: 1 | I61: 1 | J61: 1 | K61: 0 | L61: Health Building note 09-03: Neonatal units, in 8720:0.6:England. 2013, Department of Health. | M61: B | N61: =IF(M61="B",1,IF(M61="A",10,0)) -> 1 | O61: no | P61: Las papeleras no tienen tapas.
A62: =A61+1 -> 61 | C62: Clínica | D62: Sala múltiple de cuidados intensivos | E62: Mobiliario | F62: =IF(E62="Distribución",5,IF(E62="instalación",4,IF(E62="equipamiento",3,IF(E62="suelo",3,IF(E62="hueco",4,IF(E62="techo",2,IF(E62="puerta",2,IF(E62="pared",2,IF(E62="mobiliario",1,IF(E62="señalética",1,IF(E62="arte",1,0))))))))))) -> 1 | G62: Cada cuna o incubadora dispone de un mínimo de dos sillones exclusivos, cómodos y reclinables para los familiares del neonato. | H62: 0 | I62: 0 | J62: 1 | K62: 0 | L62: Unidades de neonatología, in Estándares y recomendaciones de calidad, e.e.i. Informes, Editor. 2014, Ministerio de Sanidad, Servicios Sociales e Igualdad. | M62: B | N62: =IF(M62="B",1,IF(M62="A",10,0)) -> 1 | O62: no | P62: No cumple.
A63: =A62+1 -> 62 | C63: Clínica | D63: Sala múltiple de cuidados intensivos | E63: Mobiliario | F63: =IF(E63="Distribución",5,IF(E63="instalación",4,IF(E63="equipamiento",3,IF(E63="suelo",3,IF(E63="hueco",4,IF(E63="techo",2,IF(E63="puerta",2,IF(E63="pared",2,IF(E63="mobiliario",1,IF(E63="señalética",1,IF(E63="arte",1,0))))))))))) -> 1 | G63: Espacio de almacenamiento para el material fungible y la ropa de los neonatos en cada puesto. | H63: 0 | I63: 1 | J63: 1 | K63: 0 | L63: Unidades de neonatología, in Estándares y recomendaciones de calidad, e.e.i. Informes, Editor. 2014, Ministerio de Sanidad, Servicios Sociales e Igualdad. | M63: B | N63: =IF(M63="B",1,IF(M63="A",10,0)) -> 1 | O63: sí | P63: En la misma incubadora, tiene como un maletero.
A64: =A63+1 -> 63 | C64: Clínica | D64: Sala múltiple de cuidados intensivos | E64: Mobiliario | F64: =IF(E64="Distribución",5,IF(E64="instalación",4,IF(E64="equipamiento",3,IF(E64="suelo",3,IF(E64="hueco",4,IF(E64="techo",2,IF(E64="puerta",2,IF(E64="pared",2,IF(E64="mobiliario",1,IF(E64="señalética",1,IF(E64="arte",1,0))))))))))) -> 1 | G64: Las superficies de los asientos y demás mobiliario se pueden desinfectar con facilidad. Tiene pocas juntas y están selladas. Resistente al uso intensivo. | H64: 0 | I64: 0 | J64: 0 | K64: 1 | L64: Unidades de neonatología, in Estándares y recomendaciones de calidad, e.e.i. Informes, Editor. 2014, Ministerio de Sanidad, Servicios Sociales e Igualdad. | M64: B | N64: =IF(M64="B",1,IF(M64="A",10,0)) -> 1 | O64: sí
A65: =A64+1 -> 64 | C65: Clínica | D65: Sala múltiple de cuidados intermedios | E65: Distribución | F65: =IF(E65="Distribución",5,IF(E65="instalación",4,IF(E65="equipamiento",3,IF(E65="suelo",3,IF(E65="hueco",4,IF(E65="techo",2,IF(E65="puerta",2,IF(E65="pared",2,IF(E65="mobiliario",1,IF(E65="señalética",1,IF(E65="arte",1,0))))))))))) -> 5 | G65: Ubicada en la zona central de la unidad y comunicada con el resto de zonas de la unidad. | H65: 1 | I65: 1 | J65: 0 | K65: 0 | L65: Unidades de neonatología, in Estándares y recomendaciones de calidad, e.e.i. Informes, Editor. 2014, Ministerio de Sanidad, Servicios Sociales e Igualdad. | M65: B | N65: =IF(M65="B",1,IF(M65="A",10,0)) -> 1 | O65: n.a. | P65: Local no evaluado.
A66: =A65+1 -> 65 | C66: Clínica | D66: Sala múltiple de cuidados intermedios | E66: Distribución | F66: =IF(E66="Distribución",5,IF(E66="instalación",4,IF(E66="equipamiento",3,IF(E66="suelo",3,IF(E66="hueco",4,IF(E66="techo",2,IF(E66="puerta",2,IF(E66="pared",2,IF(E66="mobiliario",1,IF(E66="señalética",1,IF(E66="arte",1,0))))))))))) -> 5 | G66: La sala de cuidados intermedios y la sala de cuidados intensivos son iguales para permitir la máxima flexibilidad. | H66: 0 | I66: 1 | J66: 0 | K66: 1 | L66: Unidades de neonatología, in Estándares y recomendaciones de calidad, e.e.i. Informes, Editor. 2014, Ministerio de Sanidad, Servicios Sociales e Igualdad. | M66: B | N66: =IF(M66="B",1,IF(M66="A",10,0)) -> 1 | O66: n.a.
A67: =A66+1 -> 66 | C67: Clínica | D67: Sala múltiple de cuidados intermedios | E67: Distribución | F67: =IF(E67="Distribución",5,IF(E67="instalación",4,IF(E67="equipamiento",3,IF(E67="suelo",3,IF(E67="hueco",4,IF(E67="techo",2,IF(E67="puerta",2,IF(E67="pared",2,IF(E67="mobiliario",1,IF(E67="señalética",1,IF(E67="arte",1,0))))))))))) -> 5 | G67: Una sala por cada seis puestos como máximo (intensivo). | H67: 1 | I67: 1 | J67: 0 | K67: 0 | L67: Unidades de neonatología, in Estándares y recomendaciones de calidad, e.e.i. Informes, Editor. 2014, Ministerio de Sanidad, Servicios Sociales e Igualdad. | M67: B | N67: =IF(M67="B",1,IF(M67="A",10,0)) -> 1 | O67: n.a.
A68: =A67+1 -> 67 | C68: Clínica | D68: Sala múltiple de cuidados intermedios | E68: Distribución | F68: =IF(E68="Distribución",5,IF(E68="instalación",4,IF(E68="equipamiento",3,IF(E68="suelo",3,IF(E68="hueco",4,IF(E68="techo",2,IF(E68="puerta",2,IF(E68="pared",2,IF(E68="mobiliario",1,IF(E68="señalética",1,IF(E68="arte",1,0))))))))))) -> 5 | G68: Distancia entre incubadoras mayor a 1,52. El ancho mínimo del pasillo central es de 1,8 m. Las cunas o incubadoras se sitúan a más de 600mm de las ventanas. | H68: 1 | I68: 1 | J68: 0 | K68: 0 | L68: García del Rio, M., et al., Revisión de los estándares y recomendaciones para el diseño de una unidad de neonatología. An Pediatr (Barc), 2007. | M68: A | N68: =IF(M68="B",1,IF(M68="A",10,0)) -> 10 | O68: n.a.
A69: =A68+1 -> 68 | C69: Clínica | D69: Sala múltiple de cuidados intermedios | E69: Distribución | F69: =IF(E69="Distribución",5,IF(E69="instalación",4,IF(E69="equipamiento",3,IF(E69="suelo",3,IF(E69="hueco",4,IF(E69="techo",2,IF(E69="puerta",2,IF(E69="pared",2,IF(E69="mobiliario",1,IF(E69="señalética",1,IF(E69="arte",1,0))))))))))) -> 5 | G69: Existe suficiente espacio para acceder a la incubadora incluso estando la madre encamada. | H69: 0 | I69: 0 | J69: 1 | K69: 0 | L69: Autores CURARQ. | M69: B | N69: =IF(M69="B",1,IF(M69="A",10,0)) -> 1 | O69: n.a.
A70: =A69+1 -> 69 | C70: Clínica | D70: Sala múltiple de cuidados intermedios | E70: Hueco | F70: =IF(E70="Distribución",5,IF(E70="instalación",4,IF(E70="equipamiento",3,IF(E70="suelo",3,IF(E70="hueco",4,IF(E70="techo",2,IF(E70="puerta",2,IF(E70="pared",2,IF(E70="mobiliario",1,IF(E70="señalética",1,IF(E70="arte",1,0))))))))))) -> 4 | G70: Iluminación natural. | H70: 1 | I70: 1 | J70: 1 | K70: 0 | L70: Unidades de neonatología, in Estándares y recomendaciones de calidad, e.e.i. Informes, Editor. 2014, Ministerio de Sanidad, Servicios Sociales e Igualdad. | M70: B | N70: =IF(M70="B",1,IF(M70="A",10,0)) -> 1 | O70: n.a.
A71: =A70+1 -> 70 | C71: Clínica | D71: Sala múltiple de cuidados intermedios | E71: Hueco | F71: =IF(E71="Distribución",5,IF(E71="instalación",4,IF(E71="equipamiento",3,IF(E71="suelo",3,IF(E71="hueco",4,IF(E71="techo",2,IF(E71="puerta",2,IF(E71="pared",2,IF(E71="mobiliario",1,IF(E71="señalética",1,IF(E71="arte",1,0))))))))))) -> 4 | G71: Las ventanas practicable cuentan con un sistema de seguridad controlado por el personal. | H71: 1 | I71: 0 | J71: 0 | K71: 1 | L71: Unidades de neonatología, in Estándares y recomendaciones de calidad, e.e.i. Informes, Editor. 2014, Ministerio de Sanidad, Servicios Sociales e Igualdad. | M71: B | N71: =IF(M71="B",1,IF(M71="A",10,0)) -> 1 | O71: n.a.
A72: =A71+1 -> 71 | C72: Clínica | D72: Sala múltiple de cuidados intermedios | E72: Instalación | F72: =IF(E72="Distribución",5,IF(E72="instalación",4,IF(E72="equipamiento",3,IF(E72="suelo",3,IF(E72="hueco",4,IF(E72="techo",2,IF(E72="puerta",2,IF(E72="pared",2,IF(E72="mobiliario",1,IF(E72="señalética",1,IF(E72="arte",1,0))))))))))) -> 4 | G72: Ventilado mecánicamente. | H72: 0 | I72: 0 | J72: 0 | K72: 1 | L72: Reglamento de instalaciones térmicas en los edificios (RITE), BOE-A-2007-15820, Editor. 2007, Ministerio de la Presidencia. | M72: B | N72: =IF(M72="B",1,IF(M72="A",10,0)) -> 1 | O72: n.a.
A73: =A72+1 -> 72 | C73: Clínica | D73: Sala múltiple de cuidados intermedios | E73: Instalación | F73: =IF(E73="Distribución",5,IF(E73="instalación",4,IF(E73="equipamiento",3,IF(E73="suelo",3,IF(E73="hueco",4,IF(E73="techo",2,IF(E73="puerta",2,IF(E73="pared",2,IF(E73="mobiliario",1,IF(E73="señalética",1,IF(E73="arte",1,0))))))))))) -> 4 | G73: Las rejillas de impulsión del sistema de climatización se encuentran alejadas de las zonas de paso y de las incubadoras o cunas. La extracción de aire del sistema de climatización se produce en las zonas próximas al suelo. | H73: 0 | I73: 1 | J73: 1 | K73: 0 | L73: Unidades de neonatología, in Estándares y recomendaciones de calidad, e.e.i. Informes, Editor. 2014, Ministerio de Sanidad, Servicios Sociales e Igualdad. | M73: B | N73: =IF(M73="B",1,IF(M73="A",10,0)) -> 1 | O73: n.a.
A74: =A73+1 -> 73 | C74: Clínica | D74: Sala múltiple de cuidados intermedios | E74: Equipamiento | F74: =IF(E74="Distribución",5,IF(E74="instalación",4,IF(E74="equipamiento",3,IF(E74="suelo",3,IF(E74="hueco",4,IF(E74="techo",2,IF(E74="puerta",2,IF(E74="pared",2,IF(E74="mobiliario",1,IF(E74="señalética",1,IF(E74="arte",1,0))))))))))) -> 3 | G74: Equipamiento en columnas de techo o en pared para permitir la circulación completa alrededor de la incubadora. | H74: 1 | I74: 1 | J74: 0 | K74: 0 | L74: Health Building note 09-03: Neonatal units, in 8720:0.6:England. 2013, Department of Health. | M74: B | N74: =IF(M74="B",1,IF(M74="A",10,0)) -> 1 | O74: n.a.
A75: =A74+1 -> 74 | C75: Clínica | D75: Sala múltiple de cuidados intermedios | E75: Equipamiento | F75: =IF(E75="Distribución",5,IF(E75="instalación",4,IF(E75="equipamiento",3,IF(E75="suelo",3,IF(E75="hueco",4,IF(E75="techo",2,IF(E75="puerta",2,IF(E75="pared",2,IF(E75="mobiliario",1,IF(E75="señalética",1,IF(E75="arte",1,0))))))))))) -> 3 | G75: Control de temperatura mediante termostato en cada sala multiple. | H75: 1 | I75: 1 | J75: 0 | K75: 0 | L75: Unidades de neonatología, in Estándares y recomendaciones de calidad, e.e.i. Informes, Editor. 2014, Ministerio de Sanidad, Servicios Sociales e Igualdad. | M75: B | N75: =IF(M75="B",1,IF(M75="A",10,0)) -> 1 | O75: n.a.
A76: =A75+1 -> 75 | C76: Clínica | D76: Sala múltiple de cuidados intermedios | E76: Equipamiento | F76: =IF(E76="Distribución",5,IF(E76="instalación",4,IF(E76="equipamiento",3,IF(E76="suelo",3,IF(E76="hueco",4,IF(E76="techo",2,IF(E76="puerta",2,IF(E76="pared",2,IF(E76="mobiliario",1,IF(E76="señalética",1,IF(E76="arte",1,0))))))))))) -> 3 | G76: La iluminación es regulable en cada uno de los puestos de neonatos. La iluminación natural se puede controlar y matizar. | H76: 1 | I76: 1 | J76: 0 | K76: 0 | L76: Unidades de neonatología, in Estándares y recomendaciones de calidad, e.e.i. Informes, Editor. 2014, Ministerio de Sanidad, Servicios Sociales e Igualdad. | M76: B | N76: =IF(M76="B",1,IF(M76="A",10,0)) -> 1 | O76: n.a.
A77: =A76+1 -> 76 | C77: Clínica | D77: Sala múltiple de cuidados intermedios | E77: Equipamiento | F77: =IF(E77="Distribución",5,IF(E77="instalación",4,IF(E77="equipamiento",3,IF(E77="suelo",3,IF(E77="hueco",4,IF(E77="techo",2,IF(E77="puerta",2,IF(E77="pared",2,IF(E77="mobiliario",1,IF(E77="señalética",1,IF(E77="arte",1,0))))))))))) -> 3 | G77: Cada puesto cuenta con tomas eléctricas (conectadas a un sistema de alimentación ininterrumpida), monitorización multiparamétrica, instalación de llamada de personal, tomas de vacío, tomas de oxígeno, tomas de aire comprimido, luminaria para exploración y toma de datos. | H77: 1 | I77: 1 | J77: 0 | K77: 0 | L77: Unidades de neonatología, in Estándares y recomendaciones de calidad, e.e.i. Informes, Editor. 2014, Ministerio de Sanidad, Servicios Sociales e Igualdad. | M77: B | N77: =IF(M77="B",1,IF(M77="A",10,0)) -> 1 | O77: n.a.
... A97: =A96+1 -> 96 | C97: Clínica | D97: Sala múltiple de cuidados intermedios | E97: Mobiliario | F97: =IF(E97="Distribución",5,IF(E97="instalación",4,IF(E97="equipamiento",3,IF(E97="suelo",3,IF(E97="hueco",4,IF(E97="techo",2,IF(E97="puerta",2,IF(E97="pared",2,IF(E97="mobiliario",1,IF(E97="señalética",1,IF(E97="arte",1,0))))))))))) -> 1 | G97: Las superficies de los asientos y demás mobiliario se pueden desinfectar con facilidad. Tiene pocas juntas y están selladas. Resistente al uso intensivo. | H97: 0 | I97: 0 | J97: 0 | K97: 1 | L97: Unidades de neonatología, in Estándares y recomendaciones de calidad, e.e.i. Informes, Editor. 2014, Ministerio de Sanidad, Servicios Sociales e Igualdad. | M97: B | N97: =IF(M97="B",1,IF(M97="A",10,0)) -> 1 | O97: n.a.
A98: =A97+1 -> 97 | C98: Clínica | D98: Sala múltiple de cuidados básicos | E98: Distribución | F98: =IF(E98="Distribución",5,IF(E98="instalación",4,IF(E98="equipamiento",3,IF(E98="suelo",3,IF(E98="hueco",4,IF(E98="techo",2,IF(E98="puerta",2,IF(E98="pared",2,IF(E98="mobiliario",1,IF(E98="señalética",1,IF(E98="arte",1,0))))))))))) -> 5 | G98: Ubicada en la zona central de la unidad y comunicada con el resto de zonas de la unidad. Al mismo nivel y próxima a la maternidad. | H98: 1 | I98: 1 | J98: 0 | K98: 0 | L98: Unidades de neonatología, in Estándares y recomendaciones de calidad, e.e.i. Informes, Editor. 2014, Ministerio de Sanidad, Servicios Sociales e Igualdad. | M98: B | N98: =IF(M98="B",1,IF(M98="A",10,0)) -> 1 | O98: n.a. | P98: Local no evaluado.
A99: =A98+1 -> 98 | C99: Clínica | D99: Sala múltiple de cuidados básicos | E99: Distribución | F99: =IF(E99="Distribución",5,IF(E99="instalación",4,IF(E99="equipamiento",3,IF(E99="suelo",3,IF(E99="hueco",4,IF(E99="techo",2,IF(E99="puerta",2,IF(E99="pared",2,IF(E99="mobiliario",1,IF(E99="señalética",1,IF(E99="arte",1,0))))))))))) -> 5 | G99: (La superficie útil para cada puesto es mayor a 11,5 m²)¹. (Distancia entre incubadoras mayor a 0,92 m. El ancho mínimo del pasillo central es de 1,2 m. Las cunas o incubadoras se sitúan a más de 600 mm de las ventanas)². | H99: 1 | I99: 1 | J99: 0 | K99: 0 | L99: 1. Unidades de neonatología, in Estándares y recomendaciones de calidad, e.e.i. Informes, Editor. 2014, Ministerio de Sanidad, Servicios Sociales e Igualdad 2. García del Rio, M., et al., Revisión de los estándares y recomendaciones para el diseño de una unidad de neonatología. An Pediatr (Barc), 2007. | M99: A | N99: =IF(M99="B",1,IF(M99="A",10,0)) -> 10 | O99: n.a.
A100: =A99+1 -> 99 | C100: Clínica | D100: Sala múltiple de cuidados básicos | E100: Hueco | F100: =IF(E100="Distribución",5,IF(E100="instalación",4,IF(E100="equipamiento",3,IF(E100="suelo",3,IF(E100="hueco",4,IF(E100="techo",2,IF(E100="puerta",2,IF(E100="pared",2,IF(E100="mobiliario",1,IF(E100="señalética",1,IF(E100="arte",1,0))))))))))) -> 4 | G100: Iluminación natural. | H100: 1 | I100: 1 | J100: 1 | K100: 0 | L100: Unidades de neonatología, in Estándares y recomendaciones de calidad, e.e.i. Informes, Editor. 2014, Ministerio de Sanidad, Servicios Sociales e Igualdad. | M100: B | N100: =IF(M100="B",1,IF(M100="A",10,0)) -> 1 | O100: n.a.
A101: =A100+1 -> 100 | C101: Clínica | D101: Sala múltiple de cuidados básicos | E101: Hueco | F101: =IF(E101="Distribución",5,IF(E101="instalación",4,IF(E101="equipamiento",3,IF(E101="suelo",3,IF(E101="hueco",4,IF(E101="techo",2,IF(E101="puerta",2,IF(E101="pared",2,IF(E101="mobiliario",1,IF(E101="señalética",1,IF(E101="arte",1,0))))))))))) -> 4 | G101: Las ventanas practicable cuentan con un sistema de seguridad controlado por el personal. | H101: 1 | I101: 0 | J101: 0 | K101: 1 | L101: Unidades de neonatología, in Estándares y recomendaciones de calidad, e.e.i. Informes, Editor. 2014, Ministerio de Sanidad, Servicios Sociales e Igualdad. | M101: B | N101: =IF(M101="B",1,IF(M101="A",10,0)) -> 1 | O101: n.a.
A102: =A101+1 -> 101 | C102: Clínica | D102: Sala múltiple de cuidados básicos | E102: Instalación | F102: =IF(E102="Distribución",5,IF(E102="instalación",4,IF(E102="equipamiento",3,IF(E102="suelo",3,IF(E102="hueco",4,IF(E102="techo",2,IF(E102="puerta",2,IF(E102="pared",2,IF(E102="mobiliario",1,IF(E102="señalética",1,IF(E102="arte",1,0))))))))))) -> 4 | G102: Ventilado mecánicamente. | H102: 0 | I102: 0 | J102: 0 | K102: 1 | L102: Reglamento de instalaciones térmicas en los edificios (RITE), BOE-A-2007-15820, Editor. 2007, Ministerio de la Presidencia. | M102: B | N102: =IF(M102="B",1,IF(M102="A",10,0)) -> 1 | O102: n.a.
A103: =A102+1 -> 102 | C103: Clínica | D103: Sala múltiple de cuidados básicos | E103: Instalación | F103: =IF(E103="Distribución",5,IF(E103="instalación",4,IF(E103="equipamiento",3,IF(E103="suelo",3,IF(E103="hueco",4,IF(E103="techo",2,IF(E103="puerta",2,IF(E103="pared",2,IF(E103="mobiliario",1,IF(E103="señalética",1,IF(E103="arte",1,0))))))))))) -> 4 | G103: Las rejillas de impulsión del sistema de climatización se encuentran alejadas de las zonas de paso y de las incubadoras o cunas. La extracción de aire del sistema de climatización se produce en las zonas próximas al suelo. | H103: 0 | I103: 1 | J103: 1 | K103: 0 | L103: Unidades de neonatología, in Estándares y recomendaciones de calidad, e.e.i. Informes, Editor. 2014, Ministerio de Sanidad, Servicios Sociales e Igualdad. | M103: B | N103: =IF(M103="B",1,IF(M103="A",10,0)) -> 1 | O103: n.a.
A104: =A103+1 -> 103 | C104: Clínica | D104: Sala múltiple de cuidados básicos | E104: Equipamiento | F104: =IF(E104="Distribución",5,IF(E104="instalación",4,IF(E104="equipamiento",3,IF(E104="suelo",3,IF(E104="hueco",4,IF(E104="techo",2,IF(E104="puerta",2,IF(E104="pared",2,IF(E104="mobiliario",1,IF(E104="señalética",1,IF(E104="arte",1,0))))))))))) -> 3 | G104: Equipamiento en columnas de techo o en pared para permitir la circulación completa alrededor de la incubadora. | H104: 1 | I104: 1 | J104: 0 | K104: 0 | L104: Health Building note 09-03: Neonatal units, in 8720:0.6:England. 2013, Department of Health. | M104: B | N104: =IF(M104="B",1,IF(M104="A",10,0)) -> 1 | O104: n.a.
A105: =A104+1 -> 104 | C105: Clínica | D105: Sala múltiple de cuidados básicos | E105: Equipamiento | F105: =IF(E105="Distribución",5,IF(E105="instalación",4,IF(E105="equipamiento",3,IF(E105="suelo",3,IF(E105="hueco",4,IF(E105="techo",2,IF(E105="puerta",2,IF(E105="pared",2,IF(E105="mobiliario",1,IF(E105="señalética",1,IF(E105="arte",1,0))))))))))) -> 3 | G105: Control de temperatura mediante termostato en cada sala multiple. | H105: 1 | I105: 1 | J105: 0 | K105: 0 | L105: Unidades de neonatología, in Estándares y recomendaciones de calidad, e.e.i. Informes, Editor. 2014, Ministerio de Sanidad, Servicios Sociales e Igualdad. | M105: B | N105: =IF(M105="B",1,IF(M105="A",10,0)) -> 1 | O105: n.a.
A106: =A105+1 -> 105 | C106: Clínica | D106: Sala múltiple de cuidados básicos | E106: Equipamiento | F106: =IF(E106="Distribución",5,IF(E106="instalación",4,IF(E106="equipamiento",3,IF(E106="suelo",3,IF(E106="hueco",4,IF(E106="techo",2,IF(E106="puerta",2,IF(E106="pared",2,IF(E106="mobiliario",1,IF(E106="señalética",1,IF(E106="arte",1,0))))))))))) -> 3 | G106: La iluminación es regulable en cada uno de los puestos de neonatos. La iluminación natural se puede controlar y matizar. | H106: 1 | I106: 1 | J106: 0 | K106: 0 | L106: Unidades de neonatología, in Estándares y recomendaciones de calidad, e.e.i. Informes, Editor. 2014, Ministerio de Sanidad, Servicios Sociales e Igualdad. | M106: B | N106: =IF(M106="B",1,IF(M106="A",10,0)) -> 1 | O106: n.a.
A107: =A106+1 -> 106 | C107: Clínica | D107: Sala múltiple de cuidados básicos | E107: Equipamiento | F107: =IF(E107="Distribución",5,IF(E107="instalación",4,IF(E107="equipamiento",3,IF(E107="suelo",3,IF(E107="hueco",4,IF(E107="techo",2,IF(E107="puerta",2,IF(E107="pared",2,IF(E107="mobiliario",1,IF(E107="señalética",1,IF(E107="arte",1,0))))))))))) -> 3 | G107: Cada puesto cuenta con tomas eléctricas, tomas de oxígeno, tomas de aire comprimido y tomas de vacío. | H107: 1 | I107: 1 | J107: 0 | K107: 0 | L107: Unidades de neonatología, in Estándares y recomendaciones de calidad, e.e.i. Informes, Editor. 2014, Ministerio de Sanidad, Servicios Sociales e Igualdad. | M107: B | N107: =IF(M107="B",1,IF(M107="A",10,0)) -> 1 | O107: n.a.
A108: =A107+1 -> 107 | C108: Clínica | D108: Sala múltiple de cuidados básicos | E108: Equipamiento | F108: =IF(E108="Distribución",5,IF(E108="instalación",4,IF(E108="equipamiento",3,IF(E108="suelo",3,IF(E108="hueco",4,IF(E108="techo",2,IF(E108="puerta",2,IF(E108="pared",2,IF(E108="mobiliario",1,IF(E108="señalética",1,IF(E108="arte",1,0))))))))))) -> 3 | G108: Humedad relativa entre el 30 y el 60%. La temperatura se puede regular entre 21 y 30º C. Control de temperatura mediante termostatos en cada puesto de neonato o en cada sala de múltiples puestos. | H108: 1 | I108: 1 | J108: 0 | K108: 0 | L108: Unidades de neonatología, in Estándares y recomendaciones de calidad, e.e.i. Informes, Editor. 2014, Ministerio de Sanidad, Servicios Sociales e Igualdad. | M108: B | N108: =IF(M108="B",1,IF(M108="A",10,0)) -> 1 | O108: n.a.
A109: =A108+1 -> 108 | C109: Clínica | D109: Sala múltiple de cuidados básicos | E109: Equipamiento | F109: =IF(E109="Distribución",5,IF(E109="instalación",4,IF(E109="equipamiento",3,IF(E109="suelo",3,IF(E109="hueco",4,IF(E109="techo",2,IF(E109="puerta",2,IF(E109="pared",2,IF(E109="mobiliario",1,IF(E109="señalética",1,IF(E109="arte",1,0))))))))))) -> 3 | G109: Una instalación de lavado de manos por sala. | H109: 1 | I109: 1 | J109: 0 | K109: 0 | L109: Autores CURARQ
A110: =A109+1 -> 109 | C110: Clínica | D110: Sala múltiple de cuidados básicos | E110: Equipamiento | F110: =IF(E110="Distribución",5,IF(E110="instalación",4,IF(E110="equipamiento",3,IF(E110="suelo",3,IF(E110="hueco",4,IF(E110="techo",2,IF(E110="puerta",2,IF(E110="pared",2,IF(E110="mobiliario",1,IF(E110="señalética",1,IF(E110="arte",1,0))))))))))) -> 3 | G110: El lavabo permite el lavado de manos quirúrgico, evita salpicaduras y retenciones de agua. El grifo del lavabo se activa automáticamente con un sensor de temperatura. Dimensión mínima del lavabo de 60 cm (largo), 40 cm (ancho) y 25 cm (profundidad). | H110: 1 | I110: 1 | J110: 0 | K110: 1 | L110: Unidades de neonatología, in Estándares y recomendaciones de calidad, e.e.i. Informes, Editor. 2014, Ministerio de Sanidad, Servicios Sociales e Igualdad. | M110: B | N110: =IF(M110="B",1,IF(M110="A",10,0)) -> 1 | O110: n.a.
A111: =A110+1 -> 110 | C111: Clínica | D111: Sala múltiple de cuidados básicos | E111: Suelo | F111: =IF(E111="Distribución",5,IF(E111="instalación",4,IF(E111="equipamiento",3,IF(E111="suelo",3,IF(E111="hueco",4,IF(E111="techo",2,IF(E111="puerta",2,IF(E111="pared",2,IF(E111="mobiliario",1,IF(E111="señalética",1,IF(E111="arte",1,0))))))))))) -> 3 | G111: De fácil limpieza, lisos, no porosos, continuos, con soluciones que proporcionen continuidad con paredes mediante escocías, de manera que se minimice el desarrollo de microorganismos. Resistente a un uso intensivo de equipos portátiles y una limpieza agresiva. Suelo no brillante. | H111: 1 | I111: 1 | J111: 0 | K111: 1 | L111: Unidades de neonatología, in Estándares y recomendaciones de calidad, e.e.i. Informes, Editor. 2014, Ministerio de Sanidad, Servicios Sociales e Igualdad. | M111: B | N111: =IF(M111="B",1,IF(M111="A",10,0)) -> 1 | O111: n.a.
A112: =A111+1 -> 111 | C112: Clínica | D112: Sala múltiple de cuidados básicos | E112: Techo | F112: =IF(E112="Distribución",5,IF(E112="instalación",4,IF(E112="equipamiento",3,IF(E112="suelo",3,IF(E112="hueco",4,IF(E112="techo",2,IF(E112="puerta",2,IF(E112="pared",2,IF(E112="mobiliario",1,IF(E112="señalética",1,IF(E112="arte",1,0))))))))))) -> 2 | G112: Fáciles de limpiar, lisos y no porosos. | H112: 1 | I112: 1 | J112: 0 | K112: 1 | L112: Unidades de neonatología, in Estándares y recomendaciones de calidad, e.e.i. Informes, Editor. 2014, Ministerio de Sanidad, Servicios Sociales e Igualdad. | M112: B | N112: =IF(M112="B",1,IF(M112="A",10,0)) -> 1 | O112: n.a.
A113: =A112+1 -> 112 | C113: Clínica | D113: Sala múltiple de cuidados básicos | E113: Pared | F113: =IF(E113="Distribución",5,IF(E113="instalación",4,IF(E113="equipamiento",3,IF(E113="suelo",3,IF(E113="hueco",4,IF(E113="techo",2,IF(E113="puerta",2,IF(E113="pared",2,IF(E113="mobiliario",1,IF(E113="señalética",1,IF(E113="arte",1,0))))))))))) -> 2 | G113: De fácil limpieza, lisas, continuas y no porosas. Permiten una limpieza agresiva y disponen de protecciones para resistir los impactos ocasionales de carros y equipos portátiles pesados. | H113: 1 | I113: 1 | J113: 0 | K113: 1 | L113: Unidades de neonatología, in Estándares y recomendaciones de calidad, e.e.i. Informes, Editor. 2014, Ministerio de Sanidad, Servicios Sociales e Igualdad. | M113: B | N113: =IF(M113="B",1,IF(M113="A",10,0)) -> 1 | O113: n.a.
A114: =A113+1 -> 113 | C114: Clínica | D114: Sala múltiple de cuidados básicos | E114: Pared | F114: =IF(E114="Distribución",5,IF(E114="instalación",4,IF(E114="equipamiento",3,IF(E114="suelo",3,IF(E114="hueco",4,IF(E114="techo",2,IF(E114="puerta",2,IF(E114="pared",2,IF(E114="mobiliario",1,IF(E114="señalética",1,IF(E114="arte",1,0))))))))))) -> 2 | G114: Utilizan colores que no son fuertes ni oscuros para no reducir la eficiencia de la iluminación. Acabado no brillante. | H114: 0 | I114: 1 | J114: 1 | K114: 0 | L114: Unidades de neonatología, in Estándares y recomendaciones de calidad, e.e.i. Informes, Editor. 2014, Ministerio de Sanidad, Servicios Sociales e Igualdad. | M114: B | N114: =IF(M114="B",1,IF(M114="A",10,0)) -> 1 | O114: n.a.
A115: =A114+1 -> 114 | C115: Clínica | D115: Sala múltiple de cuidados básicos | E115: Puerta | F115: =IF(E115="Distribución",5,IF(E115="instalación",4,IF(E115="equipamiento",3,IF(E115="suelo",3,IF(E115="hueco",4,IF(E115="techo",2,IF(E115="puerta",2,IF(E115="pared",2,IF(E115="mobiliario",1,IF(E115="señalética",1,IF(E115="arte",1,0))))))))))) -> 2 | G115: Disponen de sistemas de amortiguación y cierre silencioso. | H115: 1 | I115: 1 | J115: 1 | K115: 0 | L115: Unidades de neonatología, in Estándares y recomendaciones de calidad, e.e.i. Informes, Editor. 2014, Ministerio de Sanidad, Servicios Sociales e Igualdad. | M115: B | N115: =IF(M115="B",1,IF(M115="A",10,0)) -> 1 | O115: n.a.
A116: =A115+1 -> 115 | C116: Clínica | D116: Sala múltiple de cuidados básicos | E116: Puerta | F116: =IF(E116="Distribución",5,IF(E116="instalación",4,IF(E116="equipamiento",3,IF(E116="suelo",3,IF(E116="hueco",4,IF(E116="techo",2,IF(E116="puerta",2,IF(E116="pared",2,IF(E116="mobiliario",1,IF(E116="señalética",1,IF(E116="arte",1,0))))))))))) -> 2 | G116: Paso libre de 140 cm para permitir el paso de equipos de grandes dimensiones. Resuelta con dos hojas de 92,5 cm o con puertas correderas. | H116: 1 | I116: 1 | J116: 0 | K116: 0 | L116: Unidades de neonatología, in Estándares y recomendaciones de calidad, e.e.i. Informes, Editor. 2014, Ministerio de Sanidad, Servicios Sociales e Igualdad. | M116: B | N116: =IF(M116="B",1,IF(M116="A",10,0)) -> 1 | O116: n.a.
A117: =A116+1 -> 116 | C117: Clínica | D117: Sala múltiple de cuidados básicos | E117: Mobiliario | F117: =IF(E117="Distribución",5,IF(E117="instalación",4,IF(E117="equipamiento",3,IF(E117="suelo",3,IF(E117="hueco",4,IF(E117="techo",2,IF(E117="puerta",2,IF(E117="pared",2,IF(E117="mobiliario",1,IF(E117="señalética",1,IF(E117="arte",1,0))))))))))) -> 1 | G117: Apariencia doméstica. | H117: 0 | I117: 0 | J117: 1 | K117: 0 | L117: Unidades de neonatología, in Estándares y recomendaciones de calidad, e.e.i. Informes, Editor. 2014, Ministerio de Sanidad, Servicios Sociales e Igualdad. | M117: B | N117: =IF(M117="B",1,IF(M117="A",10,0)) -> 1 | O117: n.a.
A118: =A117+1 -> 117 | C118: Clínica | D118: Sala múltiple de cuidados básicos | E118: Mobiliario | F118: =IF(E118="Distribución",5,IF(E118="instalación",4,IF(E118="equipamiento",3,IF(E118="suelo",3,IF(E118="hueco",4,IF(E118="techo",2,IF(E118="puerta",2,IF(E118="pared",2,IF(E118="mobiliario",1,IF(E118="señalética",1,IF(E118="arte",1,0))))))))))) -> 1 | G118: La luz natural se puede matizar para evitar el deslumbramiento, la luz solar directa y las ganancias térmicas no deseadas. | H118: 1 | I118: 1 | J118: 0 | K118: 1 | L118: 1. Unidades de neonatología, in Estándares y recomendaciones de calidad, e.e.i. Informes, Editor. 2014, Ministerio de Sanidad, Servicios Sociales e Igualdad. 2. Roques V, et al., Contaminación ambiental en las unidades de neonatología. | M118: A | N118: =IF(M118="B",1,IF(M118="A",10,0)) -> 10 | O118: n.a.
A119: =A118+1 -> 118 | C119: Clínica | D119: Sala múltiple de cuidados básicos | E119: Mobiliario | F119: =IF(E119="Distribución",5,IF(E119="instalación",4,IF(E119="equipamiento",3,IF(E119="suelo",3,IF(E119="hueco",4,IF(E119="techo",2,IF(E119="puerta",2,IF(E119="pared",2,IF(E119="mobiliario",1,IF(E119="señalética",1,IF(E119="arte",1,0))))))))))) -> 1 | G119: Cada puesto está equipado con un dispensador para la desinfección y el lavado de manos. | H119: 1 | I119: 1 | J119: 0 | K119: 0 | L119: Unidades de neonatología, in Estándares y recomendaciones de calidad, e.e.i. Informes, Editor. 2014, Ministerio de Sanidad, Servicios Sociales e Igualdad. | M119: B | N119: =IF(M119="B",1,IF(M119="A",10,0)) -> 1 | O119: n.a.
...

Sheet Personal
A1: Nº | C1: ZONA | D1: LOCAL | E1: ELEMENTO | F1: Coste | G1: ÍTEM | H1: S | I1: E | J1: X | K1: P | L1: REFERENCIA | M1: Tipo evi | N1: Ptos | O1: HUPF | P1: Comentarios HUPF
A2: 1 | C2: Personal | D2: Despacho supervisión enfermería | E2: Distribución | F2: =IF(E2="Distribución",5,IF(E2="instalación",4,IF(E2="equipamiento",3,IF(E2="suelo",3,IF(E2="hueco",4,IF(E2="techo",2,IF(E2="puerta",2,IF(E2="pared",2,IF(E2="mobiliario",1,IF(E2="señalética",1,IF(E2="arte",1,0))))))))))) -> 5 | G2: Superficie útil en torno a 12 m2 . | H2: 0 | I2: 1 | J2: 0 | K2: 0 | L2: Unidad de enfermería en hospitalización polivalente de agudos, in Estándares y recomendaciones, e.e.i. Informes, Editor. 2009, Ministerio de Sanidad y Política Social. | M2: B | N2: =IF(M2="B",1,IF(M2="A",10,0)) -> 1 | O2: no | P2: Mide menos de 10 metros cuadrados.
A3: =A2+1 -> 2 | C3: Personal | D3: Despacho supervisión enfermería | E3: Instalación | F3: =IF(E3="Distribución",5,IF(E3="instalación",4,IF(E3="equipamiento",3,IF(E3="suelo",3,IF(E3="hueco",4,IF(E3="techo",2,IF(E3="puerta",2,IF(E3="pared",2,IF(E3="mobiliario",1,IF(E3="señalética",1,IF(E3="arte",1,0))))))))))) -> 4 | G3: Ventilado mecánicamente. | H3: 0 | I3: 0 | J3: 0 | K3: 1 | L3: Reglamento de instalaciones térmicas en los edificios (RITE), BOE-A-2007-15820, Editor. 2007, Ministerio de la Presidencia. | M3: B | N3: =IF(M3="B",1,IF(M3="A",10,0)) -> 1 | O3: sí
A4: =A3+1 -> 3 | C4: Personal | D4: Despacho supervisión enfermería | E4: Equipamiento | F4: =IF(E4="Distribución",5,IF(E4="instalación",4,IF(E4="equipamiento",3,IF(E4="suelo",3,IF(E4="hueco",4,IF(E4="techo",2,IF(E4="puerta",2,IF(E4="pared",2,IF(E4="mobiliario",1,IF(E4="señalética",1,IF(E4="arte",1,0))))))))))) -> 3 | G4: Tomas eléctricas, de transmisiones y comunicaciones. | H4: 0 | I4: 1 | J4: 0 | K4: 0 | L4: Autores CURARQ | M4: B | N4: =IF(M4="B",1,IF(M4="A",10,0)) -> 1 | O4: sí
A5: =A4+1 -> 4 | C5: Personal | D5: Despacho supervisión enfermería | E5: Mobiliario | F5: =IF(E5="Distribución",5,IF(E5="instalación",4,IF(E5="equipamiento",3,IF(E5="suelo",3,IF(E5="hueco",4,IF(E5="techo",2,IF(E5="puerta",2,IF(E5="pared",2,IF(E5="mobiliario",1,IF(E5="señalética",1,IF(E5="arte",1,0))))))))))) -> 1 | G5: Mesa de despacho y sillón ergonómico con ruedas. Mesa de reuniones preferiblemente circular y sillas sin ruedas. Armario, percha y papelera preferiblemente con tapa. | H5: 0 | I5: 1 | J5: 0 | K5: 0 | L5: Unidad de enfermería en hospitalización polivalente de agudos, in Estándares y recomendaciones, e.e.i. Informes, Editor. 2009, Ministerio de Sanidad y Política Social. | M5: B | N5: =IF(M5="B",1,IF(M5="A",10,0)) -> 1 | O5: sí
A6: =A5+1 -> 5 | C6: Personal | D6: Despacho supervisión médico | E6: Distribución | F6: =IF(E6="Distribución",5,IF(E6="instalación",4,IF(E6="equipamiento",3,IF(E6="suelo",3,IF(E6="hueco",4,IF(E6="techo",2,IF(E6="puerta",2,IF(E6="pared",2,IF(E6="mobiliario",1,IF(E6="señalética",1,IF(E6="arte",1,0))))))))))) -> 5 | G6: Superficie útil en torno a 12 m2 . | H6: 0 | I6: 1 | J6: 0 | K6: 0 | L6: Unidad de enfermería en hospitalización polivalente de agudos, in Estándares y recomendaciones, e.e.i. Informes, Editor. 2009, Ministerio de Sanidad y Política Social. | M6: B | N6: =IF(M6="B",1,IF(M6="A",10,0)) -> 1 | O6: sí
A7: =A6+1 -> 6 | C7: Personal | D7: Despacho supervisión médico | E7: Instalación | F7: =IF(E7="Distribución",5,IF(E7="instalación",4,IF(E7="equipamiento",3,IF(E7="suelo",3,IF(E7="hueco",4,IF(E7="techo",2,IF(E7="puerta",2,IF(E7="pared",2,IF(E7="mobiliario",1,IF(E7="señalética",1,IF(E7="arte",1,0))))))))))) -> 4 | G7: Ventilado mecánicamente. | H7: 0 | I7: 0 | J7: 0 | K7: 1 | L7: Reglamento de instalaciones térmicas en los edificios (RITE), BOE-A-2007-15820, Editor. 2007, Ministerio de la Presidencia. | M7: B | N7: =IF(M7="B",1,IF(M7="A",10,0)) -> 1 | O7: sí
A8: =A7+1 -> 7 | C8: Personal | D8: Despacho supervisión médico | E8: Equipamiento | F8: =IF(E8="Distribución",5,IF(E8="instalación",4,IF(E8="equipamiento",3,IF(E8="suelo",3,IF(E8="hueco",4,IF(E8="techo",2,IF(E8="puerta",2,IF(E8="pared",2,IF(E8="mobiliario",1,IF(E8="señalética",1,IF(E8="arte",1,0))))))))))) -> 3 | G8: Tomas eléctricas, de transmisiones y comunicaciones. | H8: 0 | I8: 1 | J8: 0 | K8: 0 | L8: Autores CURARQ | M8: B | N8: =IF(M8="B",1,IF(M8="A",10,0)) -> 1 | O8: sí
A9: =A8+1 -> 8 | C9: Personal | D9: Despacho supervisión médico | E9: Mobiliario | F9: =IF(E9="Distribución",5,IF(E9="instalación",4,IF(E9="equipamiento",3,IF(E9="suelo",3,IF(E9="hueco",4,IF(E9="techo",2,IF(E9="puerta",2,IF(E9="pared",2,IF(E9="mobiliario",1,IF(E9="señalética",1,IF(E9="arte",1,0))))))))))) -> 1 | G9: Mesa de despacho y sillón ergonómico con ruedas. Mesa de reuniones preferiblemente circular y sillas sin ruedas. Armario, percha y papelera preferiblemente con tapa. | H9: 0 | I9: 1 | J9: 0 | K9: 0 | L9: Unidad de enfermería en hospitalización polivalente de agudos, in Estándares y recomendaciones, e.e.i. Informes, Editor. 2009, Ministerio de Sanidad y Política Social. | M9: B | N9: =IF(M9="B",1,IF(M9="A",10,0)) -> 1 | O9: sí | P9: Aunque no tiene mesa circular.
A10: =A9+1 -> 9 | C10: Personal | D10: Sala de trabajo médico | E10: Distribución | F10: =IF(E10="Distribución",5,IF(E10="instalación",4,IF(E10="equipamiento",3,IF(E10="suelo",3,IF(E10="hueco",4,IF(E10="techo",2,IF(E10="puerta",2,IF(E10="pared",2,IF(E10="mobiliario",1,IF(E10="señalética",1,IF(E10="arte",1,0))))))))))) -> 5 | G10: Superficie útil en torno a 20 m2. | H10: 0 | I10: 1 | J10: 0 | K10: 0 | L10: Unidad de enfermería en hospitalización polivalente de agudos, in Estándares y recomendaciones, e.e.i. Informes, Editor. 2009, Ministerio de Sanidad y Política Social. | M10: B | N10: =IF(M10="B",1,IF(M10="A",10,0)) -> 1 | O10: sí
A11: =A10+1 -> 10 | C11: Personal | D11: Sala de trabajo médico | E11: Instalación | F11: =IF(E11="Distribución",5,IF(E11="instalación",4,IF(E11="equipamiento",3,IF(E11="suelo",3,IF(E11="hueco",4,IF(E11="techo",2,IF(E11="puerta",2,IF(E11="pared",2,IF(E11="mobiliario",1,IF(E11="señalética",1,IF(E11="arte",1,0))))))))))) -> 4 | G11: Ventilado mecánicamente. | H11: 0 | I11: 0 | J11: 0 | K11: 1 | L11: Reglamento de instalaciones térmicas en los edificios (RITE), BOE-A-2007-15820, Editor. 2007, Ministerio de la Presidencia. | M11: B | N11: =IF(M11="B",1,IF(M11="A",10,0)) -> 1 | O11: sí
A12: =A11+1 -> 11 | C12: Personal | D12: Sala de trabajo médico | E12: Equipamiento | F12: =IF(E12="Distribución",5,IF(E12="instalación",4,IF(E12="equipamiento",3,IF(E12="suelo",3,IF(E12="hueco",4,IF(E12="techo",2,IF(E12="puerta",2,IF(E12="pared",2,IF(E12="mobiliario",1,IF(E12="señalética",1,IF(E12="arte",1,0))))))))))) -> 3 | G12: Tomas eléctricas, de transmisiones y comunicaciones. | H12: 0 | I12: 1 | J12: 0 | K12: 0 | L12: Autores CURARQ | M12: B | N12: =IF(M12="B",1,IF(M12="A",10,0)) -> 1 | O12: sí
A13: =A12+1 -> 12 | C13: Personal | D13: Sala de trabajo médico | E13: Mobiliario | F13: =IF(E13="Distribución",5,IF(E13="instalación",4,IF(E13="equipamiento",3,IF(E13="suelo",3,IF(E13="hueco",4,IF(E13="techo",2,IF(E13="puerta",2,IF(E13="pared",2,IF(E13="mobiliario",1,IF(E13="señalética",1,IF(E13="arte",1,0))))))))))) -> 1 | G13: Mesas de trabajo. Mesa con capacidad para cuatro personas. Sillones ergonómicos con ruedas y sillas sin ruedas. | H13: 0 | I13: 1 | J13: 0 | K13: 0 | L13: Unidad de enfermería en hospitalización polivalente de agudos, in Estándares y recomendaciones, e.e.i. Informes, Editor. 2009, Ministerio de Sanidad y Política Social. | M13: B | N13: =IF(M13="B",1,IF(M13="A",10,0)) -> 1 | O13: sí
A14: =A13+1 -> 13 | C14: Personal | D14: Sala polivalente | E14: Distribución | F14: =IF(E14="Distribución",5,IF(E14="instalación",4,IF(E14="equipamiento",3,IF(E14="suelo",3,IF(E14="hueco",4,IF(E14="techo",2,IF(E14="puerta",2,IF(E14="pared",2,IF(E14="mobiliario",1,IF(E14="señalética",1,IF(E14="arte",1,0))))))))))) -> 5 | G14: Espacio polivalente para reuniones, sesiones clínicas y docencia dentro de la unidad. | I14: 1 | L14: Unidad de cuidados intensivos, in Estándares y recomendaciones, e.e.i. Informes, Editor. 2010, Ministerio de Sanidad y Política Social. | M14: B | N14: =IF(M14="B",1,IF(M14="A",10,0)) -> 1 | O14: sí
A15: =A14+1 -> 14 | C15: Personal | D15: Sala polivalente | E15: Equipamiento | F15: =IF(E15="Distribución",5,IF(E15="instalación",4,IF(E15="equipamiento",3,IF(E15="suelo",3,IF(E15="hueco",4,IF(E15="techo",2,IF(E15="puerta",2,IF(E15="pared",2,IF(E15="mobiliario",1,IF(E15="señalética",1,IF(E15="arte",1,0))))))))))) -> 3 | G15: Tomas eléctricas, de transmisiones y comunicaciones. | H15: 0 | I15: 1 | J15: 0 | K15: 0 | L15: Autores CURARQ | M15: B | N15: =IF(M15="B",1,IF(M15="A",10,0)) -> 1 | O15: sí
A16: =A15+1 -> 15 | C16: Personal | D16: Sala polivalente | E16: Mobiliario | F16: =IF(E16="Distribución",5,IF(E16="instalación",4,IF(E16="equipamiento",3,IF(E16="suelo",3,IF(E16="hueco",4,IF(E16="techo",2,IF(E16="puerta",2,IF(E16="pared",2,IF(E16="mobiliario",1,IF(E16="señalética",1,IF(E16="arte",1,0))))))))))) -> 1 | G16: Mesa de reuniones y sillas sin ruedas. | I16: 1 | L16: Unidad de cuidados intensivos, in Estándares y recomendaciones, e.e.i. Informes, Editor. 2010, Ministerio de Sanidad y Política Social. | M16: B | N16: =IF(M16="B",1,IF(M16="A",10,0)) -> 1 | O16: sí
A17: =A16+1 -> 16 | C17: Personal | D17: Estar de personal | E17: Distribución | F17: =IF(E17="Distribución",5,IF(E17="instalación",4,IF(E17="equipamiento",3,IF(E17="suelo",3,IF(E17="hueco",4,IF(E17="techo",2,IF(E17="puerta",2,IF(E17="pared",2,IF(E17="mobiliario",1,IF(E17="señalética",1,IF(E17="arte",1,0))))))))))) -> 5 | G17: Superficie útil en torno a los 12 m2. | H17: 0 | I17: 1 | J17: 0 | K17: 0 | L17: Unidad de enfermería en hospitalización polivalente de agudos, in Estándares y recomendaciones, e.e.i. Informes, Editor. 2009, Ministerio de Sanidad y Política Social. | M17: B | N17: =IF(M17="B",1,IF(M17="A",10,0)) -> 1 | O17: sí
A18: =A17+1 -> 17 | C18: Personal | D18: Estar de personal | E18: Hueco | F18: =IF(E18="Distribución",5,IF(E18="instalación",4,IF(E18="equipamiento",3,IF(E18="suelo",3,IF(E18="hueco",4,IF(E18="techo",2,IF(E18="puerta",2,IF(E18="pared",2,IF(E18="mobiliario",1,IF(E18="señalética",1,IF(E18="arte",1,0))))))))))) -> 4 | G18: Iluminación natural. | H18: 0 | I18: 1 | J18: 0 | K18: 0 | L18: Social, M.d.S.y.P., Maternidad Hospitalaria Estándares y Recomendaciones. 2009: Madrid. | M18: B | N18: =IF(M18="B",1,IF(M18="A",10,0)) -> 1 | O18: no | P18: No cumple.
A19: =A18+1 -> 18 | C19: Personal | D19: Estar de personal | E19: Instalación | F19: =IF(E19="Distribución",5,IF(E19="instalación",4,IF(E19="equipamiento",3,IF(E19="suelo",3,IF(E19="hueco",4,IF(E19="techo",2,IF(E19="puerta",2,IF(E19="pared",2,IF(E19="mobiliario",1,IF(E19="señalética",1,IF(E19="arte",1,0))))))))))) -> 4 | G19: Ventilado mecánicamente. | H19: 0 | I19: 0 | J19: 0 | K19: 1 | L19: Reglamento de instalaciones térmicas en los edificios (RITE), BOE-A-2007-15820, Editor. 2007, Ministerio de la Presidencia. | M19: B | N19: =IF(M19="B",1,IF(M19="A",10,0)) -> 1 | O19: sí
A20: =A19+1 -> 19 | C20: Personal | D20: Estar de personal | E20: Equipamiento | F20: =IF(E20="Distribución",5,IF(E20="instalación",4,IF(E20="equipamiento",3,IF(E20="suelo",3,IF(E20="hueco",4,IF(E20="techo",2,IF(E20="puerta",2,IF(E20="pared",2,IF(E20="mobiliario",1,IF(E20="señalética",1,IF(E20="arte",1,0))))))))))) -> 3 | G20: Pequeño frigorífico y microondas. Encimera y pileta. | H20: 0 | I20: 1 | J20: 0 | K20: 0 | L20: Unidad de enfermería en hospitalización polivalente de agudos, in Estándares y recomendaciones, e.e.i. Informes, Editor. 2009, Ministerio de Sanidad y Política Social. | M20: B | N20: =IF(M20="B",1,IF(M20="A",10,0)) -> 1 | O20: sí
A21: =A20+1 -> 20 | C21: Personal | D21: Estar de personal | E21: Mobiliario | F21: =IF(E21="Distribución",5,IF(E21="instalación",4,IF(E21="equipamiento",3,IF(E21="suelo",3,IF(E21="hueco",4,IF(E21="techo",2,IF(E21="puerta",2,IF(E21="pared",2,IF(E21="mobiliario",1,IF(E21="señalética",1,IF(E21="arte",1,0))))))))))) -> 1 | G21: Taquillas o armarios seguros donde poder guardar objetos de valor del personal. | H21: 0 | I21: 1 | J21: 0 | K21: 1 | L21: Alliance, A.H.I., Part B - Health Facility Briefing and Planning 0340 - Inpatient Accommodation Unit, in Australasian Health Facility Guidelines. 2016 | M21: B | N21: =IF(M21="B",1,IF(M21="A",10,0)) -> 1 | O21: sí
A22: =A21+1 -> 21 | C22: Personal | D22: Estar de personal | E22: Mobiliario | F22: =IF(E22="Distribución",5,IF(E22="instalación",4,IF(E22="equipamiento",3,IF(E22="suelo",3,IF(E22="hueco",4,IF(E22="techo",2,IF(E22="puerta",2,IF(E22="pared",2,IF(E22="mobiliario",1,IF(E22="señalética",1,IF(E22="arte",1,0))))))))))) -> 1 | G22: Mesa y sillas sin ruedas. Sillones de descanso. | H22: 0 | I22: 1 | J22: 0 | K22: 0 | L22: Unidad de enfermería en hospitalización polivalente de agudos, in Estándares y recomendaciones, e.e.i. Informes, Editor. 2009, Ministerio de Sanidad y Política Social. | M22: B | N22: =IF(M22="B",1,IF(M22="A",10,0)) -> 1 | O22: no | P22: Sin sillones de descanso.
A23: =A22+1 -> 22 | C23: Personal | D23: Estar de personal | E23: Mobiliario | F23: =IF(E23="Distribución",5,IF(E23="instalación",4,IF(E23="equipamiento",3,IF(E23="suelo",3,IF(E23="hueco",4,IF(E23="techo",2,IF(E23="puerta",2,IF(E23="pared",2,IF(E23="mobiliario",1,IF(E23="señalética",1,IF(E23="arte",1,0))))))))))) -> 1 | G23: Dispensador de toallas de papel. Papelera prefereiblemente con tapa, percha y cuadros. | H23: 0 | I23: 1 | J23: 0 | K23: 0 | L23: Unidad de enfermería en hospitalización polivalente de agudos, in Estándares y recomendaciones, e.e.i. Informes, Editor. 2009, Ministerio de Sanidad y Política Social. | M23: B | N23: =IF(M23="B",1,IF(M23="A",10,0)) -> 1 | O23: no | P23: La papelera no tiene tapa. Sin perchas ni cuadros.
A24: =A23+1 -> 23 | C24: Personal | D24: Aseo de personal | E24: Distribución | F24: =IF(E24="Distribución",5,IF(E24="instalación",4,IF(E24="equipamiento",3,IF(E24="suelo",3,IF(E24="hueco",4,IF(E24="techo",2,IF(E24="puerta",2,IF(E24="pared",2,IF(E24="mobiliario",1,IF(E24="señalética",1,IF(E24="arte",1,0))))))))))) -> 5 | G24: (Superficie útil en torno a 6 m2)¹. (Mínimo de dos (3+3m2)². | H24: 0 | I24: 1 | J24: 0 | K24: 0 | L24: 1. Unidad de enfermería en hospitalización polivalente de agudos, in Estándares y recomendaciones, e.e.i. Informes, Editor. 2009, Ministerio de Sanidad y Política Social 2. Alliance, A.H.I., Part B - Health Facility Briefing and Planning 0340 - Inpatient Accommodation Unit, in Australasian Health Facility Guidelines. 2016 | M24: B | N24: =IF(M24="B",1,IF(M24="A",10,0)) -> 1 | O24: no | P24: Dos aseos de 2,4 metros cuadrados cada uno.
A25: =A24+1 -> 24 | C25: Personal | D25: Aseo de personal | E25: Distribución | F25: =IF(E25="Distribución",5,IF(E25="instalación",4,IF(E25="equipamiento",3,IF(E25="suelo",3,IF(E25="hueco",4,IF(E25="techo",2,IF(E25="puerta",2,IF(E25="pared",2,IF(E25="mobiliario",1,IF(E25="señalética",1,IF(E25="arte",1,0))))))))))) -> 5 | G25: Próximo al estar de personal del control. | H25: 0 | I25: 1 | J25: 0 | K25: 0 | L25: 1. Unidad de enfermería en hospitalización polivalente de agudos, in Estándares y recomendaciones, e.e.i. Informes, Editor. 2009, Ministerio de Sanidad y Política Social. 2. HBN 04-01 Adult in-patient facilities. 2013, Department of Health. | M25: B | N25: =IF(M25="B",1,IF(M25="A",10,0)) -> 1 | O25: no
A26: =A25+1 -> 25 | C26: Personal | D26: Aseo de personal | E26: Instalación | F26: =IF(E26="Distribución",5,IF(E26="instalación",4,IF(E26="equipamiento",3,IF(E26="suelo",3,IF(E26="hueco",4,IF(E26="techo",2,IF(E26="puerta",2,IF(E26="pared",2,IF(E26="mobiliario",1,IF(E26="señalética",1,IF(E26="arte",1,0))))))))))) -> 4 | G26: Ventilado mecánicamente. | H26: 0 | I26: 0 | J26: 0 | K26: 1 | L26: Reglamento de instalaciones térmicas en los edificios (RITE), BOE-A-2007-15820, Editor. 2007, Ministerio de la Presidencia. | M26: B | N26: =IF(M26="B",1,IF(M26="A",10,0)) -> 1 | O26: sí
A27: =A26+1 -> 26 | C27: Personal | D27: Aseo de personal | E27: Equipamiento | F27: =IF(E27="Distribución",5,IF(E27="instalación",4,IF(E27="equipamiento",3,IF(E27="suelo",3,IF(E27="hueco",4,IF(E27="techo",2,IF(E27="puerta",2,IF(E27="pared",2,IF(E27="mobiliario",1,IF(E27="señalética",1,IF(E27="arte",1,0))))))))))) -> 3 | G27: Lavabo, inodoro y ducha. | H27: 0 | I27: 1 | J27: 0 | K27: 0 | L27: Unidad de enfermería en hospitalización polivalente de agudos, in Estándares y recomendaciones, e.e.i. Informes, Editor. 2009, Ministerio de Sanidad y Política Social. | M27: B | N27: =IF(M27="B",1,IF(M27="A",10,0)) -> 1 | O27: no | P27: Sin ducha.
A28: =A27+1 -> 27 | C28: Personal | D28: Aseo de personal | E28: Mobiliario | F28: =IF(E28="Distribución",5,IF(E28="instalación",4,IF(E28="equipamiento",3,IF(E28="suelo",3,IF(E28="hueco",4,IF(E28="techo",2,IF(E28="puerta",2,IF(E28="pared",2,IF(E28="mobiliario",1,IF(E28="señalética",1,IF(E28="arte",1,0))))))))))) -> 1 | G28: Dispensador de jabón, de papel higiénico y de toallas de papel. Escobilla y papelera preferiblemente con tapa. Espejo y percha. | H28: 0 | I28: 1 | J28: 0 | K28: 0 | L28: Unidad de enfermería en hospitalización polivalente de agudos, in Estándares y recomendaciones, e.e.i. Informes, Editor. 2009, Ministerio de Sanidad y Política Social. | M28: B | N28: =IF(M28="B",1,IF(M28="A",10,0)) -> 1 | O28: no | P28: No cumple pero no tengo la información de por qué.
A29: =A28+1 -> 28 | C29: Personal | D29: Vestuario | E29: Distribución | F29: =IF(E29="Distribución",5,IF(E29="instalación",4,IF(E29="equipamiento",3,IF(E29="suelo",3,IF(E29="hueco",4,IF(E29="techo",2,IF(E29="puerta",2,IF(E29="pared",2,IF(E29="mobiliario",1,IF(E29="señalética",1,IF(E29="arte",1,0))))))))))) -> 5 | G29: Necesario si la gestión de vestuarios es distribuida (no centralizada). Vinculado a la circulación interna del hospital. | H29: 0 | I29: 1 | J29: 0 | K29: 0 | L29: Autores CURARQ | M29: B | N29: =IF(M29="B",1,IF(M29="A",10,0)) -> 1 | O29: no | P29: No hay pero está improvisado en la sala de estar.
A30: =A29+1 -> 29 | C30: Personal | D30: Vestuario | E30: Equipamiento | F30: =IF(E30="Distribución",5,IF(E30="instalación",4,IF(E30="equipamiento",3,IF(E30="suelo",3,IF(E30="hueco",4,IF(E30="techo",2,IF(E30="puerta",2,IF(E30="pared",2,IF(E30="mobiliario",1,IF(E30="señalética",1,IF(E30="arte",1,0))))))))))) -> 3 | G30: Preferentemente con un sistema de control de acceso. | H30: 0 | I30: 1 | J30: 0 | K30: 0 | L30: Autores CURARQ | M30: B | N30: =IF(M30="B",1,IF(M30="A",10,0)) -> 1 | O30: no | P30: No cumple.
A31: =A30+1 -> 30 | C31: Personal | D31: Vestuario | E31: Mobiliario | F31: =IF(E31="Distribución",5,IF(E31="instalación",4,IF(E31="equipamiento",3,IF(E31="suelo",3,IF(E31="hueco",4,IF(E31="techo",2,IF(E31="puerta",2,IF(E31="pared",2,IF(E31="mobiliario",1,IF(E31="señalética",1,IF(E31="arte",1,0))))))))))) -> 1 | G31: (Taquillas y bancos)¹. (Papelera preferiblemente con tapa y espejo)² | H31: 0 | I31: 1 | J31: 0 | K31: 0 | L31: 1. Unidad de cuidados intensivos, in Estándares y recomendaciones, e.e.i. Informes, Editor. 2010, Ministerio de Sanidad y Política Social. 2. Unidad de enfermería en hospitalización polivalente de agudos, in Estándares y recomendaciones, e.e.i. Informes, Editor. 2009, Ministerio de Sanidad y Política Social. | M31: B | N31: =IF(M31="B",1,IF(M31="A",10,0)) -> 1 | O31: no | P31: No cumple.
A32: =A31+1 -> 31 | C32: Personal | D32: Dormitorio médico/a de guardia | E32: Distribución | F32: 5 | G32: Superficie mínima de 10 m2. | H32: 0 | I32: 1 | J32: 0 | K32: 0 | L32: Social, M.d.S.y.P., Maternidad Hospitalaria Estándares y Recomendaciones. 2009: Madrid. | M32: B | N32: =IF(M32="B",1,IF(M32="A",10,0)) -> 1 | O32: sí
A33: =A32+1 -> 32 | C33: Personal | D33: Dormitorio médico/a de guardia | E33: Instalación | F33: 4 | G33: Ventilado mecánicamente. | H33: 0 | I33: 0 | J33: 0 | K33: 1 | L33: Reglamento de instalaciones térmicas en los edificios (RITE), BOE-A-2007-15820, Editor. 2007, Ministerio de la Presidencia. | M33: B | N33: =IF(M33="B",1,IF(M33="A",10,0)) -> 1 | O33: sí
A34: =A33+1 -> 33 | C34: Personal | D34: Dormitorio médico/a de guardia | E34: Equipamiento | F34: 3 | G34: Conexiones informáticas y telefónicas. | H34: 0 | I34: 1 | J34: 0 | K34: 0 | L34: Social, M.d.S.y.P., Maternidad Hospitalaria Estándares y Recomendaciones. 2009: Madrid. | M34: B | N34: =IF(M34="B",1,IF(M34="A",10,0)) -> 1 | O34: no | P34: No cumple.
A35: =A34+1 -> 34 | C35: Personal | D35: Dormitorio médico/a de guardia | E35: Equipamiento | F35: 3 | G35: Inodoro, lavabo y ducha. | H35: 0 | I35: 1 | J35: 0 | K35: 0 | L35: Social, M.d.S.y.P., Maternidad Hospitalaria Estándares y Recomendaciones. 2009: Madrid. | M35: B | N35: =IF(M35="B",1,IF(M35="A",10,0)) -> 1 | O35: sí
A36: =A35+1 -> 35 | C36: Personal | D36: Dormitorio médico/a de guardia | E36: Mobiliario | F36: 1 | G36: Cama y mesilla. Mesa de estudio y silla sin ruedas. Armario, espejo y percha. | H36: 0 | I36: 1 | J36: 0 | K36: 0 | L36: Social, M.d.S.y.P., Maternidad Hospitalaria Estándares y Recomendaciones. 2009: Madrid. | M36: B | N36: =IF(M36="B",1,IF(M36="A",10,0)) -> 1 | O36: no | P36: Solamente tiene cama y mesilla.
A37: =A36+1 -> 36 | C37: Personal | D37: Dormitorio médico/a de guardia | E37: Mobiliario | F37: 1 | G37: Dispensador de jabón, de papel higiénico y de toallas de papel. Escobilla y papelera preferiblemente con tapa. | H37: 0 | I37: 1 | J37: 0 | K37: 0 | L37: Social, M.d.S.y.P., Maternidad Hospitalaria Estándares y Recomendaciones. 2009: Madrid. | M37: B | N37: =IF(M37="B",1,IF(M37="A",10,0)) -> 1 | O37: sí | P37: Aunque la papelera no tiene tapa.
E39: Errores | F39: =COUNTIF(F14:F37,0) -> 0 | H39: =SUM(H14:H37) -> 0 | I39: =SUM(I14:I37) -> 21 | J39: =SUM(J14:J37) -> 0 | K39: =SUM(K14:K37) -> 4 | M39: Errores | N39: =COUNTIF(N14:N38,0) -> 0
N41: sí | O41: =SUMIF($O$2:$O$37,$N41,$N$14:$N$37) -> 18
N42: no | O42: =SUMIF($O$2:$O$37,$N42,$N$14:$N$37) -> 6
N43: n.a. | O43: =SUMIF($O$2:$O$37,$N43,$N$14:$N$37) -> 0
N44: Nota | O44: =O41/(O41+O42) -> 0.75

Sheet Apoyos
A1: Nº | C1: ZONA | D1: LOCAL | E1: ELEMENTO | F1: Coste | G1: ÍTEM | H1: S | I1: E | J1: X | K1: P | L1: REFERENCIA | M1: Tipo evi | N1: Ptos | O1: HUPF | P1: Comentarios HUPF
A2: 1 | C2: Apoyos | D2: Vestíbulo interno | E2: Distribución | F2: =IF(E2="Distribución",5,IF(E2="instalación",4,IF(E2="equipamiento",3,IF(E2="suelo",3,IF(E2="hueco",4,IF(E2="techo",2,IF(E2="puerta",2,IF(E2="pared",2,IF(E2="mobiliario",1,IF(E2="señalética",1,IF(E2="arte",1,0))))))))))) -> 5 | G2: Superficie útil en torno a 20 m2 para suministros y pacientes encamados. Puede servir a una o varias unidades. | H2: 0 | I2: 1 | J2: 0 | K2: 0 | L2: Unidad de enfermería en hospitalización polivalente de agudos, in Estándares y recomendaciones, e.e.i. Informes, Editor. 2009, Ministerio de Sanidad y Política Social. | M2: B | N2: =IF(M2="B",1,IF(M2="A",10,0)) -> 1 | O2: sí
A3: =A2+1 -> 2 | C3: Apoyos | D3: Vestíbulo interno | E3: Instalación | F3: =IF(E3="Distribución",5,IF(E3="instalación",4,IF(E3="equipamiento",3,IF(E3="suelo",3,IF(E3="hueco",4,IF(E3="techo",2,IF(E3="puerta",2,IF(E3="pared",2,IF(E3="mobiliario",1,IF(E3="señalética",1,IF(E3="arte",1,0))))))))))) -> 4 | G3: Ventilado mecánicamente. | H3: 0 | I3: 0 | J3: 0 | K3: 1 | L3: Reglamento de instalaciones térmicas en los edificios (RITE), BOE-A-2007-15820, Editor. 2007, Ministerio de la Presidencia. | M3: B | N3: =IF(M3="B",1,IF(M3="A",10,0)) -> 1 | O3: sí
A4: =A3+1 -> 3 | C4: Apoyos | D4: Oficio sucio | E4: Distribución | F4: =IF(E4="Distribución",5,IF(E4="instalación",4,IF(E4="equipamiento",3,IF(E4="suelo",3,IF(E4="hueco",4,IF(E4="techo",2,IF(E4="puerta",2,IF(E4="pared",2,IF(E4="mobiliario",1,IF(E4="señalética",1,IF(E4="arte",1,0))))))))))) -> 5 | G4: Superficie útil en torno a 10 m2 o la necesaria para cumplir con todos los ítems de este local. | H4: 0 | I4: 1 | J4: 0 | K4: 0 | L4: Autores CURARQ | M4: B | N4: =IF(M4="B",1,IF(M4="A",10,0)) -> 1 | O4: sí | P4: Lo comparten con paritorios.
A5: =A4+1 -> 4 | C5: Apoyos | D5: Oficio sucio | E5: Instalación | F5: =IF(E5="Distribución",5,IF(E5="instalación",4,IF(E5="equipamiento",3,IF(E5="suelo",3,IF(E5="hueco",4,IF(E5="techo",2,IF(E5="puerta",2,IF(E5="pared",2,IF(E5="mobiliario",1,IF(E5="señalética",1,IF(E5="arte",1,0))))))))))) -> 4 | G5: Ventilado mecánicamente. | H5: 0 | I5: 0 | J5: 0 | K5: 1 | L5: Reglamento de instalaciones térmicas en los edificios (RITE), BOE-A-2007-15820, Editor. 2007, Ministerio de la Presidencia. | M5: B | N5: =IF(M5="B",1,IF(M5="A",10,0)) -> 1 | O5: sí
A6: =A5+1 -> 5 | C6: Apoyos | D6: Oficio sucio | E6: Equipamiento | F6: =IF(E6="Distribución",5,IF(E6="instalación",4,IF(E6="equipamiento",3,IF(E6="suelo",3,IF(E6="hueco",4,IF(E6="techo",2,IF(E6="puerta",2,IF(E6="pared",2,IF(E6="mobiliario",1,IF(E6="señalética",1,IF(E6="arte",1,0))))))))))) -> 3 | G6: Pileta profunda y mueble bajo para almacenar material de limpieza. Vertedero. | H6: 0 | I6: 1 | J6: 0 | K6: 0 | L6: Autores CURARQ | M6: B | N6: =IF(M6="B",1,IF(M6="A",10,0)) -> 1 | O6: sí
A7: =A6+1 -> 6 | C7: Apoyos | D7: Oficio sucio | E7: Equipamiento | F7: =IF(E7="Distribución",5,IF(E7="instalación",4,IF(E7="equipamiento",3,IF(E7="suelo",3,IF(E7="hueco",4,IF(E7="techo",2,IF(E7="puerta",2,IF(E7="pared",2,IF(E7="mobiliario",1,IF(E7="señalética",1,IF(E7="arte",1,0))))))))))) -> 3 | G7: Lavadora y secadora para la limpieza de la ropa del neonato y sus juguetes. En este u otro local. | H7: 0 | I7: 1 | J7: 1 | K7: 0 | L7: Unidades de neonatología, in Estándares y recomendaciones de calidad, e.e.i. Informes, Editor. 2014, Ministerio de Sanidad, Servicios Sociales e Igualdad. | M7: B | N7: =IF(M7="B",1,IF(M7="A",10,0)) -> 1 | O7: n.a. | P7: Ítem posterior a la evaluación.
A8: =A7+1 -> 7 | C8: Apoyos | D8: Oficio sucio | E8: Mobiliario | F8: =IF(E8="Distribución",5,IF(E8="instalación",4,IF(E8="equipamiento",3,IF(E8="suelo",3,IF(E8="hueco",4,IF(E8="techo",2,IF(E8="puerta",2,IF(E8="pared",2,IF(E8="mobiliario",1,IF(E8="señalética",1,IF(E8="arte",1,0))))))))))) -> 1 | G8: Contenedores segregados de residuos de la unidad. La función de la papelera está claramente identificada (materiales peligrosos, clínicos, papel, comida, plástico, etc.). | H8: 0 | I8: 0 | J8: 0 | K8: 1 | L8: Unidad de enfermería en hospitalización polivalente de agudos, in Estándares y recomendaciones, e.e.i. Informes, Editor. 2009, Ministerio de Sanidad y Política Social + Patient-Led Assessments of the Care Environment. Communal Areas. 2015, NHS England. | M8: B | N8: =IF(M8="B",1,IF(M8="A",10,0)) -> 1 | O8: sí
A9: =A8+1 -> 8 | C9: Apoyos | D9: Oficio sucio | E9: Mobiliario | F9: =IF(E9="Distribución",5,IF(E9="instalación",4,IF(E9="equipamiento",3,IF(E9="suelo",3,IF(E9="hueco",4,IF(E9="techo",2,IF(E9="puerta",2,IF(E9="pared",2,IF(E9="mobiliario",1,IF(E9="señalética",1,IF(E9="arte",1,0))))))))))) -> 1 | G9: Dispensador de jabón y de toallas de papel. Papelera preferiblemente con tapa. | H9: 0 | I9: 1 | J9: 0 | K9: 0 | L9: Unidad de enfermería en hospitalización polivalente de agudos, in Estándares y recomendaciones, e.e.i. Informes, Editor. 2009, Ministerio de Sanidad y Política Social. | M9: B | N9: =IF(M9="B",1,IF(M9="A",10,0)) -> 1 | O9: sí
A10: =A9+1 -> 9 | C10: Apoyos | D10: Oficio de limpieza | E10: Distribución | F10: =IF(E10="Distribución",5,IF(E10="instalación",4,IF(E10="equipamiento",3,IF(E10="suelo",3,IF(E10="hueco",4,IF(E10="techo",2,IF(E10="puerta",2,IF(E10="pared",2,IF(E10="mobiliario",1,IF(E10="señalética",1,IF(E10="arte",1,0))))))))))) -> 5 | G10: (Superficie útil en torno a 4 m2 )¹ (o la necesaria para cumplir con todos los ítems de este local)². (Espacio para almacenar los carros y material de limpieza)¹. (Se puede compartir con varias unidades)². | H10: 0 | I10: 1 | J10: 0 | K10: 0 | L10: 1. Unidad de enfermería en hospitalización polivalente de agudos, in Estándares y recomendaciones, e.e.i. Informes, Editor. 2009, Ministerio de Sanidad y Política Social. 2. Autores CURARQ | M10: B | N10: =IF(M10="B",1,IF(M10="A",10,0)) -> 1 | O10: no | P10: Mide 2,5 metros cuadrados.
A11: =A10+1 -> 10 | C11: Apoyos | D11: Oficio de limpieza | E11: Instalación | F11: =IF(E11="Distribución",5,IF(E11="instalación",4,IF(E11="equipamiento",3,IF(E11="suelo",3,IF(E11="hueco",4,IF(E11="techo",2,IF(E11="puerta",2,IF(E11="pared",2,IF(E11="mobiliario",1,IF(E11="señalética",1,IF(E11="arte",1,0))))))))))) -> 4 | G11: Ventilado mecánicamente. | H11: 0 | I11: 0 | J11: 0 | K11: 1 | L11: Reglamento de instalaciones térmicas en los edificios (RITE), BOE-A-2007-15820, Editor. 2007, Ministerio de la Presidencia. | M11: B | N11: =IF(M11="B",1,IF(M11="A",10,0)) -> 1 | O11: sí
A12: =A11+1 -> 11 | C12: Apoyos | D12: Oficio de limpieza | E12: Equipamiento | F12: =IF(E12="Distribución",5,IF(E12="instalación",4,IF(E12="equipamiento",3,IF(E12="suelo",3,IF(E12="hueco",4,IF(E12="techo",2,IF(E12="puerta",2,IF(E12="pared",2,IF(E12="mobiliario",1,IF(E12="señalética",1,IF(E12="arte",1,0))))))))))) -> 3 | G12: Encimera y lavabo. | H12: 0 | I12: 1 | J12: 0 | K12: 0 | L12: Unidad de enfermería en hospitalización polivalente de agudos, in Estándares y recomendaciones, e.e.i. Informes, Editor. 2009, Ministerio de Sanidad y Política Social. | M12: B | N12: =IF(M12="B",1,IF(M12="A",10,0)) -> 1 | O12: no | P12: Lavabo sí pero encimera no.
A13: =A12+1 -> 12 | C13: Apoyos | D13: Oficio de limpieza | E13: Mobiliario | F13: =IF(E13="Distribución",5,IF(E13="instalación",4,IF(E13="equipamiento",3,IF(E13="suelo",3,IF(E13="hueco",4,IF(E13="techo",2,IF(E13="puerta",2,IF(E13="pared",2,IF(E13="mobiliario",1,IF(E13="señalética",1,IF(E13="arte",1,0))))))))))) -> 1 | G13: (Armarios o estanterías metálicas)¹. (El estante más bajo deja un espacio inferior libre mínimo de 300 mm (para facilitar la limpieza y evitar golpes) y el estante más alto tiene una altura igual o inferior a 2100 mm)². | H13: 0 | I13: 1 | J13: 0 | K13: 0 | L13: 1. Unidad de enfermería en hospitalización polivalente de agudos, in Estándares y recomendaciones, e.e.i. Informes, Editor. 2009, Ministerio de Sanidad y Política Social 2. Alliance, A.H.I., Part B - Health Facility Briefing and Planning 0340 - Inpatient Accommodation Unit, in Australasian Health Facility Guidelines. 2016 | M13: B | N13: =IF(M13="B",1,IF(M13="A",10,0)) -> 1 | O13: no | P13: No cumple.
A14: =A13+1 -> 13 | C14: Apoyos | D14: Recogida ropa sucia | E14: Distribución | F14: =IF(E14="Distribución",5,IF(E14="instalación",4,IF(E14="equipamiento",3,IF(E14="suelo",3,IF(E14="hueco",4,IF(E14="techo",2,IF(E14="puerta",2,IF(E14="pared",2,IF(E14="mobiliario",1,IF(E14="señalética",1,IF(E14="arte",1,0))))))))))) -> 5 | G14: (Superficie útil en torno a 6 m2 )¹ (en local propio o superficie extra en el oficio sucio para almacenar los carros de ropa sucia)². | H14: 0 | I14: 1 | J14: 0 | K14: 0 | L14: 1. Unidad de enfermería en hospitalización polivalente de agudos, in Estándares y recomendaciones, e.e.i. Informes, Editor. 2009, Ministerio de Sanidad y Política Social. 2. Autores CURARQ | M14: B | N14: =IF(M14="B",1,IF(M14="A",10,0)) -> 1 | O14: n.a. | P14: Se recoge en cubos y se deja en el vestíbulo interno.
A15: =A14+1 -> 14 | C15: Apoyos | D15: Recogida ropa sucia | E15: Instalación | F15: =IF(E15="Distribución",5,IF(E15="instalación",4,IF(E15="equipamiento",3,IF(E15="suelo",3,IF(E15="hueco",4,IF(E15="techo",2,IF(E15="puerta",2,IF(E15="pared",2,IF(E15="mobiliario",1,IF(E15="señalética",1,IF(E15="arte",1,0))))))))))) -> 4 | G15: Ventilado mecánicamente. | H15: 0 | I15: 0 | J15: 0 | K15: 1 | L15: Reglamento de instalaciones térmicas en los edificios (RITE), BOE-A-2007-15820, Editor. 2007, Ministerio de la Presidencia. | M15: B | N15: =IF(M15="B",1,IF(M15="A",10,0)) -> 1 | O15: n.a.
A16: =A15+1 -> 15 | C16: Apoyos | D16: Almacén de lencería | E16: Distribución | F16: =IF(E16="Distribución",5,IF(E16="instalación",4,IF(E16="equipamiento",3,IF(E16="suelo",3,IF(E16="hueco",4,IF(E16="techo",2,IF(E16="puerta",2,IF(E16="pared",2,IF(E16="mobiliario",1,IF(E16="señalética",1,IF(E16="arte",1,0))))))))))) -> 5 | G16: Superficie útil en torno a 6 m2. Espacio para ubicar los carros de distribución donde se almacena el textil de la unidad. Depende de la política de almacenamiento, gestión y frecuencia de distribución de la unidad. | H16: 0 | I16: 1 | J16: 0 | K16: 0 | L16: Unidad de enfermería en hospitalización polivalente de agudos, in Estándares y recomendaciones, e.e.i. Informes, Editor. 2009, Ministerio de Sanidad y Política Social. | M16: B | N16: =IF(M16="B",1,IF(M16="A",10,0)) -> 1 | O16: sí
A17: =A16+1 -> 16 | C17: Apoyos | D17: Almacén de lencería | E17: Instalación | F17: =IF(E17="Distribución",5,IF(E17="instalación",4,IF(E17="equipamiento",3,IF(E17="suelo",3,IF(E17="hueco",4,IF(E17="techo",2,IF(E17="puerta",2,IF(E17="pared",2,IF(E17="mobiliario",1,IF(E17="señalética",1,IF(E17="arte",1,0))))))))))) -> 4 | G17: Ventilado mecánicamente. | H17: 0 | I17: 0 | J17: 0 | K17: 1 | L17: Reglamento de instalaciones térmicas en los edificios (RITE), BOE-A-2007-15820, Editor. 2007, Ministerio de la Presidencia. | M17: B | N17: =IF(M17="B",1,IF(M17="A",10,0)) -> 1 | O17: sí
A18: =A17+1 -> 17 | C18: Apoyos | D18: Almacén de lencería | E18: Mobiliario | F18: =IF(E18="Distribución",5,IF(E18="instalación",4,IF(E18="equipamiento",3,IF(E18="suelo",3,IF(E18="hueco",4,IF(E18="techo",2,IF(E18="puerta",2,IF(E18="pared",2,IF(E18="mobiliario",1,IF(E18="señalética",1,IF(E18="arte",1,0))))))))))) -> 1 | G18: (Estanterías metálicas)¹, (a no ser que se utilicen carros de reposición periódica)². (El estante más bajo deja un espacio inferior libre mínimo de 300 mm (para facilitar la limpieza y evitar golpes) y el estante más alto tiene una altura igual o inferior a 2100 mm)³. | H18: 0 | I18: 1 | J18: 0 | K18: 0 | L18: 1. Unidad de enfermería en hospitalización polivalente de agudos, in Estándares y recomendaciones, e.e.i. Informes, Editor. 2009, Ministerio de Sanidad y Política Social 2. Autores CURARQ 3. Alliance, A.H.I., Part B - Health Facility Briefing and Planning 0340 - Inpatient Accommodation Unit, in Australasian Health Facility Guidelines. 2016 | M18: B | N18: =IF(M18="B",1,IF(M18="A",10,0)) -> 1 | O18: no | P18: No cumple.
A19: =A18+1 -> 18 | C19: Apoyos | D19: Almacén de material | E19: Distribución | F19: =IF(E19="Distribución",5,IF(E19="instalación",4,IF(E19="equipamiento",3,IF(E19="suelo",3,IF(E19="hueco",4,IF(E19="techo",2,IF(E19="puerta",2,IF(E19="pared",2,IF(E19="mobiliario",1,IF(E19="señalética",1,IF(E19="arte",1,0))))))))))) -> 5 | G19: Superficie útil en torno a 10 m2. Espacio para carros de suministro de material fungible. | H19: 0 | I19: 1 | J19: 0 | K19: 0 | L19: Unidad de enfermería en hospitalización polivalente de agudos, in Estándares y recomendaciones, e.e.i. Informes, Editor. 2009, Ministerio de Sanidad y Política Social. | M19: B | N19: =IF(M19="B",1,IF(M19="A",10,0)) -> 1 | O19: sí
A20: =A19+1 -> 19 | C20: Apoyos | D20: Almacén de material | E20: Instalación | F20: =IF(E20="Distribución",5,IF(E20="instalación",4,IF(E20="equipamiento",3,IF(E20="suelo",3,IF(E20="hueco",4,IF(E20="techo",2,IF(E20="puerta",2,IF(E20="pared",2,IF(E20="mobiliario",1,IF(E20="señalética",1,IF(E20="arte",1,0))))))))))) -> 4 | G20: Ventilado mecánicamente. | H20: 0 | I20: 0 | J20: 0 | K20: 1 | L20: Reglamento de instalaciones térmicas en los edificios (RITE), BOE-A-2007-15820, Editor. 2007, Ministerio de la Presidencia. | M20: B | N20: =IF(M20="B",1,IF(M20="A",10,0)) -> 1 | O20: sí
A21: =A20+1 -> 20 | C21: Apoyos | D21: Almacén de material | E21: Mobiliario | F21: =IF(E21="Distribución",5,IF(E21="instalación",4,IF(E21="equipamiento",3,IF(E21="suelo",3,IF(E21="hueco",4,IF(E21="techo",2,IF(E21="puerta",2,IF(E21="pared",2,IF(E21="mobiliario",1,IF(E21="señalética",1,IF(E21="arte",1,0))))))))))) -> 1 | G21: Sistema de bandejas que permitan la clasificación, reposición y control del material limpio y estéril. | H21: 0 | I21: 1 | J21: 0 | K21: 0 | L21: Unidad de enfermería en hospitalización polivalente de agudos, in Estándares y recomendaciones, e.e.i. Informes, Editor. 2009, Ministerio de Sanidad y Política Social. | M21: B | N21: =IF(M21="B",1,IF(M21="A",10,0)) -> 1 | O21: n.a. | P21: Ítem no evaluado.
A22: =A21+1 -> 21 | C22: Apoyos | D22: Almacén de material | E22: Mobiliario | F22: =IF(E22="Distribución",5,IF(E22="instalación",4,IF(E22="equipamiento",3,IF(E22="suelo",3,IF(E22="hueco",4,IF(E22="techo",2,IF(E22="puerta",2,IF(E22="pared",2,IF(E22="mobiliario",1,IF(E22="señalética",1,IF(E22="arte",1,0))))))))))) -> 1 | G22: (Estanterías metálicas)¹. (El estante más bajo deja un espacio inferior libre mínimo de 300 mm (para facilitar la limpieza y evitar golpes) y el estante más alto tiene una altura igual o inferior a 2100 mm)². | H22: 0 | I22: 1 | J22: 0 | K22: 0 | L22: 1. Unidad de enfermería en hospitalización polivalente de agudos, in Estándares y recomendaciones, e.e.i. Informes, Editor. 2009, Ministerio de Sanidad y Política Social 2. Alliance, A.H.I., Part B - Health Facility Briefing and Planning 0340 - Inpatient Accommodation Unit, in Australasian Health Facility Guidelines. 2016 | M22: B | N22: =IF(M22="B",1,IF(M22="A",10,0)) -> 1 | O22: n.a. | P22: Ítem no evaluado.
A23: =A22+1 -> 22 | C23: Apoyos | D23: Almacén de equipos | E23: Distribución | F23: =IF(E23="Distribución",5,IF(E23="instalación",4,IF(E23="equipamiento",3,IF(E23="suelo",3,IF(E23="hueco",4,IF(E23="techo",2,IF(E23="puerta",2,IF(E23="pared",2,IF(E23="mobiliario",1,IF(E23="señalética",1,IF(E23="arte",1,0))))))))))) -> 5 | G23: (Superficie útil en torno a 10 m2)¹ (o la necesaria para que las incubadoras limpias y otros materiales, no se almacenen en los pasillo de la unicad)². | H23: 0 | I23: 1 | J23: 0 | K23: 0 | L23: 1. Unidad de enfermería en hospitalización polivalente de agudos, in Estándares y recomendaciones, e.e.i. Informes, Editor. 2009, Ministerio de Sanidad y Política Social. 2. Unidades de neonatología, in Estándares y recomendaciones de calidad, e.e.i. Informes, Editor. 2014, Ministerio de Sanidad, Servicios Sociales e Igualdad. | M23: B | N23: =IF(M23="B",1,IF(M23="A",10,0)) -> 1 | O23: sí
A24: =A23+1 -> 23 | C24: Apoyos | D24: Almacén de equipos | E24: Instalación | F24: =IF(E24="Distribución",5,IF(E24="instalación",4,IF(E24="equipamiento",3,IF(E24="suelo",3,IF(E24="hueco",4,IF(E24="techo",2,IF(E24="puerta",2,IF(E24="pared",2,IF(E24="mobiliario",1,IF(E24="señalética",1,IF(E24="arte",1,0))))))))))) -> 4 | G24: Ventilado mecánicamente. | H24: 0 | I24: 0 | J24: 0 | K24: 1 | L24: Reglamento de instalaciones térmicas en los edificios (RITE), BOE-A-2007-15820, Editor. 2007, Ministerio de la Presidencia. | M24: B | N24: =IF(M24="B",1,IF(M24="A",10,0)) -> 1 | O24: sí
A25: =A24+1 -> 24 | C25: Apoyos | D25: Almacén de equipos | E25: Puerta | F25: =IF(E25="Distribución",5,IF(E25="instalación",4,IF(E25="equipamiento",3,IF(E25="suelo",3,IF(E25="hueco",4,IF(E25="techo",2,IF(E25="puerta",2,IF(E25="pared",2,IF(E25="mobiliario",1,IF(E25="señalética",1,IF(E25="arte",1,0))))))))))) -> 2 | G25: Paso libre de 140 cm para el paso de equipos de grandes dimensiones (dos hojas o puertas correderas). | H25: 0 | I25: 1 | J25: 0 | K25: 0 | L25: Unidades de neonatología, in Estándares y recomendaciones de calidad, e.e.i. Informes, Editor. 2014, Ministerio de Sanidad, Servicios Sociales e Igualdad. | M25: B | N25: =IF(M25="B",1,IF(M25="A",10,0)) -> 1 | O25: no | P25: Paso de 1,2 m.
A26: =A25+1 -> 25 | C26: Apoyos | D26: Local de instalaciones | E26: Distribución | F26: =IF(E26="Distribución",5,IF(E26="instalación",4,IF(E26="equipamiento",3,IF(E26="suelo",3,IF(E26="hueco",4,IF(E26="techo",2,IF(E26="puerta",2,IF(E26="pared",2,IF(E26="mobiliario",1,IF(E26="señalética",1,IF(E26="arte",1,0))))))))))) -> 5 | G26: (Espacio para la instalación agrupada de los Sistemas de Alimentación Ininterrumpida (SAI), baterías y otras instalaciones eléctricas)¹. (A no ser que haya un SAI centralizado en el hospital)². | H26: 0 | I26: 0 | J26: 0 | K26: 1 | L26: 1. Unidades de neonatología, in Estándares y recomendaciones de calidad, e.e.i. Informes, Editor. 2014, Ministerio de Sanidad, Servicios Sociales e Igualdad. 2. Autores CURARQ | M26: B | N26: =IF(M26="B",1,IF(M26="A",10,0)) -> 1 | O26: n.a. | P26: Ítem no evaluado.
H27: =SUM(H2:H26) -> 0 | I27: =SUM(I2:I26) -> 16 | J27: =SUM(J2:J26) -> 1 | K27: =SUM(K2:K26) -> 9
E28: Errores | F28: =COUNTIF(F1:F25,0) -> 0 | M28: =COUNTIF(M2:M25,0) -> 0
N29: sí | O29: =SUMIF($O$2:$O$26,$N29,$N$2:$N$26) -> 14
N30: no | O30: =SUMIF($O$2:$O$26,$N30,$N$2:$N$26) -> 5
N31: n.a. | O31: =SUMIF($O$2:$O$26,$N31,$N$2:$N$26) -> 6
N32: Nota | O32: =O29/(O29+O30) -> 0.73684211

Sheet Resultados
C2: HUPF
B3: Configuración unidad | C3: =Configuración!O20 -> 0.89655172
B4: Zona de circulación | C4: =Circulación!O20 -> 0.69230769
B5: Zona de acceso | C5: =Acceso!O50 -> 0.35294118
B6: Zona de familiares | C6: =Familiares!O40 -> 0.44827586
B7: Zona clínica | C7: =Clínica!O152 -> 0.68235294
B8: Zona de personal | C8: =Personal!O44 -> 0.75
B9: Zona de apoyo | C9: =Apoyos!O32 -> 0.73684211
B11: Global sin ponderear por locales ni áreas | C11: =SUM(C4:C9)/7 -> 0.52324568
